Workbook
Name a: #REF!
Name a: #REF!
Name aa: #REF!
Name cost: #REF!
Name PRCGAAP: #REF!
Name PRCGAAP: #REF!
Name PRCGAAP2: #REF!
Name PRCGAAP2: #REF!
Name Print_Area_MI: #REF!
Name Print_Area_MI: #REF!
Name Work_Program_By_Area_List: #REF!
Name Work_Program_By_Area_List: #REF!
Name 年初短期投资: #REF!
Name 年初短期投资: #REF!
Name 年初货币资金: #REF!
Name 年初货币资金: #REF!
Name 年初应收票据: #REF!
Name 年初应收票据: #REF!
Name 전: #REF!
Name 전: #REF!
Name 주택사업본부: #REF!
Name 주택사업본부: #REF!
Name 철구사업본부: #REF!
Name 철구사업본부: #REF!

Sheet 索引目录
A1: 资产评估申报表索引目录
B2: 基本信息输入表
B3: 填表说明（填表前请先阅读）
B4: 企业基本情况表 | C4: 资产负债表 | D4: 汇总表 | E4: 分类汇总表
C6: 流动资产 | D6: 货币资金 | E6: 现金 | G6: 流动负债 | I6: 短期借款
E7: 银行存款 | I7: 交易性金融负债
E8: 其他货币资金 | I8: 应付票据
D9: 交易性金融资产 | E9: 股票投资 | I9: 应付账款
E10: 债券投资 | I10: 预收款项
E11: 基金投资 | I11: 职工薪酬
D12: 应收票据 | I12: 应交税费
D13: 应收账款 | I13: 应付利息
D14: 预付款项 | I14: 应付股利（应付利润）
D15: 应收利息 | I15: 其他应付款
D16: 应收股利 | I16: 一年内到期的非流动负债
D17: 其他应收款 | I17: 其他流动负债
D18: 存货 | E18: 材料采购（在途物资）
E19: 原材料
E20: 在库周转材料 | G20: 非流动负债 | I20: 长期借款
E21: 委托加工物资 | I21: 应付债券
E22: 产成品（库存商品） | I22: 长期应付款
E23: 在产品（自制半成品） | I23: 专项应付款
E24: 发出商品 | I24: 预计负债
E25: 在用周转材料 | I25: 递延所得税负债
D26: 一年到期非流动资产 | I26: 其他非流动负债
D27: 其他流动资产
C28: 长期投资 | D28: 可供出售金融资产 | E28: 股票投资
E29: 债券投资
E30: 其他投资
D31: 持有至到期投资
D32: 长期应收款
D33: 长期股权投资
D34: 投资性房地产 | E34: 投资性房地产（成本计量）
E35: 投资性房地产（公允计量）
E36: 投资性地产（成本计量）
E37: 投资性地产(公允计量）
C40: 固定资产 | D40: 固定资产 | E40: 房屋建筑物
E41: 构筑物及其他辅助设施
E42: 管道及沟槽
E43: 机器设备
E44: 车辆
E45: 电子设备
E46: 土地
D47: 在建工程 | E47: 在建工程-土建工程
E48: 在建工程-设备安装工程
D49: 工程物资
D50: 固定资产清理
D51: 生产性生物资产
D52: 油气资产
C53: 无形资产 | D53: 无形资产 | E53: 土地使用权
E54: 无形-矿业权
E55: 其他无形资产
D56: 开发支出
D57: 商誉
C58: 其他资产 | D58: 长期待摊费用
D59: 递延所得税资产
D60: 其他非流动资产

Sheet 基本信息输入表
A1: 返回索引目录
A5: 一、项目基本信息
B6: 1.企业名称（输入）： | K6: 产权持有单位 | M6: 山东烟草投资管理有限公司
B7: 2.评估基准日（选择）： | M7: 44957
B8: 3.填表人及填表日期：
C9: 选择 | D9: 科目 | M9: 填表人员姓名 | O9: 填表日期 | Q9: 评估人员
C10: √ | D10: 流动资产（汇总） | M10: 王若初 | O10: 44972 | Q10: 王秀红
C11: √ | D11: 货币资金（汇总） | M11: 王若初 | O11: 44972 | Q11: 王秀红
C12: √ | D12: 现金 | M12: 王若初 | O12: 44972 | Q12: 王秀红
C13: √ | D13: 银行存款 | M13: 王若初 | O13: 44972 | Q13: 王秀红
C14: √ | D14: 货币资金 | M14: 王若初 | O14: 44972 | Q14: 王秀红
C15: √ | D15: 交易性金融资产（汇总） | M15: 王若初 | O15: 44972 | Q15: 王秀红
C16: √ | D16: 股票投资 | M16: 王若初 | O16: 44972 | Q16: 王秀红
C17: √ | D17: 债券投资 | M17: 王若初 | O17: 44972 | Q17: 王秀红
C18: √ | D18: 基金投资 | M18: 王若初 | O18: 44972 | Q18: 王秀红
C19: √ | D19: 应收票据 | M19: 王若初 | O19: 44972 | Q19: 王秀红
C20: √ | D20: 应收帐款 | M20: 王若初 | O20: 44972 | Q20: 王秀红
C21: √ | D21: 预付账款 | M21: 王若初 | O21: 44972 | Q21: 王秀红
... C92: √ | D92: 其他非流动负债 | M92: 王若初 | O92: 44529 | Q92: 王秀红
A102: 被评估单位
A103: 产权持有单位
A107: √
A109: 价格变化
A110: 盘盈
A111: 盘亏
A112: 报废
A113: 损毁
A114: 账面值不准确
A115: 经济寿命年限和折旧年限不一致
A119: 账实相符
A120: 账实不符
... A165: 正常

Sheet 企业基本情况表
A1: 企业基本情况表
A2: ="评估基准日："&TEXT(基本信息输入表!M7,"yyyy年mm月dd日") -> 评估基准日：2023年01月31日
A3: 企业填写以下内容:
A4: 被评估单位名称: | B4: 中文 | C4: 安徽圣奥化学科技有限公司 | H4: 法定代表人 | I4: 李世伍 | J4: 移动电话
B5: 英文 | H5: 财务负责人 | I5: 许建超 | J5: 固定电话
A6: 法定地址 | B6: 安徽省铜陵市翠湖六路1111号 | F6: 邮政编码 | G6: 244100 | J6: 手机 | K6: 18956218455
A7: 办公地址 | B7: 安徽省铜陵市翠湖六路1111号 | F7: 邮政编码 | G7: 244100 | H7: 主要填表人 | I7: 王淑凤 | J7: 固定电话
A8: 联系人办公电话 | C8: 传真 | E8: E-mail | J8: 手机 | K8: 13355629997
A9: 经营范围 | B9: 化工产品（危险化学品仅限4-氨基二苯胺）生产、销售；矿产品（除前置许可）、土特产品、五金交电、建材、机械设备批零兼营，经营本企业生产所需的原辅材料、仪器仪表、机械设备、零配件及技术的进出口业务（国家限定公司经营和国家禁止进出口的商品及技术除外），经营进产加工和“三业一补”业务。（依法须经批准的项目，经相关部门批准后方可开展经营活动） | H9: 成立日期 | I9: 35417 | J9: 经营期限 | K9: 1996年12月18日至2046年12月17日
A10: 企业股东名称 | H10: 注册资本 | J10: 实收资本
H11: 金额（万元） | I11: 出资比例% | J11: 金额（万元） | K11: 出资比例%
A12: 1
A13: 2
A14: 3
A15: 4
A16: 5
A17: 合计
A18: 下属长期投资单位（或异地分支机构）名称 | F18: 地址 | I18: 注册资金% | J18: 持股比例% | K18: 核算方式
A19: 1
A20: 2
A21: 3
A22: 4
A23: 5
A24: 6
A25: 7
A26: 8
A27: 9
A28: 10

Sheet 1-汇总表
A2: 资产评估结果汇总表
A3: ="评估基准日："&TEXT(基本信息输入表!M7,"yyyy年mm月dd日") -> 评估基准日：2023年01月31日
H4: 表1
A5: =基本信息输入表!K6&"："&基本信息输入表!M6 -> 产权持有单位：山东烟草投资管理有限公司 | H5: 金额单位：人民币万元
A6: 项 目 | C6: 审计前账面价值 | D6: 审计调整 | E6: 账面价值 | F6: 评估价值 | G6: 增减值 | H6: 增值率%
E7: A | F7: B | G7: C=B-A | H7: D=C/A×100%
A8: 流动资产 | B8: 1 | C8: =ROUND('2-分类汇总'!C7/10000,2) -> 0 | D8: =ROUND('2-分类汇总'!D7/10000,2) -> 0 | E8: =ROUND('2-分类汇总'!E7/10000,2) -> 0 | F8: =ROUND('2-分类汇总'!F7/10000,2) -> 0 | G8: =ROUND('2-分类汇总'!G7/10000,2) -> 0 | H8: =IF(G8=0,"",G8/E8*100)
A9: 非流动资产 | B9: 2 | C9: =SUM(C10:C17)-C16 -> 0 | D9: =SUM(D10:D17)-D16 -> 0 | E9: =SUM(E10:E17)-E16 -> 94.92 | F9: =SUM(F10:F17)-F16 -> 1506.44 | G9: =SUM(G10:G17)-G16 -> 1411.52 | H9: =IF(G9=0,"",G9/E9*100) -> 1487.0628
A10: 其中：长期股权投资 | B10: 3 | C10: =ROUND('2-分类汇总'!C33/10000,2) -> 0 | D10: =ROUND('2-分类汇总'!D33/10000,2) -> 0 | E10: =ROUND('2-分类汇总'!E33/10000,2) -> 0 | F10: =ROUND('2-分类汇总'!F33/10000,2) -> 0 | G10: =ROUND('2-分类汇总'!G33/10000,2) -> 0 | H10: =IF(G10=0,"",G10/E10*100)
A11: 投资性房地产 | B11: 4 | C11: =ROUND('2-分类汇总'!C36/10000,2) -> 0 | D11: =ROUND('2-分类汇总'!D36/10000,2) -> 0 | E11: =ROUND('2-分类汇总'!E36/10000,2) -> 0 | F11: =ROUND('2-分类汇总'!F36/10000,2) -> 0 | G11: =ROUND('2-分类汇总'!G36/10000,2) -> 0 | H11: =IF(G11=0,"",G11/E11*100)
A12: 固定资产 | B12: 5 | C12: =ROUND('2-分类汇总'!C47/10000,2) -> 0 | D12: =ROUND('2-分类汇总'!D47/10000,2) -> 0 | E12: =ROUND('2-分类汇总'!E47/10000,2) -> 94.92 | F12: =ROUND('2-分类汇总'!F47/10000,2) -> 1506.44 | G12: =ROUND('2-分类汇总'!G47/10000,2) -> 1411.52 | H12: =IF(G12=0,"",G12/E12*100) -> 1487.0628
A13: 在建工程 | B13: 6 | C13: =ROUND('2-分类汇总'!C48/10000,2) -> 0 | D13: =ROUND('2-分类汇总'!D48/10000,2) -> 0 | E13: =ROUND('2-分类汇总'!E48/10000,2) -> 0 | F13: =ROUND('2-分类汇总'!F48/10000,2) -> 0 | G13: =ROUND('2-分类汇总'!G48/10000,2) -> 0 | H13: =IF(G13=0,"",G13/E13*100)
A14: 油气资产 | B14: 7 | C14: =ROUND('2-分类汇总'!C54/10000,2) -> 0 | D14: =ROUND('2-分类汇总'!D54/10000,2) -> 0 | E14: =ROUND('2-分类汇总'!E54/10000,2) -> 0 | F14: =ROUND('2-分类汇总'!F54/10000,2) -> 0 | G14: =ROUND('2-分类汇总'!G54/10000,2) -> 0 | H14: =IF(G14=0,"",G14/E14*100)
A15: 无形资产 | B15: 8 | C15: =ROUND('2-分类汇总'!C58/10000,2) -> 0 | D15: =ROUND('2-分类汇总'!D58/10000,2) -> 0 | E15: =ROUND('2-分类汇总'!E58/10000,2) -> 0 | F15: =ROUND('2-分类汇总'!F58/10000,2) -> 0 | G15: =ROUND('2-分类汇总'!G58/10000,2) -> 0 | H15: =IF(G15=0,"",G15/E15*100)
A16: 其中：土地使用权 | B16: 9 | C16: =ROUND('2-分类汇总'!C56/10000,2) -> 0 | D16: =ROUND('2-分类汇总'!D56/10000,2) -> 0 | E16: =ROUND('2-分类汇总'!E56/10000,2) -> 0 | F16: =ROUND('2-分类汇总'!F56/10000,2) -> 0 | G16: =ROUND('2-分类汇总'!G56/10000,2) -> 0 | H16: =IF(G16=0,"",G16/E16*100)
A17: 其他非流动资产 | B17: 10 | C17: =SUM('2-分类汇总'!C26,'2-分类汇总'!C29:C30,'2-分类汇总'!C49:C51,'2-分类汇总'!C59:C63)/10000 -> 0 | D17: =SUM('2-分类汇总'!D26,'2-分类汇总'!D29:D30,'2-分类汇总'!D49:D51,'2-分类汇总'!D59:D63)/10000 -> 0 | E17: =SUM('2-分类汇总'!E26,'2-分类汇总'!E29:E30,'2-分类汇总'!E49:E51,'2-分类汇总'!E59:E63)/10000 -> 0 | F17: =SUM('2-分类汇总'!F26,'2-分类汇总'!F29:F30,'2-分类汇总'!F49:F51,'2-分类汇总'!F59:F63)/10000 -> 0 | G17: =SUM('2-分类汇总'!G26,'2-分类汇总'!G29:G30,'2-分类汇总'!G49:G51,'2-分类汇总'!G59:G63)/10000 -> 0 | H17: =IF(G17=0,"",G17/E17*100)
A18: 资产总计 | B18: 11 | C18: =C8+C9 -> 0 | D18: =D8+D9 -> 0 | E18: =E8+E9 -> 94.92 | F18: =F8+F9 -> 1506.44 | G18: =G8+G9 -> 1411.52 | H18: =IF(G18=0,"",G18/E18*100) -> 1487.0628
A19: 流动负债 | B19: 12 | C19: =ROUND('2-分类汇总'!C65/10000,2) -> 0 | D19: =ROUND('2-分类汇总'!D65/10000,2) -> 0 | E19: =ROUND('2-分类汇总'!E65/10000,2) -> 0 | F19: =ROUND('2-分类汇总'!F65/10000,2) -> 0 | G19: =ROUND('2-分类汇总'!G65/10000,2) -> 0 | H19: =IF(G19=0,"",G19/E19*100)
A20: 非流动负债 | B20: 13 | C20: =ROUND('2-分类汇总'!C78/10000,2) -> 0 | D20: =ROUND('2-分类汇总'!D78/10000,2) -> 0 | E20: =ROUND('2-分类汇总'!E78/10000,2) -> 0 | F20: =ROUND('2-分类汇总'!F78/10000,2) -> 0 | G20: =ROUND('2-分类汇总'!G78/10000,2) -> 0 | H20: =IF(G20=0,"",G20/E20*100)
A21: 负债总计 | B21: 14 | C21: =SUM(C19:C20) -> 0 | D21: =SUM(D19:D20) -> 0 | E21: =SUM(E19:E20) -> 0 | F21: =SUM(F19:F20) -> 0 | G21: =SUM(G19:G20) -> 0 | H21: =IF(G21=0,"",G21/E21*100)
A22: 净资产 | B22: 15 | C22: =C18-C21 -> 0 | D22: =D18-D21 -> 0 | E22: =E18-E21 -> 94.92 | F22: =F18-F21 -> 1506.44 | G22: =G18-G21 -> 1411.52 | H22: =IF(G22=0,"",G22/E22*100) -> 1487.0628
H23: ='2-分类汇总'!H88 -> 评估机构：北京中企华资产评估有限责任公司

Sheet 2-分类汇总
A2: 资产评估结果分类汇总表
A3: ="评估基准日："&TEXT(基本信息输入表!M7,"yyyy年mm月dd日") -> 评估基准日：2023年01月31日
H4: 表2
A5: =基本信息输入表!K6&"："&基本信息输入表!M6 -> 产权持有单位：山东烟草投资管理有限公司 | H5: 金额单位：人民币元
A6: 序号 | B6: 科目名称 | C6: 审计前账面价值 | D6: 审计调整 | E6: 账面价值 | F6: 评估价值 | G6: 增减值 | H6: 增值率% | I6: 基准日资产负债表科目余额 | J6: 校核列
A7: 1 | B7: 一、流动资产合计 | C7: ='3-流动汇总'!C29 -> 0 | D7: ='3-流动汇总'!D29 -> 0 | E7: ='3-流动汇总'!E29 -> 0 | F7: ='3-流动汇总'!F29 -> 0 | G7: =F7-E7 -> 0 | H7: =IF(E7=0,"",G7/E7*100) | J7: =E7-I7 -> 0
A8: 2 | B8: 货币资金 | C8: ='[1]3-流动汇总'!C7 -> 0 | D8: ='[1]3-流动汇总'!D7 -> 0 | E8: ='[1]3-流动汇总'!E7 -> 0
A9: 3 | B9: 交易性金融资产 | C9: ='[1]3-流动汇总'!C8 -> 0 | D9: ='[1]3-流动汇总'!D8 -> 0 | E9: ='[1]3-流动汇总'!E8 -> 0
A10: 4 | B10: 应收票据 | C10: ='[1]3-流动汇总'!C9 -> 0 | D10: ='[1]3-流动汇总'!D9 -> 0 | E10: ='[1]3-流动汇总'!E9 -> 0
A11: 5 | B11: 应收账款合计 | C11: ='[1]3-流动汇总'!C10 -> 0 | D11: ='[1]3-流动汇总'!D10 -> 0 | E11: ='[1]3-流动汇总'!E10 -> 0
A12: 6 | B12: 减：坏帐准备 | C12: ='[1]3-流动汇总'!C11 -> 0 | D12: ='[1]3-流动汇总'!D11 -> 0 | E12: ='[1]3-流动汇总'!E11 -> 0
A13: 7 | B13: 应收帐款净额 | C13: ='[1]3-流动汇总'!C12 -> 0 | D13: ='[1]3-流动汇总'!D12 -> 0 | E13: ='[1]3-流动汇总'!E12 -> 0
A14: 8 | B14: 预付款项 | C14: ='[1]3-流动汇总'!C13 -> 0 | D14: ='[1]3-流动汇总'!D13 -> 0 | E14: ='[1]3-流动汇总'!E13 -> 0
A15: 9 | B15: 应收利息 | C15: ='[1]3-流动汇总'!C14 -> 0 | D15: ='[1]3-流动汇总'!D14 -> 0 | E15: ='[1]3-流动汇总'!E14 -> 0
A16: 10 | B16: 应收股利 | C16: ='[1]3-流动汇总'!C15 -> 0 | D16: ='[1]3-流动汇总'!D15 -> 0 | E16: ='[1]3-流动汇总'!E15 -> 0
A17: 11 | B17: 其他应收款合计 | C17: ='[1]3-流动汇总'!C16 -> 0 | D17: ='[1]3-流动汇总'!D16 -> 0 | E17: ='[1]3-流动汇总'!E16 -> 0
A18: 12 | B18: 减：坏帐准备 | C18: ='[1]3-流动汇总'!C17 -> 0 | D18: ='[1]3-流动汇总'!D17 -> 0 | E18: ='[1]3-流动汇总'!E17 -> 0
A19: 13 | B19: 其他应收款净额 | C19: ='[1]3-流动汇总'!C18 -> 0 | D19: ='[1]3-流动汇总'!D18 -> 0 | E19: ='[1]3-流动汇总'!E18 -> 0
A20: 14 | B20: 存货合计 | C20: ='3-流动汇总'!C19 -> 0 | D20: ='3-流动汇总'!D19 -> 0 | E20: ='3-流动汇总'!E19 -> 0
A21: 15 | B21: 减：存货跌价准备 | C21: ='3-流动汇总'!C20 -> 0 | D21: ='3-流动汇总'!D20 -> 0 | E21: ='3-流动汇总'!E20 -> 0
A22: 16 | B22: 存货净额 | C22: ='3-流动汇总'!C21 -> 0 | D22: ='3-流动汇总'!D21 -> 0 | E22: ='3-流动汇总'!E21 -> 0
A23: 17 | B23: 一年内到期的非流动资产 | C23: ='[1]3-流动汇总'!C22 -> 0 | D23: ='[1]3-流动汇总'!D22 -> 0 | E23: ='[1]3-流动汇总'!E22 -> 0
A24: 18 | B24: 其他流动资产 | C24: ='[1]3-流动汇总'!C23 -> 0 | D24: ='[1]3-流动汇总'!D23 -> 0 | E24: ='[1]3-流动汇总'!E23 -> 0
A25: 19 | B25: 二、非流动资产合计 | C25: ='4-非流动资产汇总'!C48 -> 0 | D25: ='4-非流动资产汇总'!D48 -> 0 | E25: ='4-非流动资产汇总'!E48 -> 949212.52 | F25: ='4-非流动资产汇总'!F48 -> 15064440 | G25: ='4-非流动资产汇总'!G48 -> 14115227
A26: 20 | B26: 可供出售金融资产 | H26: =IF(E26=0,"",G26/E26*100) | J26: =E26-I26 -> 0
A27: 21 | B27: 持有至到期投资合计 | H27: =IF(E27=0,"",G27/E27*100) | J27: =E27-I27 -> 0
A28: 22 | B28: 减：持有至到期投资减值准备 | H28: =IF(E28=0,"",G28/E28*100) | J28: =E28-I28 -> 0
A29: 23 | B29: 持有至到期投资净额 | H29: =IF(E29=0,"",G29/E29*100) | J29: =E29-I29 -> 0
A30: 24 | B30: 长期应收款 | H30: =IF(E30=0,"",G30/E30*100) | J30: =E30-I30 -> 0
A31: 25 | B31: 长期股权投资合计 | H31: =IF(E31=0,"",G31/E31*100) | J31: =E31-I31 -> 0
A32: 26 | B32: 减：长期股权投资减值准备 | H32: =IF(E32=0,"",G32/E32*100) | J32: =E32-I32 -> 0
A33: 27 | B33: 长期股权投资净额 | H33: =IF(E33=0,"",G33/E33*100) | J33: =E33-I33 -> 0
A34: 28 | B34: 投资性房地产合计 | H34: =IF(E34=0,"",G34/E34*100) | J34: =E34-I34 -> 0
A35: 29 | B35: 减：投资性房地产减值准备 | H35: =IF(E35=0,"",G35/E35*100) | J35: =E35-I35 -> 0
A36: 30 | B36: 投资性房地产净额 | H36: =IF(E36=0,"",G36/E36*100) | J36: =E36-I36 -> 0
A37: 31 | B37: 固定资产原值 | C37: ='4-非流动资产汇总'!C18 -> 0 | D37: ='4-非流动资产汇总'!D18 -> 0 | E37: ='4-非流动资产汇总'!E18 -> 1153983.4 | F37: ='4-非流动资产汇总'!F18 -> 15121170 | G37: =F37-E37 -> 13967187 | H37: =IF(E37=0,"",G37/E37*100) -> 1210.3455 | J37: =E37-I37 -> 1153983.4
A38: 32 | B38: 其中：建筑物类 | C38: ='4-非流动资产汇总'!C19 -> 0 | D38: ='4-非流动资产汇总'!D19 -> 0 | E38: ='4-非流动资产汇总'!E19 -> 1146867.6 | F38: ='4-非流动资产汇总'!F19 -> 15121170 | G38: =F38-E38 -> 13974302 | H38: =IF(E38=0,"",G38/E38*100) -> 1218.4756 | J38: =E38-I38 -> 1146867.6
A39: 33 | B39: 设 备 类 | C39: ='4-非流动资产汇总'!C20 -> 0 | D39: ='4-非流动资产汇总'!D20 -> 0 | E39: ='4-非流动资产汇总'!E20 -> 7115.83 | F39: ='4-非流动资产汇总'!F20 -> 7115.83 | G39: =F39-E39 -> 0 | H39: =IF(E39=0,"",G39/E39*100) -> 0 | J39: =E39-I39 -> 7115.83
A40: 34 | B40: 土 地 类 | C40: ='4-非流动资产汇总'!C21 -> 0 | D40: ='4-非流动资产汇总'!D21 -> 0 | E40: ='4-非流动资产汇总'!E21 -> 0 | F40: ='4-非流动资产汇总'!F21 -> 0 | G40: =F40-E40 -> 0 | H40: =IF(E40=0,"",G40/E40*100) | J40: =E40-I40 -> 0
A41: 35 | B41: 减：累计折旧 | C41: ='4-非流动资产汇总'!C22 -> 0 | D41: ='4-非流动资产汇总'!D22 -> 0 | E41: ='4-非流动资产汇总'!E22 -> 0 | F41: ='4-非流动资产汇总'!F22 -> 0 | G41: =F41-E41 -> 0 | H41: =IF(E41=0,"",G41/E41*100) | J41: =E41-I41 -> 0
A42: 36 | B42: 固定资产净值 | C42: ='4-非流动资产汇总'!C23 -> 0 | D42: ='4-非流动资产汇总'!D23 -> 0 | E42: ='4-非流动资产汇总'!E23 -> 949212.52 | F42: ='4-非流动资产汇总'!F23 -> 15064440 | G42: =F42-E42 -> 14115227 | H42: =IF(E42=0,"",G42/E42*100) -> 1487.0461 | J42: =E42-I42 -> 949212.52
A43: 37 | B43: 其中：建筑物类 | C43: ='4-非流动资产汇总'!C24 -> 0 | D43: ='4-非流动资产汇总'!D24 -> 0 | E43: ='4-非流动资产汇总'!E24 -> 942096.69 | F43: ='4-非流动资产汇总'!F24 -> 15121170 | G43: =F43-E43 -> 14179073 | H43: =IF(E43=0,"",G43/E43*100) -> 1505.055 | J43: =E43-I43 -> 942096.69
A44: 38 | B44: 设 备 类 | C44: ='4-非流动资产汇总'!C25 -> 0 | D44: ='4-非流动资产汇总'!D25 -> 0 | E44: ='4-非流动资产汇总'!E25 -> 7115.83 | F44: ='4-非流动资产汇总'!F25 -> 0 | G44: =F44-E44 -> -7115.83 | H44: =IF(E44=0,"",G44/E44*100) -> -100 | J44: =E44-I44 -> 7115.83
A45: 39 | B45: 土 地 类 | C45: ='4-非流动资产汇总'!C26 -> 0 | D45: ='4-非流动资产汇总'!D26 -> 0 | E45: ='4-非流动资产汇总'!E26 -> 0 | F45: ='4-非流动资产汇总'!F26 -> 0 | G45: =F45-E45 -> 0 | H45: =IF(E45=0,"",G45/E45*100) | J45: =E45-I45 -> 0
A46: 40 | B46: 减：固定资产减值准备 | C46: ='4-非流动资产汇总'!C27 -> 0 | D46: ='4-非流动资产汇总'!D27 -> 0 | E46: ='4-非流动资产汇总'!E27 -> 0 | F46: ='4-非流动资产汇总'!F27 -> 0 | G46: =F46-E46 -> 0 | H46: =IF(E46=0,"",G46/E46*100) | J46: =E46-I46 -> 0
A47: 41 | B47: 固定资产净额 | C47: ='4-非流动资产汇总'!C28 -> 0 | D47: ='4-非流动资产汇总'!D28 -> 0 | E47: ='4-非流动资产汇总'!E28 -> 949212.52 | F47: ='4-非流动资产汇总'!F28 -> 15064440 | G47: =F47-E47 -> 14115227 | H47: =IF(E47=0,"",G47/E47*100) -> 1487.0461 | J47: =E47-I47 -> 949212.52
A48: 42 | B48: 在建工程 | C48: ='4-非流动资产汇总'!C29 -> 0 | D48: ='4-非流动资产汇总'!D29 -> 0 | E48: ='4-非流动资产汇总'!E29 -> 0 | F48: ='4-非流动资产汇总'!F29 -> 0 | G48: =F48-E48 -> 0 | H48: =IF(E48=0,"",G48/E48*100) | J48: =E48-I48 -> 0
A49: 43 | B49: 工程物资 | C49: ='4-非流动资产汇总'!C30 -> 0 | D49: ='4-非流动资产汇总'!D30 -> 0 | E49: ='4-非流动资产汇总'!E30 -> 0 | F49: ='4-非流动资产汇总'!F30 -> 0 | G49: =F49-E49 -> 0 | H49: =IF(E49=0,"",G49/E49*100) | J49: =E49-I49 -> 0
A50: 44 | B50: 固定资产清理 | H50: =IF(E50=0,"",G50/E50*100) | J50: =E50-I50 -> 0
A51: 45 | B51: 生产性生物资产 | H51: =IF(E51=0,"",G51/E51*100) | J51: =E51-I51 -> 0
A52: 46 | B52: 油气资产合计 | H52: =IF(E52=0,"",G52/E52*100) | J52: =E52-I52 -> 0
A53: 47 | B53: 减：油气资产减值准备 | H53: =IF(E53=0,"",G53/E53*100) | J53: =E53-I53 -> 0
A54: 48 | B54: 油气资产净额 | H54: =IF(E54=0,"",G54/E54*100) | J54: =E54-I54 -> 0
A55: 49 | B55: 无形资产合计 | H55: =IF(E55=0,"",G55/E55*100) | J55: =E55-I55 -> 0
A56: 50 | B56: 其中：土地使用权 | H56: =IF(E56=0,"",G56/E56*100) | J56: =E56-I56 -> 0
A57: 51 | B57: 减：无形资产减值准备 | H57: =IF(E57=0,"",G57/E57*100) | J57: =E57-I57 -> 0
A58: 52 | B58: 无形资产净额 | H58: =IF(E58=0,"",G58/E58*100) | J58: =E58-I58 -> 0
A59: 53 | B59: 开发支出 | H59: =IF(E59=0,"",G59/E59*100) | J59: =E59-I59 -> 0
A60: 54 | B60: 商誉 | H60: =IF(E60=0,"",G60/E60*100) | J60: =E60-I60 -> 0
A61: 55 | B61: 长期待摊费用 | H61: =IF(E61=0,"",G61/E61*100) | J61: =E61-I61 -> 0
... A63: 57 | B63: 其他非流动资产 | H63: =IF(E63=0,"",G63/E63*100) | J63: =E63-I63 -> 0
A64: 58 | B64: 三、资产总计 | C64: =C7+C25 -> 0 | D64: =D7+D25 -> 0 | E64: =E7+E25 -> 949212.52 | F64: =F7+F25 -> 15064440 | G64: =F64-E64 -> 14115227 | H64: =IF(E64=0,"",G64/E64*100) -> 1487.0461 | J64: =E64-I64 -> 949212.52
A65: 59 | B65: 四、流动负债合计 | H65: =IF(E65=0,"",G65/E65*100) | J65: =E65-I65 -> 0
A66: 60 | B66: 短期借款 | H66: =IF(E66=0,"",G66/E66*100) | J66: =E66-I66 -> 0
A67: 61 | B67: 交易性金融负债 | H67: =IF(E67=0,"",G67/E67*100) | J67: =E67-I67 -> 0
A68: 62 | B68: 应付票据 | H68: =IF(E68=0,"",G68/E68*100) | J68: =E68-I68 -> 0
A69: 63 | B69: 应付账款 | H69: =IF(E69=0,"",G69/E69*100) | J69: =E69-I69 -> 0
A70: 64 | B70: 预收款项 | H70: =IF(E70=0,"",G70/E70*100) | J70: =E70-I70 -> 0
A71: 65 | B71: 应付职工薪酬 | H71: =IF(E71=0,"",G71/E71*100) | J71: =E71-I71 -> 0
A72: 66 | B72: 应交税费 | H72: =IF(E72=0,"",G72/E72*100) | J72: =E72-I72 -> 0
A73: 67 | B73: 应付利息 | H73: =IF(E73=0,"",G73/E73*100) | J73: =E73-I73 -> 0
A74: 68 | B74: 应付股利 | H74: =IF(E74=0,"",G74/E74*100) | J74: =E74-I74 -> 0
A75: 69 | B75: 其他应付款 | H75: =IF(E75=0,"",G75/E75*100) | J75: =E75-I75 -> 0
A76: 70 | B76: 一年内到期的非流动负债 | H76: =IF(E76=0,"",G76/E76*100) | J76: =E76-I76 -> 0
... A85: 79 | B85: 其他非流动负债 | H85: =IF(E85=0,"",G85/E85*100) | J85: =E85-I85 -> 0
A86: 80 | B86: 六、负债总计 | C86: =C65+C78 -> 0 | D86: =D65+D78 -> 0 | E86: =E65+E78 -> 0 | F86: =F65+F78 -> 0 | G86: =F86-E86 -> 0 | H86: =IF(E86=0,"",G86/E86*100) | J86: =E86-I86 -> 0
A87: 81 | B87: 七、净资产（所有者权益） | C87: =C64-C86 -> 0 | D87: =D64-D86 -> 0 | E87: =E64-E86 -> 949212.52 | F87: =F64-F86 -> 15064440 | G87: =F87-E87 -> 14115227 | H87: =IF(E87=0,"",G87/E87*100) -> 1487.0461 | J87: =E87-I87 -> 949212.52
H88: 评估机构：北京中企华资产评估有限责任公司
I89: 打印边界

Sheet 3-流动汇总
A1: 返回索引目录
A2: 流动资产评估汇总表
A3: ="评估基准日："&TEXT(基本信息输入表!M7,"yyyy年mm月dd日") -> 评估基准日：2023年01月31日
H4: 表3
A5: =基本信息输入表!K6&"："&基本信息输入表!M6 -> 产权持有单位：山东烟草投资管理有限公司 | H5: 金额单位：人民币元
A6: 编号 | B6: 科目名称 | C6: 审计前账面价值 | D6: 审计调整 | E6: 账面价值 | F6: 评估价值 | G6: 增减值 | H6: 增值率%
A7: 3-1 | B7: 货币资金 | C7: ='[1]表3-1货币汇总表'!C24 -> 0 | D7: ='[1]表3-1货币汇总表'!D24 -> 0 | E7: ='[1]表3-1货币汇总表'!E24 -> 0 | F7: ='[1]表3-1货币汇总表'!F24 -> 0 | G7: =F7-E7 -> 0 | H7: =IF(E7=0,"",G7/E7*100)
A8: 3-2 | B8: 交易性金融资产 | C8: ='[1]3-2交易性金融资产汇总'!C25 -> 0 | D8: ='[1]3-2交易性金融资产汇总'!D25 -> 0 | E8: ='[1]3-2交易性金融资产汇总'!E25 -> 0 | F8: ='[1]3-2交易性金融资产汇总'!F25 -> 0 | G8: =F8-E8 -> 0 | H8: =IF(E8=0,"",G8/E8*100)
A9: 3-3 | B9: 应收票据 | C9: ='[1]3-3应收票据'!F30 -> 0 | D9: ='[1]3-3应收票据'!H30 -> 0 | E9: ='[1]3-3应收票据'!J30 -> 0 | F9: ='[1]3-3应收票据'!L30 -> 0 | G9: =F9-E9 -> 0 | H9: =IF(E9=0,"",G9/E9*100)
A10: 3-4 | B10: 应收账款合计 | C10: ='[1]3-4应收账款'!N26 -> 0 | D10: ='[1]3-4应收账款'!R26 -> 0 | E10: ='[1]3-4应收账款'!T26 -> 0 | F10: ='[1]3-4应收账款'!V29 -> 0 | G10: =F10-E10 -> 0 | H10: =IF(E10=0,"",G10/E10*100)
B11: 减：坏帐准备 | C11: ='[1]3-4应收账款'!N27 -> 0 | D11: ='[1]3-4应收账款'!R27 -> 0 | E11: ='[1]3-4应收账款'!T27 -> 0 | G11: =F11-E11 -> 0 | H11: =IF(E11=0,"",G11/E11*100)
B12: 应收帐款净额 | C12: =C10-C11 -> 0 | D12: =D10-D11 -> 0 | E12: =E10-E11 -> 0 | F12: =F10-F11 -> 0 | G12: =F12-E12 -> 0 | H12: =IF(E12=0,"",G12/E12*100)
A13: 3-5 | B13: 预付款项 | C13: ='[1]3-5预付款项'!I30 -> 0 | D13: ='[1]3-5预付款项'!K30 -> 0 | E13: ='[1]3-5预付款项'!M30 -> 0 | F13: ='[1]3-5预付款项'!O30 -> 0 | G13: =F13-E13 -> 0 | H13: =IF(E13=0,"",G13/E13*100)
A14: 3-6 | B14: 应收利息 | C14: ='[1]3-6应收利息'!G27 -> 0 | D14: ='[1]3-6应收利息'!H27 -> 0 | E14: ='[1]3-6应收利息'!I27 -> 0 | F14: ='[1]3-6应收利息'!J27 -> 0 | G14: =F14-E14 -> 0 | H14: =IF(E14=0,"",G14/E14*100)
A15: 3-7 | B15: 应收股利 | C15: ='[1]3-7应收股利'!E27 -> 0 | D15: ='[1]3-7应收股利'!F27 -> 0 | E15: ='[1]3-7应收股利'!G27 -> 0 | F15: ='[1]3-7应收股利'!H27 -> 0 | G15: =F15-E15 -> 0 | H15: =IF(E15=0,"",G15/E15*100)
A16: 3-8 | B16: 其他应收款合计 | C16: ='[1]3-8其他应收款'!N26 -> 0 | D16: ='[1]3-8其他应收款'!R26 -> 0 | E16: ='[1]3-8其他应收款'!N26 -> 0 | F16: ='[1]3-8其他应收款'!V29 -> 0 | G16: =F16-E16 -> 0 | H16: =IF(E16=0,"",G16/E16*100)
B17: 减：坏帐准备 | C17: ='[1]3-8其他应收款'!N27 -> 0 | D17: ='[1]3-8其他应收款'!R27 -> 0 | E17: ='[1]3-8其他应收款'!N27 -> 0 | G17: =F17-E17 -> 0 | H17: =IF(E17=0,"",G17/E17*100)
B18: 其他应收款净额 | C18: =C16-C17 -> 0 | D18: =D16-D17 -> 0 | E18: =E16-E17 -> 0 | F18: =F16-F17 -> 0 | G18: =F18-E18 -> 0 | H18: =IF(E18=0,"",G18/E18*100)
A19: 3-9 | B19: 存货合计 | C19: ='3-9存货汇总'!C20 -> 0 | D19: ='3-9存货汇总'!D20 -> 0 | E19: ='3-9存货汇总'!E20 -> 0 | F19: ='3-9存货汇总'!F20 -> 0 | G19: =F19-E19 -> 0 | H19: =IF(E19=0,"",G19/E19*100)
B20: 减：存货跌价准备 | C20: ='3-9存货汇总'!C21 -> 0 | D20: ='3-9存货汇总'!D21 -> 0 | E20: ='3-9存货汇总'!E21 -> 0 | G20: =F20-E20 -> 0 | H20: =IF(E20=0,"",G20/E20*100)
B21: 存货净额 | C21: =C19-C20 -> 0 | D21: =D19-D20 -> 0 | E21: =E19-E20 -> 0 | F21: =F19-F20 -> 0 | G21: =F21-E21 -> 0 | H21: =IF(E21=0,"",G21/E21*100)
A22: 3-10 | B22: 一年内到期的非流动资产 | C22: ='[1]3-10一年到期非流动资产'!E27 -> 0 | D22: ='[1]3-10一年到期非流动资产'!F27 -> 0 | E22: ='[1]3-10一年到期非流动资产'!G27 -> 0 | F22: ='[1]3-10一年到期非流动资产'!H27 -> 0 | G22: =F22-E22 -> 0 | H22: =IF(E22=0,"",G22/E22*100)
A23: 3-11 | B23: 其他流动资产 | C23: ='[1]3-11其他流动资产'!F27 -> 0 | D23: ='[1]3-11其他流动资产'!G27 -> 0 | E23: ='[1]3-11其他流动资产'!H27 -> 0 | F23: ='[1]3-11其他流动资产'!I27 -> 0 | G23: =F23-E23 -> 0 | H23: =IF(E23=0,"",G23/E23*100)
A29: 流动资产合计 | C29: =SUM(C7:C9,C12:C15,C18,C21:C23) -> 0 | D29: =SUM(D7:D9,D12:D15,D18,D21:D23) -> 0 | E29: =SUM(E7:E9,E12:E15,E18,E21:E23) -> 0 | F29: =SUM(F7:F9,F12:F15,F18,F21:F23) -> 0 | G29: =F29-E29 -> 0 | H29: =IF(E29=0,"",G29/E29*100)
F30: ="评估人员："&基本信息输入表!$Q$10 -> 评估人员：王秀红
I31: 打印边界

Sheet 3-9存货汇总
A1: 返回索引目录
A2: 存货评估汇总表
A3: ="评估基准日："&TEXT(基本信息输入表!M7,"yyyy年mm月dd日") -> 评估基准日：2023年01月31日
H4: 表3-9
A5: =基本信息输入表!K6&"："&基本信息输入表!M6 -> 产权持有单位：山东烟草投资管理有限公司 | H5: 金额单位：人民币元
A6: 编号 | B6: 科目名称 | C6: 审计前账面价值 | D6: 审计调整 | E6: 账面价值 | F6: 评估价值 | G6: 增减值 | H6: 增值率%
A7: 3-9-1 | B7: 材料采购（在途物资） | C7: ='3-9-1材料采购（在途物资）'!F28 -> 0 | D7: ='3-9-1材料采购（在途物资）'!I28 -> 0 | E7: ='3-9-1材料采购（在途物资）'!L28 -> 0 | F7: ='3-9-1材料采购（在途物资）'!O28 -> 0 | G7: =F7-E7 -> 0 | H7: =IF(E7=0,"",G7/E7*100)
A8: 3-9-2 | B8: 原材料 | C8: ='3-9-2原材料'!G28 -> 0 | D8: ='3-9-2原材料'!K28 -> 0 | E8: ='3-9-2原材料'!O28 -> 0 | F8: ='3-9-2原材料'!U28 -> 0 | G8: =F8-E8 -> 0 | H8: =IF(E8=0,"",G8/E8*100)
A9: 3-9-3 | B9: 在库周转材料 | C9: ='3-9-3在库周转材料'!G28 -> 0 | D9: ='3-9-3在库周转材料'!J28 -> 0 | E9: ='3-9-3在库周转材料'!M28 -> 0 | F9: ='3-9-3在库周转材料'!R28 -> 0 | G9: =F9-E9 -> 0 | H9: =IF(E9=0,"",G9/E9*100)
A10: 3-9-4 | B10: 委托加工物资 | C10: ='3-9-4委托加工物资'!G28 -> 0 | D10: ='3-9-4委托加工物资'!J28 -> 0 | E10: ='3-9-4委托加工物资'!M28 -> 0 | F10: ='3-9-4委托加工物资'!P28 -> 0 | G10: =F10-E10 -> 0 | H10: =IF(E10=0,"",G10/E10*100)
A11: 3-9-5 | B11: 产成品（库存商品） | C11: ='3-9-5产成品(库存商品)'!I22 -> 0 | D11: ='3-9-6在产品（自制半成品）'!I28 -> 0 | E11: ='3-9-5产成品(库存商品)'!Q22 -> 0 | F11: ='3-9-5产成品(库存商品)'!U22 -> 0 | G11: =F11-E11 -> 0 | H11: =IF(E11=0,"",G11/E11*100)
A12: 3-9-6 | B12: 在产品（自制半成品） | C12: ='3-9-6在产品（自制半成品）'!F28 -> 0 | D12: ='3-9-6在产品（自制半成品）'!I28 -> 0 | E12: ='3-9-6在产品（自制半成品）'!L28 -> 0 | F12: ='3-9-6在产品（自制半成品）'!P28 -> 0 | G12: =F12-E12 -> 0 | H12: =IF(E12=0,"",G12/E12*100)
A13: 3-9-7 | B13: 发出商品 | C13: ='3-9-7发出商品'!G28 -> 0 | D13: ='3-9-7发出商品'!J28 -> 0 | E13: ='3-9-7发出商品'!M28 -> 0 | F13: ='3-9-7发出商品'!P28 -> 0 | G13: =F13-E13 -> 0 | H13: =IF(E13=0,"",G13/E13*100)
A14: 3-9-8 | B14: 在用周转材料 | C14: ='3-9-8在用周转材料'!F28 -> 0 | D14: ='3-9-8在用周转材料'!H28 -> 0 | E14: ='3-9-8在用周转材料'!J28 -> 0 | F14: ='3-9-8在用周转材料'!N28 -> 0 | G14: =F14-E14 -> 0 | H14: =IF(E14=0,"",G14/E14*100)
A20: 存货合计 | C20: =SUM(C7:C19) -> 0 | D20: =SUM(D7:D19) -> 0 | E20: =SUM(E7:E19) -> 0 | F20: =SUM(F7:F19) -> 0 | G20: =F20-E20 -> 0 | H20: =IF(E20=0,"",G20/E20*100)
A21: 减：存货跌价准备 | C21: 0 | D21: 0 | E21: 0 | G21: =F21-E21 -> 0 | H21: =IF(E21=0,"",G21/E21*100)
A22: 存货净额 | C22: =C20-C21 -> 0 | D22: =D20-D21 -> 0 | E22: =E20-E21 -> 0 | F22: =F20 -> 0 | G22: =F22-E22 -> 0 | H22: =IF(E22=0,"",G22/E22*100)
F23: ="评估人员："&基本信息输入表!$Q$25 -> 评估人员：王秀红
I24: 打印边界

Sheet 3-9-1材料采购（在途物资）
A1: 返回索引目录
A2: 存货—材料采购（在途物资）评估明细表
A3: ="评估基准日："&TEXT(基本信息输入表!M7,"yyyy年mm月dd日") -> 评估基准日：2023年01月31日
Q4: 表3-9-1
A5: =基本信息输入表!K6&"："&基本信息输入表!M6 -> 产权持有单位：山东烟草投资管理有限公司 | Q5: 金额单位：人民币元 | S5: 1、企业资料 | AA5: 2、现场调查 | AM5: 3、评定估算 | AP5: 4、结果分析
A6: 序号 | B6: 名称及规格型号 | C6: 计量单位 | D6: 审计前账面价值 | G6: 审计调整 | J6: 账面价值 | M6: 评估价值 | P6: 增值率% | Q6: 备注 | S6: 账册 | T6: 合同 | U6: 发票 | V6: 文件 | W6: 单据 凭证 | X6: 情况 说明 | Y6: 其他资料 | AA6: 调查程序 | AG6: 账实核实情况 | AI6: 权属核实情况 | AK6: 其他特殊事项说明 | AM6: 评估方法 | AN6: 评估价值 | AP6: 增减值率％ | AQ6: 增减值原因 | AR6: 特别事项说明
D7: 数量 | E7: 单价 | F7: 金额 | G7: 数量 | H7: 单价 | I7: 金额 | J7: 数量 | K7: 单价 | L7: 金额 | M7: 实际数量 | N7: 评估单价 | O7: 金额 | AA7: 访谈 | AB7: 函证 | AC7: 核实 | AD7: 权属核对 | AE7: 受限处理 | AF7: 其他 | AG7: 核实结果 | AH7: 账实说明 | AI7: 核实结果 | AJ7: 权属说明
A8: =IF(B8="","",ROW()-7) | J8: =D8+G8 -> 0 | K8: =IFERROR(L8/J8,"") | L8: =I8+F8 -> 0 | O8: =M8*N8 -> 0 | P8: =IF(L8=0,"",(O8-L8)/L8*100) | AP8: =IFERROR((AN8-L7)/(L7)*100,"")
A9: =IF(B9="","",ROW()-7) | J9: =D9+G9 -> 0 | K9: =IFERROR(L9/J9,"") | L9: =I9+F9 -> 0 | O9: =M9*N9 -> 0 | P9: =IF(L9=0,"",(O9-L9)/L9*100) | AP9: =IFERROR((AN9-L8)/(L8)*100,"")
A10: =IF(B10="","",ROW()-7) | J10: =D10+G10 -> 0 | K10: =IFERROR(L10/J10,"") | L10: =I10+F10 -> 0 | O10: =M10*N10 -> 0 | P10: =IF(L10=0,"",(O10-L10)/L10*100) | AP10: =IFERROR((AN10-L9)/(L9)*100,"")
A11: =IF(B11="","",ROW()-7) | J11: =D11+G11 -> 0 | K11: =IFERROR(L11/J11,"") | L11: =I11+F11 -> 0 | O11: =M11*N11 -> 0 | P11: =IF(L11=0,"",(O11-L11)/L11*100) | AP11: =IFERROR((AN11-L10)/(L10)*100,"")
A12: =IF(B12="","",ROW()-7) | J12: =D12+G12 -> 0 | K12: =IFERROR(L12/J12,"") | L12: =I12+F12 -> 0 | O12: =M12*N12 -> 0 | P12: =IF(L12=0,"",(O12-L12)/L12*100) | AP12: =IFERROR((AN12-L11)/(L11)*100,"")
A13: =IF(B13="","",ROW()-7) | J13: =D13+G13 -> 0 | K13: =IFERROR(L13/J13,"") | L13: =I13+F13 -> 0 | O13: =M13*N13 -> 0 | P13: =IF(L13=0,"",(O13-L13)/L13*100) | AP13: =IFERROR((AN13-L12)/(L12)*100,"")
A14: =IF(B14="","",ROW()-7) | J14: =D14+G14 -> 0 | K14: =IFERROR(L14/J14,"") | L14: =I14+F14 -> 0 | O14: =M14*N14 -> 0 | P14: =IF(L14=0,"",(O14-L14)/L14*100) | AP14: =IFERROR((AN14-L13)/(L13)*100,"")
A15: =IF(B15="","",ROW()-7) | J15: =D15+G15 -> 0 | K15: =IFERROR(L15/J15,"") | L15: =I15+F15 -> 0 | O15: =M15*N15 -> 0 | P15: =IF(L15=0,"",(O15-L15)/L15*100) | AP15: =IFERROR((AN15-L14)/(L14)*100,"")
A16: =IF(B16="","",ROW()-7) | J16: =D16+G16 -> 0 | K16: =IFERROR(L16/J16,"") | L16: =I16+F16 -> 0 | O16: =M16*N16 -> 0 | P16: =IF(L16=0,"",(O16-L16)/L16*100) | AP16: =IFERROR((AN16-L15)/(L15)*100,"")
A17: =IF(B17="","",ROW()-7) | J17: =D17+G17 -> 0 | K17: =IFERROR(L17/J17,"") | L17: =I17+F17 -> 0 | O17: =M17*N17 -> 0 | P17: =IF(L17=0,"",(O17-L17)/L17*100) | AP17: =IFERROR((AN17-L16)/(L16)*100,"")
A18: =IF(B18="","",ROW()-7) | J18: =D18+G18 -> 0 | K18: =IFERROR(L18/J18,"") | L18: =I18+F18 -> 0 | O18: =M18*N18 -> 0 | P18: =IF(L18=0,"",(O18-L18)/L18*100) | AP18: =IFERROR((AN18-L17)/(L17)*100,"")
A19: =IF(B19="","",ROW()-7) | J19: =D19+G19 -> 0 | K19: =IFERROR(L19/J19,"") | L19: =I19+F19 -> 0 | O19: =M19*N19 -> 0 | P19: =IF(L19=0,"",(O19-L19)/L19*100) | AP19: =IFERROR((AN19-L18)/(L18)*100,"")
... A27: =IF(B27="","",ROW()-7) | J27: =D27+G27 -> 0 | K27: =IFERROR(L27/J27,"") | L27: =I27+F27 -> 0 | O27: =M27*N27 -> 0 | P27: =IF(L27=0,"",(O27-L27)/L27*100) | AP27: =IFERROR((AN27-L26)/(L26)*100,"")
A28: 合 计 | D28: =SUM(D8:D27) -> 0 | F28: =SUM(F8:F27) -> 0 | G28: =SUM(G8:G27) -> 0 | I28: =SUM(I8:I27) -> 0 | J28: =SUM(J8:J27) -> 0 | L28: =SUM(L8:L27) -> 0 | M28: =SUM(M8:M27) -> 0 | O28: =SUM(O8:O27) -> 0 | P28: =IF(L28=0,"",(O28-L28)/L28*100) | AP28: =IFERROR((AN28-L27)/(L27)*100,"")
A29: =基本信息输入表!$K$6&"填表人："&基本信息输入表!$M$26 -> 产权持有单位填表人：王若初 | O29: ="评估人员："&基本信息输入表!$Q$26 -> 评估人员：王秀红 | AP29: =IFERROR((AN29-L28)/(L28)*100,"")
A30: ="填表日期："&YEAR(基本信息输入表!$O$26)&"年"&MONTH(基本信息输入表!$O$26)&"月"&DAY(基本信息输入表!$O$26)&"日" -> 填表日期：2023年2月15日
R31: 打印边界

Sheet 3-9-2原材料
A1: 返回索引目录
A2: 存货—原材料评估明细表
A3: ="评估基准日："&TEXT(基本信息输入表!M7,"yyyy年mm月dd日") -> 评估基准日：2023年01月31日
W4: 表3-9-2
A5: =基本信息输入表!K6&"："&基本信息输入表!M6 -> 产权持有单位：山东烟草投资管理有限公司 | W5: 金额单位：人民币元 | Y5: 1、企业资料 | AG5: 2、现场调查 | AT5: 3、评定估算 | BE5: 4、结果分析
A6: 序号 | B6: 名称及规格型号 | C6: 计量单位 | D6: 存放地点 | E6: 审计前账面价值 | H6: 审计前计提减值准备金额 | I6: 审计调整 | L6: 审计调整计提减值准备金额 | M6: 账面价值 | P6: 计提减值准备金额 | Q6: 购进年月 | R6: 基准日近期单价 | S6: 评估价值 | V6: 增值率% | W6: 备注 | Y6: 账册 | Z6: 合同 | AA6: 发票 | AB6: 文件 | AC6: 单据 凭证 | AD6: 情况 说明 | AE6: 其他资料 | AG6: 调查程序 | AN6: 账实核实情况 | AP6: 权属核实情况 | AR6: 其他特殊事项说明 | AT6: 评估方法 | AU6: 评估依据 | AW6: 估算过程 及参数选取（可以根据资产实际情况调整测算过程） | BC6: 评估价值 | BE6: 增减值率％ | BF6: 增减值原因 | BG6: 特别事项说明
E7: 数量 | F7: 单价 | G7: 金额 | I7: 数量 | J7: 单价 | K7: 金额 | M7: 数量 | N7: 单价 | O7: 金额 | S7: 实际数量 | T7: 评估单价 | U7: 金额 | AG7: 访谈 | AH7: 盘点 | AI7: 函证 | AJ7: 核实 | AK7: 权属核对 | AL7: 受限处理 | AM7: 其他 | AN7: 核实结果 | AO7: 账实说明 | AP7: 核实结果 | AQ7: 权属说明 | AU7: 取价依据 | AV7: 依据补充说明 | AW7: 状态 | AX7: 市场价 | AY7: 运杂费率 | AZ7: 贬值率
A8: =IF(B8="","",ROW()-7) | M8: =E8+I8 -> 0 | N8: =IFERROR(O8/M8,"") | O8: =G8+K8 -> 0 | P8: =H8+L8 -> 0 | U8: =S8*T8 -> 0 | V8: =IF(O8-P8=0,"",(U8-O8+P8)/(O8-P8)*100) | BC8: =AX8*(1+AY8)*(1-AZ8) -> 0 | BE8: =IFERROR((BC8-P7+O7)/(O7-P7)*100,"")
A9: =IF(B9="","",ROW()-7) | M9: =E9+I9 -> 0 | N9: =IFERROR(O9/M9,"") | O9: =G9+K9 -> 0 | P9: =H9+L9 -> 0 | U9: =S9*T9 -> 0 | V9: =IF(O9-P9=0,"",(U9-O9+P9)/(O9-P9)*100) | BC9: =AX9*(1+AY9)*(1-AZ9) -> 0 | BE9: =IFERROR((BC9-P8+O8)/(O8-P8)*100,"")
A10: =IF(B10="","",ROW()-7) | M10: =E10+I10 -> 0 | N10: =IFERROR(O10/M10,"") | O10: =G10+K10 -> 0 | P10: =H10+L10 -> 0 | U10: =S10*T10 -> 0 | V10: =IF(O10-P10=0,"",(U10-O10+P10)/(O10-P10)*100) | BC10: =AX10*(1+AY10)*(1-AZ10) -> 0 | BE10: =IFERROR((BC10-P9+O9)/(O9-P9)*100,"")
A11: =IF(B11="","",ROW()-7) | M11: =E11+I11 -> 0 | N11: =IFERROR(O11/M11,"") | O11: =G11+K11 -> 0 | P11: =H11+L11 -> 0 | U11: =S11*T11 -> 0 | V11: =IF(O11-P11=0,"",(U11-O11+P11)/(O11-P11)*100) | BC11: =AX11*(1+AY11)*(1-AZ11) -> 0 | BE11: =IFERROR((BC11-P10+O10)/(O10-P10)*100,"")
A12: =IF(B12="","",ROW()-7) | M12: =E12+I12 -> 0 | N12: =IFERROR(O12/M12,"") | O12: =G12+K12 -> 0 | P12: =H12+L12 -> 0 | U12: =S12*T12 -> 0 | V12: =IF(O12-P12=0,"",(U12-O12+P12)/(O12-P12)*100) | BC12: =AX12*(1+AY12)*(1-AZ12) -> 0 | BE12: =IFERROR((BC12-P11+O11)/(O11-P11)*100,"")
A13: =IF(B13="","",ROW()-7) | M13: =E13+I13 -> 0 | N13: =IFERROR(O13/M13,"") | O13: =G13+K13 -> 0 | P13: =H13+L13 -> 0 | U13: =S13*T13 -> 0 | V13: =IF(O13-P13=0,"",(U13-O13+P13)/(O13-P13)*100) | BC13: =AX13*(1+AY13)*(1-AZ13) -> 0 | BE13: =IFERROR((BC13-P12+O12)/(O12-P12)*100,"")
A14: =IF(B14="","",ROW()-7) | M14: =E14+I14 -> 0 | N14: =IFERROR(O14/M14,"") | O14: =G14+K14 -> 0 | P14: =H14+L14 -> 0 | U14: =S14*T14 -> 0 | V14: =IF(O14-P14=0,"",(U14-O14+P14)/(O14-P14)*100) | BC14: =AX14*(1+AY14)*(1-AZ14) -> 0 | BE14: =IFERROR((BC14-P13+O13)/(O13-P13)*100,"")
A15: =IF(B15="","",ROW()-7) | M15: =E15+I15 -> 0 | N15: =IFERROR(O15/M15,"") | O15: =G15+K15 -> 0 | P15: =H15+L15 -> 0 | U15: =S15*T15 -> 0 | V15: =IF(O15-P15=0,"",(U15-O15+P15)/(O15-P15)*100) | BC15: =AX15*(1+AY15)*(1-AZ15) -> 0 | BE15: =IFERROR((BC15-P14+O14)/(O14-P14)*100,"")
A16: =IF(B16="","",ROW()-7) | M16: =E16+I16 -> 0 | N16: =IFERROR(O16/M16,"") | O16: =G16+K16 -> 0 | P16: =H16+L16 -> 0 | U16: =S16*T16 -> 0 | V16: =IF(O16-P16=0,"",(U16-O16+P16)/(O16-P16)*100) | BC16: =AX16*(1+AY16)*(1-AZ16) -> 0 | BE16: =IFERROR((BC16-P15+O15)/(O15-P15)*100,"")
A17: =IF(B17="","",ROW()-7) | M17: =E17+I17 -> 0 | N17: =IFERROR(O17/M17,"") | O17: =G17+K17 -> 0 | P17: =H17+L17 -> 0 | U17: =S17*T17 -> 0 | V17: =IF(O17-P17=0,"",(U17-O17+P17)/(O17-P17)*100) | BC17: =AX17*(1+AY17)*(1-AZ17) -> 0 | BE17: =IFERROR((BC17-P16+O16)/(O16-P16)*100,"")
A18: =IF(B18="","",ROW()-7) | M18: =E18+I18 -> 0 | N18: =IFERROR(O18/M18,"") | O18: =G18+K18 -> 0 | P18: =H18+L18 -> 0 | U18: =S18*T18 -> 0 | V18: =IF(O18-P18=0,"",(U18-O18+P18)/(O18-P18)*100) | BC18: =AX18*(1+AY18)*(1-AZ18) -> 0 | BE18: =IFERROR((BC18-P17+O17)/(O17-P17)*100,"")
A19: =IF(B19="","",ROW()-7) | M19: =E19+I19 -> 0 | N19: =IFERROR(O19/M19,"") | O19: =G19+K19 -> 0 | P19: =H19+L19 -> 0 | U19: =S19*T19 -> 0 | V19: =IF(O19-P19=0,"",(U19-O19+P19)/(O19-P19)*100) | BC19: =AX19*(1+AY19)*(1-AZ19) -> 0 | BE19: =IFERROR((BC19-P18+O18)/(O18-P18)*100,"")
... A27: =IF(B27="","",ROW()-7) | M27: =E27+I27 -> 0 | N27: =IFERROR(O27/M27,"") | O27: =G27+K27 -> 0 | P27: =H27+L27 -> 0 | U27: =S27*T27 -> 0 | V27: =IF(O27-P27=0,"",(U27-O27+P27)/(O27-P27)*100) | BC27: =AX27*(1+AY27)*(1-AZ27) -> 0 | BE27: =IFERROR((BC27-P26+O26)/(O26-P26)*100,"")
A28: 合计 | E28: =SUM(E8:E27) -> 0 | G28: =SUM(G8:G27) -> 0 | H28: =SUM(H8:H27) -> 0 | I28: =SUM(I8:I27) -> 0 | K28: =SUM(K8:K27) -> 0 | L28: =SUM(L8:L27) -> 0 | M28: =SUM(M8:M27) -> 0 | O28: =SUM(O8:O27) -> 0 | P28: =SUM(P8:P27) -> 0 | S28: =SUM(S8:S27) -> 0 | U28: =SUM(U8:U27) -> 0 | V28: =IF(O28-P28=0,"",(U28-O28+P28)/(O28-P28)*100) | BC28: =AX28*(1+AY28)*(1-AZ28) -> 0 | BE28: =IFERROR((BC28-P27+O27)/(O27-P27)*100,"")
A29: =基本信息输入表!$K$6&"填表人："&基本信息输入表!$M$27 -> 产权持有单位填表人：王若初 | U29: ="评估人员："&基本信息输入表!$Q$27 -> 评估人员：王秀红 | BC29: =AX29*(1+AY29)*(1-AZ29) -> 0 | BE29: =IFERROR((BC29-P28+O28)/(O28-P28)*100,"")
A30: ="填表日期："&YEAR(基本信息输入表!$O$27)&"年"&MONTH(基本信息输入表!$O$27)&"月"&DAY(基本信息输入表!$O$27)&"日" -> 填表日期：2023年2月15日
X31: 打印边界

Sheet 3-9-3在库周转材料
A1: 返回索引目录
A2: 存货—在库周转材料评估明细表
A3: ="评估基准日："&TEXT(基本信息输入表!M7,"yyyy年mm月dd日") -> 评估基准日：2023年01月31日
T4: 表3-9-3
A5: =基本信息输入表!K6&"："&基本信息输入表!M6 -> 产权持有单位：山东烟草投资管理有限公司 | T5: 金额单位：人民币元 | V5: 1、企业资料 | AD5: 2、现场调查 | AQ5: 3、评定估算 | BB5: 4、结果分析
A6: 序号 | B6: 名称及规格型号 | C6: 计量单位 | D6: 存放地点 | E6: 审计前账面价值 | H6: 审计调整 | K6: 账面价值 | N6: 购进年月 | O6: 基准日近期单价 | P6: 评估价值 | S6: 增值率% | T6: 备注 | V6: 账册 | W6: 合同 | X6: 发票 | Y6: 文件 | Z6: 单据 凭证 | AA6: 情况 说明 | AB6: 其他资料 | AD6: 调查程序 | AK6: 账实核实情况 | AM6: 权属核实情况 | AO6: 其他特殊事项说明 | AQ6: 评估方法 | AR6: 评估依据 | AT6: 估算过程 及参数选取（可以根据资产实际情况调整测算过程） | AZ6: 评估价值 | BB6: 增减值率％ | BC6: 增减值原因 | BD6: 特别事项说明
E7: 数量 | F7: 单价 | G7: 金额 | H7: 数量 | I7: 单价 | J7: 金额 | K7: 数量 | L7: 单价 | M7: 金额 | P7: 实际数量 | Q7: 评估单价 | R7: 金额 | AD7: 访谈 | AE7: 盘点 | AF7: 函证 | AG7: 核实 | AH7: 权属核对 | AI7: 受限处理 | AJ7: 其他 | AK7: 核实结果 | AL7: 账实说明 | AM7: 核实结果 | AN7: 权属说明 | AR7: 取价依据 | AS7: 依据补充说明 | AT7: 状态 | AU7: 市场价 | AV7: 运杂费率 | AW7: 贬值率
A8: =IF(B8="","",ROW()-7) | K8: =E8+H8 -> 0 | L8: =IFERROR(M8/K8,"") | M8: =J8+G8 -> 0 | R8: =P8*Q8 -> 0 | S8: =IF(M8=0,"",(R8-M8)/M8*100) | AZ8: =AU8*(1+AV8)*(1-AW8) -> 0 | BB8: =IFERROR((AZ8-M7)/(M7)*100,"")
A9: =IF(B9="","",ROW()-7) | K9: =E9+H9 -> 0 | L9: =IFERROR(M9/K9,"") | M9: =J9+G9 -> 0 | R9: =P9*Q9 -> 0 | S9: =IF(M9=0,"",(R9-M9)/M9*100) | AZ9: =AU9*(1+AV9)*(1-AW9) -> 0 | BB9: =IFERROR((AZ9-M8)/(M8)*100,"")
A10: =IF(B10="","",ROW()-7) | K10: =E10+H10 -> 0 | L10: =IFERROR(M10/K10,"") | M10: =J10+G10 -> 0 | R10: =P10*Q10 -> 0 | S10: =IF(M10=0,"",(R10-M10)/M10*100) | AZ10: =AU10*(1+AV10)*(1-AW10) -> 0 | BB10: =IFERROR((AZ10-M9)/(M9)*100,"")
A11: =IF(B11="","",ROW()-7) | K11: =E11+H11 -> 0 | L11: =IFERROR(M11/K11,"") | M11: =J11+G11 -> 0 | R11: =P11*Q11 -> 0 | S11: =IF(M11=0,"",(R11-M11)/M11*100) | AZ11: =AU11*(1+AV11)*(1-AW11) -> 0 | BB11: =IFERROR((AZ11-M10)/(M10)*100,"")
A12: =IF(B12="","",ROW()-7) | K12: =E12+H12 -> 0 | L12: =IFERROR(M12/K12,"") | M12: =J12+G12 -> 0 | R12: =P12*Q12 -> 0 | S12: =IF(M12=0,"",(R12-M12)/M12*100) | AZ12: =AU12*(1+AV12)*(1-AW12) -> 0 | BB12: =IFERROR((AZ12-M11)/(M11)*100,"")
A13: =IF(B13="","",ROW()-7) | K13: =E13+H13 -> 0 | L13: =IFERROR(M13/K13,"") | M13: =J13+G13 -> 0 | R13: =P13*Q13 -> 0 | S13: =IF(M13=0,"",(R13-M13)/M13*100) | AZ13: =AU13*(1+AV13)*(1-AW13) -> 0 | BB13: =IFERROR((AZ13-M12)/(M12)*100,"")
A14: =IF(B14="","",ROW()-7) | K14: =E14+H14 -> 0 | L14: =IFERROR(M14/K14,"") | M14: =J14+G14 -> 0 | R14: =P14*Q14 -> 0 | S14: =IF(M14=0,"",(R14-M14)/M14*100) | AZ14: =AU14*(1+AV14)*(1-AW14) -> 0 | BB14: =IFERROR((AZ14-M13)/(M13)*100,"")
A15: =IF(B15="","",ROW()-7) | K15: =E15+H15 -> 0 | L15: =IFERROR(M15/K15,"") | M15: =J15+G15 -> 0 | R15: =P15*Q15 -> 0 | S15: =IF(M15=0,"",(R15-M15)/M15*100) | AZ15: =AU15*(1+AV15)*(1-AW15) -> 0 | BB15: =IFERROR((AZ15-M14)/(M14)*100,"")
A16: =IF(B16="","",ROW()-7) | K16: =E16+H16 -> 0 | L16: =IFERROR(M16/K16,"") | M16: =J16+G16 -> 0 | R16: =P16*Q16 -> 0 | S16: =IF(M16=0,"",(R16-M16)/M16*100) | AZ16: =AU16*(1+AV16)*(1-AW16) -> 0 | BB16: =IFERROR((AZ16-M15)/(M15)*100,"")
A17: =IF(B17="","",ROW()-7) | K17: =E17+H17 -> 0 | L17: =IFERROR(M17/K17,"") | M17: =J17+G17 -> 0 | R17: =P17*Q17 -> 0 | S17: =IF(M17=0,"",(R17-M17)/M17*100) | AZ17: =AU17*(1+AV17)*(1-AW17) -> 0 | BB17: =IFERROR((AZ17-M16)/(M16)*100,"")
A18: =IF(B18="","",ROW()-7) | K18: =E18+H18 -> 0 | L18: =IFERROR(M18/K18,"") | M18: =J18+G18 -> 0 | R18: =P18*Q18 -> 0 | S18: =IF(M18=0,"",(R18-M18)/M18*100) | AZ18: =AU18*(1+AV18)*(1-AW18) -> 0 | BB18: =IFERROR((AZ18-M17)/(M17)*100,"")
A19: =IF(B19="","",ROW()-7) | K19: =E19+H19 -> 0 | L19: =IFERROR(M19/K19,"") | M19: =J19+G19 -> 0 | R19: =P19*Q19 -> 0 | S19: =IF(M19=0,"",(R19-M19)/M19*100) | AZ19: =AU19*(1+AV19)*(1-AW19) -> 0 | BB19: =IFERROR((AZ19-M18)/(M18)*100,"")
... A27: =IF(B27="","",ROW()-7) | K27: =E27+H27 -> 0 | L27: =IFERROR(M27/K27,"") | M27: =J27+G27 -> 0 | R27: =P27*Q27 -> 0 | S27: =IF(M27=0,"",(R27-M27)/M27*100) | AZ27: =AU27*(1+AV27)*(1-AW27) -> 0 | BB27: =IFERROR((AZ27-M26)/(M26)*100,"")
A28: 合计 | E28: =SUM(E8:E27) -> 0 | G28: =SUM(G8:G27) -> 0 | H28: =SUM(H8:H27) -> 0 | J28: =SUM(J8:J27) -> 0 | K28: =SUM(K8:K27) -> 0 | M28: =SUM(M8:M27) -> 0 | P28: =SUM(P8:P27) -> 0 | R28: =SUM(R8:R27) -> 0 | S28: =IF(M28=0,"",(R28-M28)/M28*100) | AZ28: =AU28*(1+AV28)*(1-AW28) -> 0 | BB28: =IFERROR((AZ28-M27)/(M27)*100,"")
A29: =基本信息输入表!$K$6&"填表人："&基本信息输入表!$M$28 -> 产权持有单位填表人：王若初 | R29: ="评估人员："&基本信息输入表!$Q$28 -> 评估人员：王秀红 | AZ29: =AU29*(1+AV29)*(1-AW29) -> 0 | BB29: =IFERROR((AZ29-M28)/(M28)*100,"")
A30: ="填表日期："&YEAR(基本信息输入表!$O$28)&"年"&MONTH(基本信息输入表!$O$28)&"月"&DAY(基本信息输入表!$O$28)&"日" -> 填表日期：2023年2月15日
U31: 打印边界

Sheet 3-9-4委托加工物资
A1: 返回索引目录
A2: 存货—委托加工物资评估明细表
A3: ="评估基准日："&TEXT(基本信息输入表!M7,"yyyy年mm月dd日") -> 评估基准日：2023年01月31日
Q4: 表3-9-4
A5: =基本信息输入表!K6&"："&基本信息输入表!M6 -> 产权持有单位：山东烟草投资管理有限公司 | R5: 金额单位：人民币元 | T5: 1、企业资料 | AB5: 2、现场调查 | AN5: 3、评定估算 | AQ5: 4、结果分析
A6: 序号 | B6: 名称及规格型号 | C6: 加工单位名称 | D6: 计量单位 | E6: 审计前账面价值 | H6: 审计调整 | K6: 账面价值 | N6: 评估价值 | Q6: 增值率% | R6: 备注 | T6: 账册 | U6: 合同 | V6: 发票 | W6: 文件 | X6: 单据 凭证 | Y6: 情况 说明 | Z6: 其他资料 | AB6: 调查程序 | AH6: 账实核实情况 | AJ6: 权属核实情况 | AL6: 其他特殊事项说明 | AN6: 评估方法 | AO6: 评估价值 | AQ6: 增减值率％ | AR6: 增减值原因 | AS6: 特别事项说明
E7: 数量 | F7: 单价 | G7: 金额 | H7: 数量 | I7: 单价 | J7: 金额 | K7: 数量 | L7: 单价 | M7: 金额 | N7: 实际数量 | O7: 评估单价 | P7: 金额 | AB7: 访谈 | AC7: 函证 | AD7: 核实 | AE7: 权属核对 | AF7: 受限处理 | AG7: 其他 | AH7: 核实结果 | AI7: 账实说明 | AJ7: 核实结果 | AK7: 权属说明
A8: =IF(B8="","",ROW()-7) | K8: =E8+H8 -> 0 | L8: =IFERROR(M8/K8,"") | M8: =J8+G8 -> 0 | P8: =N8*O8 -> 0 | Q8: =IF(M8=0,"",(P8-M8)/M8*100) | AQ8: =IFERROR((AO8-M7)/(M7)*100,"")
A9: =IF(B9="","",ROW()-7) | K9: =E9+H9 -> 0 | L9: =IFERROR(M9/K9,"") | M9: =J9+G9 -> 0 | P9: =N9*O9 -> 0 | Q9: =IF(M9=0,"",(P9-M9)/M9*100) | AQ9: =IFERROR((AO9-M8)/(M8)*100,"")
A10: =IF(B10="","",ROW()-7) | K10: =E10+H10 -> 0 | L10: =IFERROR(M10/K10,"") | M10: =J10+G10 -> 0 | P10: =N10*O10 -> 0 | Q10: =IF(M10=0,"",(P10-M10)/M10*100) | AQ10: =IFERROR((AO10-M9)/(M9)*100,"")
A11: =IF(B11="","",ROW()-7) | K11: =E11+H11 -> 0 | L11: =IFERROR(M11/K11,"") | M11: =J11+G11 -> 0 | P11: =N11*O11 -> 0 | Q11: =IF(M11=0,"",(P11-M11)/M11*100) | AQ11: =IFERROR((AO11-M10)/(M10)*100,"")
A12: =IF(B12="","",ROW()-7) | K12: =E12+H12 -> 0 | L12: =IFERROR(M12/K12,"") | M12: =J12+G12 -> 0 | P12: =N12*O12 -> 0 | Q12: =IF(M12=0,"",(P12-M12)/M12*100) | AQ12: =IFERROR((AO12-M11)/(M11)*100,"")
A13: =IF(B13="","",ROW()-7) | K13: =E13+H13 -> 0 | L13: =IFERROR(M13/K13,"") | M13: =J13+G13 -> 0 | P13: =N13*O13 -> 0 | Q13: =IF(M13=0,"",(P13-M13)/M13*100) | AQ13: =IFERROR((AO13-M12)/(M12)*100,"")
A14: =IF(B14="","",ROW()-7) | K14: =E14+H14 -> 0 | L14: =IFERROR(M14/K14,"") | M14: =J14+G14 -> 0 | P14: =N14*O14 -> 0 | Q14: =IF(M14=0,"",(P14-M14)/M14*100) | AQ14: =IFERROR((AO14-M13)/(M13)*100,"")
A15: =IF(B15="","",ROW()-7) | K15: =E15+H15 -> 0 | L15: =IFERROR(M15/K15,"") | M15: =J15+G15 -> 0 | P15: =N15*O15 -> 0 | Q15: =IF(M15=0,"",(P15-M15)/M15*100) | AQ15: =IFERROR((AO15-M14)/(M14)*100,"")
A16: =IF(B16="","",ROW()-7) | K16: =E16+H16 -> 0 | L16: =IFERROR(M16/K16,"") | M16: =J16+G16 -> 0 | P16: =N16*O16 -> 0 | Q16: =IF(M16=0,"",(P16-M16)/M16*100) | AQ16: =IFERROR((AO16-M15)/(M15)*100,"")
A17: =IF(B17="","",ROW()-7) | K17: =E17+H17 -> 0 | L17: =IFERROR(M17/K17,"") | M17: =J17+G17 -> 0 | P17: =N17*O17 -> 0 | Q17: =IF(M17=0,"",(P17-M17)/M17*100) | AQ17: =IFERROR((AO17-M16)/(M16)*100,"")
A18: =IF(B18="","",ROW()-7) | K18: =E18+H18 -> 0 | L18: =IFERROR(M18/K18,"") | M18: =J18+G18 -> 0 | P18: =N18*O18 -> 0 | Q18: =IF(M18=0,"",(P18-M18)/M18*100) | AQ18: =IFERROR((AO18-M17)/(M17)*100,"")
A19: =IF(B19="","",ROW()-7) | K19: =E19+H19 -> 0 | L19: =IFERROR(M19/K19,"") | M19: =J19+G19 -> 0 | P19: =N19*O19 -> 0 | Q19: =IF(M19=0,"",(P19-M19)/M19*100) | AQ19: =IFERROR((AO19-M18)/(M18)*100,"")
... A27: =IF(B27="","",ROW()-7) | K27: =E27+H27 -> 0 | L27: =IFERROR(M27/K27,"") | M27: =J27+G27 -> 0 | P27: =N27*O27 -> 0 | Q27: =IF(M27=0,"",(P27-M27)/M27*100) | AQ27: =IFERROR((AO27-M26)/(M26)*100,"")
A28: 合 计 | E28: =SUM(E8:E27) -> 0 | G28: =SUM(G8:G27) -> 0 | H28: =SUM(H8:H27) -> 0 | J28: =SUM(J8:J27) -> 0 | K28: =SUM(K8:K27) -> 0 | M28: =SUM(M8:M27) -> 0 | N28: =SUM(N8:N27) -> 0 | P28: =SUM(P8:P27) -> 0 | AQ28: =IFERROR((AO28-M27)/(M27)*100,"")
A29: =基本信息输入表!$K$6&"填表人："&基本信息输入表!$M$29 -> 产权持有单位填表人：王若初 | P29: ="评估人员："&基本信息输入表!$Q$29 -> 评估人员：王秀红
A30: ="填表日期："&YEAR(基本信息输入表!$O$29)&"年"&MONTH(基本信息输入表!$O$29)&"月"&DAY(基本信息输入表!$O$29)&"日" -> 填表日期：2023年2月15日
S31: 打印边界

Sheet 3-9-5产成品(库存商品)
A1: 返回索引目录
A2: 存货—产成品（库存商品、开发产品、农产品）评估明细表
A3: ="评估基准日："&TEXT(基本信息输入表!M7,"yyyy年mm月dd日") -> 评估基准日：2023年01月31日
W4: 表3-9-5
A5: =基本信息输入表!K6&"："&基本信息输入表!M6 -> 产权持有单位：山东烟草投资管理有限公司 | W5: 金额单位：人民币元 | Y5: 1、企业资料 | AF5: 2、现场调查 | AO5: 3、评定估算 | BB5: 4、结果分析
A6: 序号 | B6: 名 称 | C6: 规格型号 | D6: 计量单位 | E6: 基准日不含增值税销售单价 | F6: 销售状态 畅销/正常/滞销 | G6: 审计前账面价值 | J6: 审计前计提减值准备金额 | K6: 审计调整 | N6: 审计调整计提减值准备金额 | O6: 账面价值 | R6: 计提减值准备金额 | S6: 评估价值 | V6: 增值率% | W6: 备注 | Y6: 账册 | Z6: 合同 | AA6: 发票 | AB6: 单据 凭证 | AC6: 情况 说明 | AD6: 其他资料 | AF6: 调查程序 | AK6: 账实核实情况 | AM6: 其他特殊事项说明 | AO6: 评估方法 | AP6: 评估依据 | AR6: 估算过程 及参数选取（可以根据资产实际情况调整测算过程） | AZ6: 评估价值 | BB6: 增减值率％ | BC6: 增减值原因 | BD6: 特别事项说明
G7: 数量 | H7: 单价 | I7: 金额 | K7: 数量 | L7: 单价 | M7: 金额 | O7: 数量 | P7: 单价 | Q7: 金额 | S7: 实际数量 | T7: 评估单价 | U7: 金额 | AF7: 访谈 | AG7: 盘点 | AH7: 核实 | AI7: 受限处理 | AJ7: 其他 | AK7: 核实结果 | AL7: 账实说明 | AP7: 取价依据 | AQ7: 依据补充说明 | AR7: 不含税售价 | AS7: 税金及附加率 | AT7: 销售费用率 | AU7: 利润率 | AV7: 所得税率 | AW7: 净利润率 | AX7: 净利润扣减比例
A8: =IF(B8="","",ROW()-7) -> 1 | B8: 德州磊科WLAN网卡 | C8: 德州磊科WLAN网卡 | D8: 个 | O8: =G8+K8 -> 0 | P8: =IFERROR(Q8/O8,"") | Q8: =I8+M8 -> 0 | R8: =J8+N8 -> 0 | U8: =S8*T8 -> 0 | V8: =IF(Q8-R8=0,"",(U8-Q8+R8)/(Q8-R8)*100) | W8: 已报废 | AZ8: =AR8*(1-AS8-AT8-AU8*AV8-AW8*AX8) -> 0 | BB8: =IFERROR((AZ8-Q7+R7)/(Q7-R7)*100,"")
A9: =IF(B9="","",ROW()-7) -> 2 | B9: TD上网卡上海贝尔T920 | C9: TD上网卡上海贝尔T920 | D9: 个 | O9: =G9+K9 -> 0 | P9: =IFERROR(Q9/O9,"") | Q9: =I9+M9 -> 0 | R9: =J9+N9 -> 0 | U9: =S9*T9 -> 0 | V9: =IF(Q9-R9=0,"",(U9-Q9+R9)/(Q9-R9)*100) | W9: 已报废 | AZ9: =AR9*(1-AS9-AT9-AU9*AV9-AW9*AX9) -> 0 | BB9: =IFERROR((AZ9-Q8+R8)/(Q8-R8)*100,"")
A10: =IF(B10="","",ROW()-7) -> 3 | B10: 中兴A361(T+W)网卡 | C10: 中兴A361(T+W)网卡 | D10: 个 | O10: =G10+K10 -> 0 | P10: =IFERROR(Q10/O10,"") | Q10: =I10+M10 -> 0 | R10: =J10+N10 -> 0 | U10: =S10*T10 -> 0 | V10: =IF(Q10-R10=0,"",(U10-Q10+R10)/(Q10-R10)*100) | W10: 已报废 | AZ10: =AR10*(1-AS10-AT10-AU10*AV10-AW10*AX10) -> 0 | BB10: =IFERROR((AZ10-Q9+R9)/(Q9-R9)*100,"")
A11: =IF(B11="","",ROW()-7) -> 4 | B11: 德州内存卡 | C11: 德州内存卡 | D11: 个 | O11: =G11+K11 -> 0 | P11: =IFERROR(Q11/O11,"") | Q11: =I11+M11 -> 0 | R11: =J11+N11 -> 0 | U11: =S11*T11 -> 0 | V11: =IF(Q11-R11=0,"",(U11-Q11+R11)/(Q11-R11)*100) | W11: 已报废 | AZ11: =AR11*(1-AS11-AT11-AU11*AV11-AW11*AX11) -> 0 | BB11: =IFERROR((AZ11-Q10+R10)/(Q10-R10)*100,"")
A12: =IF(B12="","",ROW()-7) -> 5 | B12: 社区WLAN高增益放大器 | C12: 德州社区WLAN高增益放大器 | D12: 台 | O12: =G12+K12 -> 0 | P12: =IFERROR(Q12/O12,"") | Q12: =I12+M12 -> 0 | R12: =J12+N12 -> 0 | U12: =S12*T12 -> 0 | V12: =IF(Q12-R12=0,"",(U12-Q12+R12)/(Q12-R12)*100) | W12: 已报废 | AZ12: =AR12*(1-AS12-AT12-AU12*AV12-AW12*AX12) -> 0 | BB12: =IFERROR((AZ12-Q11+R11)/(Q11-R11)*100,"")
A13: =IF(B13="","",ROW()-7) -> 6 | B13: 德州星网锐捷定位设备 | C13: 德州星网锐捷定位设备 | D13: 台 | O13: =G13+K13 -> 0 | P13: =IFERROR(Q13/O13,"") | Q13: =I13+M13 -> 0 | R13: =J13+N13 -> 0 | U13: =S13*T13 -> 0 | V13: =IF(Q13-R13=0,"",(U13-Q13+R13)/(Q13-R13)*100) | W13: 已报废 | AZ13: =AR13*(1-AS13-AT13-AU13*AV13-AW13*AX13) -> 0 | BB13: =IFERROR((AZ13-Q12+R12)/(Q12-R12)*100,"")
A14: =IF(B14="","",ROW()-7) -> 7 | B14: 德州管理助手设备 | C14: 德州管理助手设备 | D14: 台 | O14: =G14+K14 -> 0 | P14: =IFERROR(Q14/O14,"") | Q14: =I14+M14 -> 0 | R14: =J14+N14 -> 0 | U14: =S14*T14 -> 0 | V14: =IF(Q14-R14=0,"",(U14-Q14+R14)/(Q14-R14)*100) | W14: 已报废 | AZ14: =AR14*(1-AS14-AT14-AU14*AV14-AW14*AX14) -> 0 | BB14: =IFERROR((AZ14-Q13+R13)/(Q13-R13)*100,"")
A15: =IF(B15="","",ROW()-7) -> 8 | B15: 德州行车无忧 | C15: 德州行车无忧 | D15: 台 | O15: =G15+K15 -> 0 | P15: =IFERROR(Q15/O15,"") | Q15: =I15+M15 -> 0 | R15: =J15+N15 -> 0 | U15: =S15*T15 -> 0 | V15: =IF(Q15-R15=0,"",(U15-Q15+R15)/(Q15-R15)*100) | W15: 已报废 | AZ15: =AR15*(1-AS15-AT15-AU15*AV15-AW15*AX15) -> 0 | BB15: =IFERROR((AZ15-Q14+R14)/(Q14-R14)*100,"")
A16: =IF(B16="","",ROW()-7) -> 9 | B16: 德州泰比特定位设备 | C16: 德州泰比特定位设备 | D16: 台 | O16: =G16+K16 -> 0 | P16: =IFERROR(Q16/O16,"") | Q16: =I16+M16 -> 0 | R16: =J16+N16 -> 0 | U16: =S16*T16 -> 0 | V16: =IF(Q16-R16=0,"",(U16-Q16+R16)/(Q16-R16)*100) | W16: 已报废 | AZ16: =AR16*(1-AS16-AT16-AU16*AV16-AW16*AX16) -> 0 | BB16: =IFERROR((AZ16-Q15+R15)/(Q15-R15)*100,"")
A17: =IF(B17="","",ROW()-7) -> 10 | B17: 2.4G无线网络适配器 | C17: 2.4G无线网络适配器(10米延长线无防) | D17: 个 | O17: =G17+K17 -> 0 | P17: =IFERROR(Q17/O17,"") | Q17: =I17+M17 -> 0 | R17: =J17+N17 -> 0 | U17: =S17*T17 -> 0 | V17: =IF(Q17-R17=0,"",(U17-Q17+R17)/(Q17-R17)*100) | W17: 已报废 | AZ17: =AR17*(1-AS17-AT17-AU17*AV17-AW17*AX17) -> 0 | BB17: =IFERROR((AZ17-Q16+R16)/(Q16-R16)*100,"")
A18: =IF(B18="","",ROW()-7) | V18: =IF(Q18-R18=0,"",(U18-Q18+R18)/(Q18-R18)*100) | AZ18: =AR18*(1-AS18-AT18-AU18*AV18-AW18*AX18) -> 0 | BB18: =IFERROR((AZ18-Q17+R17)/(Q17-R17)*100,"")
A19: =IF(B19="","",ROW()-7) | V19: =IF(Q19-R19=0,"",(U19-Q19+R19)/(Q19-R19)*100) | AZ19: =AR19*(1-AS19-AT19-AU19*AV19-AW19*AX19) -> 0 | BB19: =IFERROR((AZ19-#REF!+#REF!)/(#REF!-#REF!)*100,"")
A20: =IF(B20="","",ROW()-7) | V20: =IF(Q20-R20=0,"",(U20-Q20+R20)/(Q20-R20)*100) | AZ20: =AR20*(1-AS20-AT20-AU20*AV20-AW20*AX20) -> 0 | BB20: =IFERROR((AZ20-Q19+R19)/(Q19-R19)*100,"")
A21: =IF(B21="","",ROW()-7) | V21: =IF(Q21-R21=0,"",(U21-Q21+R21)/(Q21-R21)*100) | AZ21: =AR21*(1-AS21-AT21-AU21*AV21-AW21*AX21) -> 0 | BB21: =IFERROR((AZ21-Q20+R20)/(Q20-R20)*100,"")
A22: 合 计 | G22: =SUM(G8:G21) -> 0 | I22: =SUM(I8:I21) -> 0 | J22: =SUM(J8:J21) -> 0 | K22: =SUM(K8:K21) -> 0 | M22: =SUM(M8:M21) -> 0 | N22: =SUM(N8:N21) -> 0 | O22: =SUM(O8:O21) -> 0 | Q22: =SUM(Q8:Q21) -> 0 | R22: =SUM(R8:R21) -> 0 | S22: =SUM(S8:S21) -> 0 | U22: =SUM(U8:U21) -> 0 | V22: =IF(Q22-R22=0,"",(U22-Q22+R22)/(Q22-R22)*100) | AZ22: =AR22*(1-AS22-AT22-AU22*AV22-AW22*AX22) -> 0 | BB22: =IFERROR((AZ22-Q21+R21)/(Q21-R21)*100,"")
A23: =基本信息输入表!$K$6&"填表人："&基本信息输入表!$M$30 -> 产权持有单位填表人：王若初 | U23: ="评估人员："&基本信息输入表!$Q$30 -> 评估人员：王秀红
A24: ="填表日期："&YEAR(基本信息输入表!$O$30)&"年"&MONTH(基本信息输入表!$O$30)&"月"&DAY(基本信息输入表!$O$30)&"日" -> 填表日期：2023年2月15日
X25: 打印边界

Sheet 3-9-6在产品（自制半成品）
A1: 返回索引目录
A2: 存货—在产品（自制半成品）评估明细表
A3: ="评估基准日："&TEXT(基本信息输入表!M7,"yyyy年mm月dd日") -> 评估基准日：2023年01月31日
R4: 表3-9-6
A5: =基本信息输入表!K6&"："&基本信息输入表!M6 -> 产权持有单位：山东烟草投资管理有限公司 | R5: 金额单位：人民币元 | T5: 1、企业资料 | AA5: 2、现场调查 | AJ5: 3、评定估算 | AX5: 4、结果分析
A6: 序号 | B6: 名称及规格型号 | C6: 计量单位 | D6: 审计前账面价值 | G6: 审计调整 | J6: 账面价值 | M6: 完工程度% | N6: 评估价值 | Q6: 增值率% | R6: 备注 | T6: 账册 | U6: 合同 | V6: 发票 | W6: 单据 凭证 | X6: 情况 说明 | Y6: 其他资料 | AA6: 调查程序 | AF6: 账实核实情况 | AH6: 其他特殊事项说明 | AJ6: 评估方法 | AK6: 评估依据 | AM6: 估算过程及参数选取（可以根据资产实际情况调整测算过程） | AV6: 评估价值 | AX6: 增减值率％ | AY6: 增减值原因 | AZ6: 特别事项说明
D7: 数量 | E7: 单价 | F7: 金额 | G7: 数量 | H7: 单价 | I7: 金额 | J7: 数量 | K7: 单价 | L7: 金额 | N7: 实际数量 | O7: 评估单价 | P7: 金额 | AA7: 访谈 | AB7: 盘点 | AC7: 核实 | AD7: 受限处理 | AE7: 其他 | AF7: 核实结果 | AG7: 账实说明 | AK7: 取价依据 | AL7: 依据补充说明 | AM7: 不含税售价 | AN7: 税金及附加率 | AO7: 销售费用率 | AP7: 利润率 | AQ7: 所得税率 | AR7: 净利润率 | AS7: 净利润扣减比例 | AT7: 完工比例
A8: =IF(B8="","",ROW()-7) | J8: =D8+G8 -> 0 | K8: =IFERROR(L8/J8,"") | L8: =I8+F8 -> 0 | P8: =N8*O8 -> 0 | Q8: =IF(L8=0,"",(P8-L8)/L8*100) | AX8: =IFERROR((AV8-L7)/(L7)*100,"")
A9: =IF(B9="","",ROW()-7) | J9: =D9+G9 -> 0 | K9: =IFERROR(L9/J9,"") | L9: =I9+F9 -> 0 | P9: =N9*O9 -> 0 | Q9: =IF(L9=0,"",(P9-L9)/L9*100) | AX9: =IFERROR((AV9-L8)/(L8)*100,"")
A10: =IF(B10="","",ROW()-7) | J10: =D10+G10 -> 0 | K10: =IFERROR(L10/J10,"") | L10: =I10+F10 -> 0 | P10: =N10*O10 -> 0 | Q10: =IF(L10=0,"",(P10-L10)/L10*100) | AX10: =IFERROR((AV10-L9)/(L9)*100,"")
A11: =IF(B11="","",ROW()-7) | J11: =D11+G11 -> 0 | K11: =IFERROR(L11/J11,"") | L11: =I11+F11 -> 0 | P11: =N11*O11 -> 0 | Q11: =IF(L11=0,"",(P11-L11)/L11*100) | AX11: =IFERROR((AV11-L10)/(L10)*100,"")
A12: =IF(B12="","",ROW()-7) | J12: =D12+G12 -> 0 | K12: =IFERROR(L12/J12,"") | L12: =I12+F12 -> 0 | P12: =N12*O12 -> 0 | Q12: =IF(L12=0,"",(P12-L12)/L12*100) | AX12: =IFERROR((AV12-L11)/(L11)*100,"")
A13: =IF(B13="","",ROW()-7) | J13: =D13+G13 -> 0 | K13: =IFERROR(L13/J13,"") | L13: =I13+F13 -> 0 | P13: =N13*O13 -> 0 | Q13: =IF(L13=0,"",(P13-L13)/L13*100) | AX13: =IFERROR((AV13-L12)/(L12)*100,"")
A14: =IF(B14="","",ROW()-7) | J14: =D14+G14 -> 0 | K14: =IFERROR(L14/J14,"") | L14: =I14+F14 -> 0 | P14: =N14*O14 -> 0 | Q14: =IF(L14=0,"",(P14-L14)/L14*100) | AX14: =IFERROR((AV14-L13)/(L13)*100,"")
A15: =IF(B15="","",ROW()-7) | J15: =D15+G15 -> 0 | K15: =IFERROR(L15/J15,"") | L15: =I15+F15 -> 0 | P15: =N15*O15 -> 0 | Q15: =IF(L15=0,"",(P15-L15)/L15*100) | AX15: =IFERROR((AV15-L14)/(L14)*100,"")
A16: =IF(B16="","",ROW()-7) | J16: =D16+G16 -> 0 | K16: =IFERROR(L16/J16,"") | L16: =I16+F16 -> 0 | P16: =N16*O16 -> 0 | Q16: =IF(L16=0,"",(P16-L16)/L16*100) | AX16: =IFERROR((AV16-L15)/(L15)*100,"")
A17: =IF(B17="","",ROW()-7) | J17: =D17+G17 -> 0 | K17: =IFERROR(L17/J17,"") | L17: =I17+F17 -> 0 | P17: =N17*O17 -> 0 | Q17: =IF(L17=0,"",(P17-L17)/L17*100) | AX17: =IFERROR((AV17-L16)/(L16)*100,"")
A18: =IF(B18="","",ROW()-7) | J18: =D18+G18 -> 0 | K18: =IFERROR(L18/J18,"") | L18: =I18+F18 -> 0 | P18: =N18*O18 -> 0 | Q18: =IF(L18=0,"",(P18-L18)/L18*100) | AX18: =IFERROR((AV18-L17)/(L17)*100,"")
A19: =IF(B19="","",ROW()-7) | J19: =D19+G19 -> 0 | K19: =IFERROR(L19/J19,"") | L19: =I19+F19 -> 0 | P19: =N19*O19 -> 0 | Q19: =IF(L19=0,"",(P19-L19)/L19*100) | AX19: =IFERROR((AV19-L18)/(L18)*100,"")
... A27: =IF(B27="","",ROW()-7) | J27: =D27+G27 -> 0 | K27: =IFERROR(L27/J27,"") | L27: =I27+F27 -> 0 | P27: =N27*O27 -> 0 | Q27: =IF(L27=0,"",(P27-L27)/L27*100) | AX27: =IFERROR((AV27-L26)/(L26)*100,"")
A28: 合 计 | D28: =SUM(D8:D27) -> 0 | F28: =SUM(F8:F27) -> 0 | G28: =SUM(G8:G27) -> 0 | I28: =SUM(I8:I27) -> 0 | J28: =SUM(J8:J27) -> 0 | L28: =SUM(L8:L27) -> 0 | N28: =SUM(N8:N27) -> 0 | P28: =SUM(P8:P27) -> 0 | Q28: =IF(L28=0,"",(P28-L28)/L28*100) | AX28: =IFERROR((AV28-L27)/(L27)*100,"")
A29: =基本信息输入表!$K$6&"填表人："&基本信息输入表!$M$31 -> 产权持有单位填表人：王若初 | P29: ="评估人员："&基本信息输入表!$Q$31 -> 评估人员：王秀红
A30: ="填表日期："&YEAR(基本信息输入表!$O$31)&"年"&MONTH(基本信息输入表!$O$31)&"月"&DAY(基本信息输入表!$O$31)&"日" -> 填表日期：2023年2月15日
S31: 打印边界

Sheet 3-9-7发出商品
A1: 返回索引目录
A2: 存货—发出商品评估明细表
A3: ="评估基准日："&TEXT(基本信息输入表!M7,"yyyy年mm月dd日") -> 评估基准日：2023年01月31日
Q4: 表3-9-7
A5: =基本信息输入表!K6&"："&基本信息输入表!M6 -> 产权持有单位：山东烟草投资管理有限公司 | R5: 金额单位：人民币元 | T5: 1、企业资料 | AB5: 2、现场调查 | AN5: 3、评定估算 | AX5: 4、结果分析
A6: 序号 | B6: 商品名称 | C6: 对方单位名称 | D6: 计量单位 | E6: 审计前账面价值 | H6: 审计调整 | K6: 账面价值 | N6: 评估价值 | Q6: 增值率% | R6: 备注 | T6: 账册 | U6: 合同 | V6: 发票 | W6: 文件 | X6: 单据 凭证 | Y6: 情况 说明 | Z6: 其他资料 | AB6: 调查程序 | AH6: 账实核实情况 | AJ6: 权属核实情况 | AL6: 其他特殊事项说明 | AN6: 评估方法 | AO6: 评估依据 | AQ6: 估算过程及参数选取（可以根据资产实际情况调整测算过程） | AV6: 评估价值 | AX6: 增减值率％ | AY6: 增减值原因 | AZ6: 特别事项说明
E7: 数量 | F7: 单价 | G7: 金额 | H7: 数量 | I7: 单价 | J7: 金额 | K7: 数量 | L7: 单价 | M7: 金额 | N7: 实际数量 | O7: 评估单价 | P7: 金额 | AB7: 访谈 | AC7: 函证 | AD7: 核实 | AE7: 权属核对 | AF7: 受限处理 | AG7: 其他 | AH7: 核实结果 | AI7: 账实说明 | AJ7: 核实结果 | AK7: 权属说明 | AO7: 取价依据 | AP7: 依据补充说明
A8: =IF(B8="","",ROW()-7) | K8: =E8+H8 -> 0 | L8: =IFERROR(M8/K8,"") | M8: =J8+G8 -> 0 | P8: =N8*O8 -> 0 | Q8: =IF(M8=0,"",(P8-M8)/M8*100) | AX8: =IFERROR((AV8-M7)/(M7)*100,"")
A9: =IF(B9="","",ROW()-7) | K9: =E9+H9 -> 0 | L9: =IFERROR(M9/K9,"") | M9: =J9+G9 -> 0 | P9: =N9*O9 -> 0 | Q9: =IF(M9=0,"",(P9-M9)/M9*100) | AX9: =IFERROR((AV9-M8)/(M8)*100,"")
A10: =IF(B10="","",ROW()-7) | K10: =E10+H10 -> 0 | L10: =IFERROR(M10/K10,"") | M10: =J10+G10 -> 0 | P10: =N10*O10 -> 0 | Q10: =IF(M10=0,"",(P10-M10)/M10*100) | AX10: =IFERROR((AV10-M9)/(M9)*100,"")
A11: =IF(B11="","",ROW()-7) | K11: =E11+H11 -> 0 | L11: =IFERROR(M11/K11,"") | M11: =J11+G11 -> 0 | P11: =N11*O11 -> 0 | Q11: =IF(M11=0,"",(P11-M11)/M11*100) | AX11: =IFERROR((AV11-M10)/(M10)*100,"")
A12: =IF(B12="","",ROW()-7) | K12: =E12+H12 -> 0 | L12: =IFERROR(M12/K12,"") | M12: =J12+G12 -> 0 | P12: =N12*O12 -> 0 | Q12: =IF(M12=0,"",(P12-M12)/M12*100) | AX12: =IFERROR((AV12-M11)/(M11)*100,"")
A13: =IF(B13="","",ROW()-7) | K13: =E13+H13 -> 0 | L13: =IFERROR(M13/K13,"") | M13: =J13+G13 -> 0 | P13: =N13*O13 -> 0 | Q13: =IF(M13=0,"",(P13-M13)/M13*100) | AX13: =IFERROR((AV13-M12)/(M12)*100,"")
A14: =IF(B14="","",ROW()-7) | K14: =E14+H14 -> 0 | L14: =IFERROR(M14/K14,"") | M14: =J14+G14 -> 0 | P14: =N14*O14 -> 0 | Q14: =IF(M14=0,"",(P14-M14)/M14*100) | AX14: =IFERROR((AV14-M13)/(M13)*100,"")
A15: =IF(B15="","",ROW()-7) | K15: =E15+H15 -> 0 | L15: =IFERROR(M15/K15,"") | M15: =J15+G15 -> 0 | P15: =N15*O15 -> 0 | Q15: =IF(M15=0,"",(P15-M15)/M15*100) | AX15: =IFERROR((AV15-M14)/(M14)*100,"")
A16: =IF(B16="","",ROW()-7) | K16: =E16+H16 -> 0 | L16: =IFERROR(M16/K16,"") | M16: =J16+G16 -> 0 | P16: =N16*O16 -> 0 | Q16: =IF(M16=0,"",(P16-M16)/M16*100) | AX16: =IFERROR((AV16-M15)/(M15)*100,"")
A17: =IF(B17="","",ROW()-7) | K17: =E17+H17 -> 0 | L17: =IFERROR(M17/K17,"") | M17: =J17+G17 -> 0 | P17: =N17*O17 -> 0 | Q17: =IF(M17=0,"",(P17-M17)/M17*100) | AX17: =IFERROR((AV17-M16)/(M16)*100,"")
A18: =IF(B18="","",ROW()-7) | K18: =E18+H18 -> 0 | L18: =IFERROR(M18/K18,"") | M18: =J18+G18 -> 0 | P18: =N18*O18 -> 0 | Q18: =IF(M18=0,"",(P18-M18)/M18*100) | AX18: =IFERROR((AV18-M17)/(M17)*100,"")
A19: =IF(B19="","",ROW()-7) | K19: =E19+H19 -> 0 | L19: =IFERROR(M19/K19,"") | M19: =J19+G19 -> 0 | P19: =N19*O19 -> 0 | Q19: =IF(M19=0,"",(P19-M19)/M19*100) | AX19: =IFERROR((AV19-M18)/(M18)*100,"")
... A27: =IF(B27="","",ROW()-7) | K27: =E27+H27 -> 0 | L27: =IFERROR(M27/K27,"") | M27: =J27+G27 -> 0 | P27: =N27*O27 -> 0 | Q27: =IF(M27=0,"",(P27-M27)/M27*100) | AX27: =IFERROR((AV27-M26)/(M26)*100,"")
A28: 合 计 | E28: =SUM(E8:E27) -> 0 | G28: =SUM(G8:G27) -> 0 | H28: =SUM(H8:H27) -> 0 | J28: =SUM(J8:J27) -> 0 | K28: =SUM(K8:K27) -> 0 | M28: =SUM(M8:M27) -> 0 | N28: =SUM(N8:N27) -> 0 | P28: =SUM(P8:P27) -> 0 | Q28: =IF(M28=0,"",(P28-M28)/M28*100) | AX28: =IFERROR((AV28-M27)/(M27)*100,"")
A29: =基本信息输入表!$K$6&"填表人："&基本信息输入表!$M$32 -> 产权持有单位填表人：王若初 | P29: ="评估人员："&基本信息输入表!$Q$32 -> 评估人员：王秀红
A30: ="填表日期："&YEAR(基本信息输入表!$O$32)&"年"&MONTH(基本信息输入表!$O$32)&"月"&DAY(基本信息输入表!$O$32)&"日" -> 填表日期：2023年2月15日
S31: 打印边界

Sheet 3-9-8在用周转材料
A1: 返回索引目录
A2: 存货—在用周转材料评估明细表
A3: ="评估基准日："&TEXT(基本信息输入表!M7,"yyyy年mm月dd日") -> 评估基准日：2023年01月31日
P4: 表3-9-8
A5: =基本信息输入表!K6&"："&基本信息输入表!M6 -> 产权持有单位：山东烟草投资管理有限公司 | P5: 金额单位：人民币元 | R5: 1、企业资料 | Z5: 2、现场调查 | AL5: 3、评定估算 | BG5: 4、结果分析
A6: 序号 | B6: 名称及规格型号 | C6: 启用日期 | D6: 原始入账价值 | E6: 审计前账面价值 | G6: 审计调整 | I6: 账面价值（摊余价值） | K6: 实际数量 | L6: 评估价值 | O6: 增值率% | P6: 备注 | R6: 账册 | S6: 合同 | T6: 发票 | U6: 文件 | V6: 单据 凭证 | W6: 情况 说明 | X6: 其他资料 | Z6: 调查程序 | AF6: 账实核实情况 | AH6: 权属核实情况 | AJ6: 其他特殊事项说明 | AL6: 评估方法 | AM6: 评估依据 | AP6: 估算过程 （可以根据资产实际情况调整测算过程） | BC6: 评估价值 | BG6: 增减值 | BI6: 增减值原因 | BK6: 特别事项说明
E7: 数量 | F7: 金额 | G7: 数量 | H7: 金额 | I7: 数量 | J7: 金额 | L7: 评估原价 | M7: 成新率% | N7: 金额 | Z7: 访谈 | AA7: 核实 | AB7: 盘点 | AC7: 权属核对 | AD7: 受限处理 | AE7: 其他 | AF7: 核实结果 | AG7: 账实说明 | AH7: 核实结果 | AI7: 权属说明 | AM7: 取价依据 | AN7: 其他依据 | AO7: 依据补充说明 | AP7: 状态 | AQ7: 资产类别 | AR7: 经济寿命年限 | AS7: 已使用年限 | AT7: 尚可使用年限 | AU7: 综合成新率 | AV7: 购置价（含税） | AW7: 运杂费 | AX7: 其他费 | AY7: 重置全价（含税） | AZ7: 税金 | BA7: 重置全价（不含税） | BC7: 原值 | BD7: 成新率 | BE7: 净值 | BG7: 原值增值率％ | BH7: 净值增值率％ | BI7: 原值 | BJ7: 净值
A8: =IF(B8="","",ROW()-7) | I8: =E8+G8 -> 0 | J8: =F8+H8 -> 0 | O8: =IF(J8=0,"",(N8-J8)/J8*100) | AU8: =IFERROR(AT8/(AS8+AT8)*100,"") | AY8: =AV8+AW8+AX8 -> 0 | BA8: =AY8-AZ8 -> 0 | BC8: =IF(BA8<10,BA8,ROUND(BA8,-1)) -> 0 | BD8: =IFERROR(ROUND(AU8,0),"") | BE8: =IFERROR(BC8*BD8/100,"") | BH8: =IFERROR((BE8-J7)/J7*100,"")
A9: =IF(B9="","",ROW()-7) | I9: =E9+G9 -> 0 | J9: =F9+H9 -> 0 | O9: =IF(J9=0,"",(N9-J9)/J9*100) | AU9: =IFERROR(AT9/(AS9+AT9)*100,"") | AY9: =AV9+AW9+AX9 -> 0 | BA9: =AY9-AZ9 -> 0 | BC9: =IF(BA9<10,BA9,ROUND(BA9,-1)) -> 0 | BD9: =IFERROR(ROUND(AU9,0),"") | BE9: =IFERROR(BC9*BD9/100,"") | BH9: =IFERROR((BE9-J8)/J8*100,"")
A10: =IF(B10="","",ROW()-7) | I10: =E10+G10 -> 0 | J10: =F10+H10 -> 0 | O10: =IF(J10=0,"",(N10-J10)/J10*100) | AU10: =IFERROR(AT10/(AS10+AT10)*100,"") | AY10: =AV10+AW10+AX10 -> 0 | BA10: =AY10-AZ10 -> 0 | BC10: =IF(BA10<10,BA10,ROUND(BA10,-1)) -> 0 | BD10: =IFERROR(ROUND(AU10,0),"") | BE10: =IFERROR(BC10*BD10/100,"") | BH10: =IFERROR((BE10-J9)/J9*100,"")
A11: =IF(B11="","",ROW()-7) | I11: =E11+G11 -> 0 | J11: =F11+H11 -> 0 | O11: =IF(J11=0,"",(N11-J11)/J11*100) | AU11: =IFERROR(AT11/(AS11+AT11)*100,"") | AY11: =AV11+AW11+AX11 -> 0 | BA11: =AY11-AZ11 -> 0 | BC11: =IF(BA11<10,BA11,ROUND(BA11,-1)) -> 0 | BD11: =IFERROR(ROUND(AU11,0),"") | BE11: =IFERROR(BC11*BD11/100,"") | BH11: =IFERROR((BE11-J10)/J10*100,"")
A12: =IF(B12="","",ROW()-7) | I12: =E12+G12 -> 0 | J12: =F12+H12 -> 0 | O12: =IF(J12=0,"",(N12-J12)/J12*100) | AU12: =IFERROR(AT12/(AS12+AT12)*100,"") | AY12: =AV12+AW12+AX12 -> 0 | BA12: =AY12-AZ12 -> 0 | BC12: =IF(BA12<10,BA12,ROUND(BA12,-1)) -> 0 | BD12: =IFERROR(ROUND(AU12,0),"") | BE12: =IFERROR(BC12*BD12/100,"") | BH12: =IFERROR((BE12-J11)/J11*100,"")
A13: =IF(B13="","",ROW()-7) | I13: =E13+G13 -> 0 | J13: =F13+H13 -> 0 | O13: =IF(J13=0,"",(N13-J13)/J13*100) | AU13: =IFERROR(AT13/(AS13+AT13)*100,"") | AY13: =AV13+AW13+AX13 -> 0 | BA13: =AY13-AZ13 -> 0 | BC13: =IF(BA13<10,BA13,ROUND(BA13,-1)) -> 0 | BD13: =IFERROR(ROUND(AU13,0),"") | BE13: =IFERROR(BC13*BD13/100,"") | BH13: =IFERROR((BE13-J12)/J12*100,"")
A14: =IF(B14="","",ROW()-7) | I14: =E14+G14 -> 0 | J14: =F14+H14 -> 0 | O14: =IF(J14=0,"",(N14-J14)/J14*100) | AU14: =IFERROR(AT14/(AS14+AT14)*100,"") | AY14: =AV14+AW14+AX14 -> 0 | BA14: =AY14-AZ14 -> 0 | BC14: =IF(BA14<10,BA14,ROUND(BA14,-1)) -> 0 | BD14: =IFERROR(ROUND(AU14,0),"") | BE14: =IFERROR(BC14*BD14/100,"") | BH14: =IFERROR((BE14-J13)/J13*100,"")
A15: =IF(B15="","",ROW()-7) | I15: =E15+G15 -> 0 | J15: =F15+H15 -> 0 | O15: =IF(J15=0,"",(N15-J15)/J15*100) | AU15: =IFERROR(AT15/(AS15+AT15)*100,"") | AY15: =AV15+AW15+AX15 -> 0 | BA15: =AY15-AZ15 -> 0 | BC15: =IF(BA15<10,BA15,ROUND(BA15,-1)) -> 0 | BD15: =IFERROR(ROUND(AU15,0),"") | BE15: =IFERROR(BC15*BD15/100,"") | BH15: =IFERROR((BE15-J14)/J14*100,"")
A16: =IF(B16="","",ROW()-7) | I16: =E16+G16 -> 0 | J16: =F16+H16 -> 0 | O16: =IF(J16=0,"",(N16-J16)/J16*100) | AU16: =IFERROR(AT16/(AS16+AT16)*100,"") | AY16: =AV16+AW16+AX16 -> 0 | BA16: =AY16-AZ16 -> 0 | BC16: =IF(BA16<10,BA16,ROUND(BA16,-1)) -> 0 | BD16: =IFERROR(ROUND(AU16,0),"") | BE16: =IFERROR(BC16*BD16/100,"") | BH16: =IFERROR((BE16-J15)/J15*100,"")
A17: =IF(B17="","",ROW()-7) | I17: =E17+G17 -> 0 | J17: =F17+H17 -> 0 | O17: =IF(J17=0,"",(N17-J17)/J17*100) | AU17: =IFERROR(AT17/(AS17+AT17)*100,"") | AY17: =AV17+AW17+AX17 -> 0 | BA17: =AY17-AZ17 -> 0 | BC17: =IF(BA17<10,BA17,ROUND(BA17,-1)) -> 0 | BD17: =IFERROR(ROUND(AU17,0),"") | BE17: =IFERROR(BC17*BD17/100,"") | BH17: =IFERROR((BE17-J16)/J16*100,"")
A18: =IF(B18="","",ROW()-7) | I18: =E18+G18 -> 0 | J18: =F18+H18 -> 0 | O18: =IF(J18=0,"",(N18-J18)/J18*100) | AU18: =IFERROR(AT18/(AS18+AT18)*100,"") | AY18: =AV18+AW18+AX18 -> 0 | BA18: =AY18-AZ18 -> 0 | BC18: =IF(BA18<10,BA18,ROUND(BA18,-1)) -> 0 | BD18: =IFERROR(ROUND(AU18,0),"") | BE18: =IFERROR(BC18*BD18/100,"") | BH18: =IFERROR((BE18-J17)/J17*100,"")
A19: =IF(B19="","",ROW()-7) | I19: =E19+G19 -> 0 | J19: =F19+H19 -> 0 | O19: =IF(J19=0,"",(N19-J19)/J19*100) | AU19: =IFERROR(AT19/(AS19+AT19)*100,"") | AY19: =AV19+AW19+AX19 -> 0 | BA19: =AY19-AZ19 -> 0 | BC19: =IF(BA19<10,BA19,ROUND(BA19,-1)) -> 0 | BD19: =IFERROR(ROUND(AU19,0),"") | BE19: =IFERROR(BC19*BD19/100,"") | BH19: =IFERROR((BE19-J18)/J18*100,"")
... A27: =IF(B27="","",ROW()-7) | I27: =E27+G27 -> 0 | J27: =F27+H27 -> 0 | O27: =IF(J27=0,"",(N27-J27)/J27*100) | AU27: =IFERROR(AT27/(AS27+AT27)*100,"") | AY27: =AV27+AW27+AX27 -> 0 | BA27: =AY27-AZ27 -> 0 | BC27: =IF(BA27<10,BA27,ROUND(BA27,-1)) -> 0 | BD27: =IFERROR(ROUND(AU27,0),"") | BE27: =IFERROR(BC27*BD27/100,"") | BH27: =IFERROR((BE27-J26)/J26*100,"")
A28: 合 计 | E28: =SUM(E8:E27) -> 0 | F28: =SUM(F8:F27) -> 0 | G28: =SUM(G8:G27) -> 0 | H28: =SUM(H8:H27) -> 0 | I28: =SUM(I8:I27) -> 0 | J28: =SUM(J8:J27) -> 0 | K28: =SUM(K8:K27) -> 0 | L28: =SUM(L8:L27) -> 0 | N28: =SUM(N8:N27) -> 0 | O28: =IF(J28=0,"",(N28-J28)/J28*100) | AU28: =IFERROR(AT28/(AS28+AT28)*100,"") | AY28: =AV28+AW28+AX28 -> 0 | BA28: =AY28-AZ28 -> 0 | BC28: =IF(BA28<10,BA28,ROUND(BA28,-1)) -> 0 | BD28: =IFERROR(ROUND(AU28,0),"") | BE28: =IFERROR(BC28*BD28/100,"") | BH28: =IFERROR((BE28-J27)/J27*100,"")
A29: =基本信息输入表!$K$6&"填表人："&基本信息输入表!$M$33 -> 产权持有单位填表人：王若初 | N29: ="评估人员："&基本信息输入表!$Q$33 -> 评估人员：王秀红
A30: ="填表日期："&YEAR(基本信息输入表!$O$33)&"年"&MONTH(基本信息输入表!$O$33)&"月"&DAY(基本信息输入表!$O$33)&"日" -> 填表日期：2023年2月15日
Q31: 打印边界

Sheet 4-非流动资产汇总
A2: 非流动资产评估汇总表
A3: ="评估基准日："&TEXT(基本信息输入表!M7,"yyyy年mm月dd日") -> 评估基准日：2023年01月31日
H4: 表4
A5: =基本信息输入表!K6&"："&基本信息输入表!M6 -> 产权持有单位：山东烟草投资管理有限公司 | H5: 金额单位：人民币元
A6: 编号 | B6: 科目名称 | C6: 审计前账面价值 | D6: 审计调整 | E6: 账面价值 | F6: 评估价值 | G6: 增减值 | H6: 增值率%
A7: 4-1 | B7: 可供出售金融资产 | H7: =IF(E7=0,"",G7/E7*100)
A8: 4-2 | B8: 持有至到期投资合计
B9: 减：持有至到期投资减值准备
B10: 持有至到期投资净额
A11: 4-3 | B11: 长期应收款
A12: 4-4 | B12: 长期股权投资合计
B13: 减：长期股权投资减值准备
B14: 长期股权投资净额
A15: 4-5 | B15: 投资性房地产合计
B16: 减：投资性房地产减值准备
B17: 投资性房地产净额
A18: 4-6 | B18: 固定资产原值 | C18: ='4-6固定资产汇总'!C21 -> 0 | D18: ='4-6固定资产汇总'!F21 -> 0 | E18: ='4-6固定资产汇总'!I21 -> 1153983.4 | F18: ='4-6固定资产汇总'!L23 -> 15121170 | G18: =F18-E18 -> 13967187 | H18: =IF(E18=0,"",G18/E18*100) -> 1210.3455
B19: 其中：建筑物类 | C19: ='4-6固定资产汇总'!C8 -> 0 | D19: ='4-6固定资产汇总'!F8 -> 0 | E19: ='4-6固定资产汇总'!I8 -> 1146867.6 | F19: ='4-6固定资产汇总'!L23 -> 15121170 | G19: =F19-E19 -> 13974302 | H19: =IF(E19=0,"",G19/E19*100) -> 1218.4756
B20: 设 备 类 | C20: ='4-6固定资产汇总'!C14 -> 0 | D20: ='4-6固定资产汇总'!F14 -> 0 | E20: ='4-6固定资产汇总'!I14 -> 7115.83 | F20: ='4-6固定资产汇总'!J14 -> 7115.83 | G20: =F20-E20 -> 0 | H20: =IF(E20=0,"",G20/E20*100) -> 0
B21: 土 地 类 | C21: ='4-6固定资产汇总'!C19 -> 0 | D21: ='4-6固定资产汇总'!F19 -> 0 | E21: ='4-6固定资产汇总'!I15 -> 0 | F21: ='4-6固定资产汇总'!J15 -> 0 | G21: =F21-E21 -> 0 | H21: =IF(E21=0,"",G21/E21*100)
B22: 减：累计折旧 | C22: =C18-C23 -> 0 | D22: =D18-D23 -> 0 | E22: ='4-6固定资产汇总'!I16 -> 0 | F22: ='4-6固定资产汇总'!J16 -> 0 | G22: =F22-E22 -> 0 | H22: =IF(E22=0,"",G22/E22*100)
B23: 固定资产净值 | C23: ='4-6固定资产汇总'!D21 -> 0 | D23: ='4-6固定资产汇总'!G21 -> 0 | E23: ='4-6固定资产汇总'!J23 -> 949212.52 | F23: ='4-6固定资产汇总'!M23 -> 15064440 | G23: =F23-E23 -> 14115227 | H23: =IF(E23=0,"",G23/E23*100) -> 1487.0461
B24: 其中：建筑物类 | C24: ='4-6固定资产汇总'!D8 -> 0 | D24: ='4-6固定资产汇总'!G8 -> 0 | E24: ='4-6固定资产汇总'!J8 -> 942096.69 | F24: ='4-6固定资产汇总'!L23 -> 15121170 | G24: =F24-E24 -> 14179073 | H24: =IF(E24=0,"",G24/E24*100) -> 1505.055
B25: 设 备 类 | C25: ='4-6固定资产汇总'!D14 -> 0 | D25: ='4-6固定资产汇总'!G14 -> 0 | E25: ='4-6固定资产汇总'!J14 -> 7115.83 | F25: ='4-6固定资产汇总'!K14 -> 0 | G25: =F25-E25 -> -7115.83 | H25: =IF(E25=0,"",G25/E25*100) -> -100
B26: 土 地 类 | C26: ='4-6固定资产汇总'!D19 -> 0 | D26: ='4-6固定资产汇总'!G19 -> 0 | E26: ='4-6固定资产汇总'!J19 -> 0 | F26: ='4-6固定资产汇总'!M19 -> 0 | G26: =F26-E26 -> 0 | H26: =IF(E26=0,"",G26/E26*100)
B27: 减：固定资产减值准备 | C27: ='4-6固定资产汇总'!D22 -> 0 | D27: ='4-6固定资产汇总'!G22 -> 0 | E27: ='4-6固定资产汇总'!J22 -> 0 | F27: ='4-6固定资产汇总'!K22 -> 0 | G27: =F27-E27 -> 0 | H27: =IF(E27=0,"",G27/E27*100)
B28: 固定资产净额 | C28: ='4-6固定资产汇总'!D23 -> 0 | D28: ='4-6固定资产汇总'!G23 -> 0 | E28: =E23-E27 -> 949212.52 | F28: =F23 -> 15064440 | G28: =F28-E28 -> 14115227 | H28: =IF(E28=0,"",G28/E28*100) -> 1487.0461
A29: 4-7 | B29: 在建工程 | C29: ='4-7在建工程汇总'!C28 -> 0 | D29: ='4-7在建工程汇总'!D28 -> 0 | E29: ='4-7在建工程汇总'!E28 -> 0 | F29: ='4-7在建工程汇总'!F28 -> 0 | G29: =F29-E29 -> 0 | H29: =IF(E29=0,"",G29/E29*100)
A30: 4-8 | B30: 工程物资 | C30: ='4-8工程物资'!G30 -> 0 | D30: ='4-8工程物资'!K30 -> 0 | E30: ='4-8工程物资'!O30 -> 0 | F30: ='4-8工程物资'!S30 -> 0 | G30: =F30-E30 -> 0 | H30: =IF(E30=0,"",G30/E30*100)
A31: 4-9 | B31: 固定资产清理 | H31: =IF(E31=0,"",G31/E31*100)
A32: 4-10 | B32: 生产性生物资产 | H32: =IF(E32=0,"",G32/E32*100)
A33: 4-11 | B33: 油气资产合计 | H33: =IF(E33=0,"",G33/E33*100)
B34: 减：油气资产减值准备 | H34: =IF(E34=0,"",G34/E34*100)
B35: 油气资产净额 | H35: =IF(E35=0,"",G35/E35*100)
A36: 4-12 | B36: 无形资产合计 | H36: =IF(E36=0,"",G36/E36*100)
B37: 其中：土地使用权 | H37: =IF(E37=0,"",G37/E37*100)
B38: 减：无形资产减值准备 | H38: =IF(E38=0,"",G38/E38*100)
B39: 无形资产净额 | H39: =IF(E39=0,"",G39/E39*100)
A40: 4-13 | B40: 开发支出 | H40: =IF(E40=0,"",G40/E40*100)
A41: 4-14 | B41: 商誉 | H41: =IF(E41=0,"",G41/E41*100)
A42: 4-15 | B42: 长期待摊费用 | H42: =IF(E42=0,"",G42/E42*100)
A43: 4-16 | B43: 递延所得税资产 | H43: =IF(E43=0,"",G43/E43*100)
A44: 4-17 | B44: 其他非流动资产 | H44: =IF(E44=0,"",G44/E44*100)
A48: 合 计 | C48: =SUM(C7,C10:C11,C14,C17,C28:C32,C35,C39:C44) -> 0 | D48: =SUM(D7,D10:D11,D14,D17,D28:D32,D35,D39:D44) -> 0 | E48: =SUM(E7,E10:E11,E14,E17,E28:E32,E35,E39:E44) -> 949212.52 | F48: =SUM(F7,F10:F11,F14,F17,F28:F32,F35,F39:F44) -> 15064440 | G48: =F48-E48 -> 14115227 | H48: =IF(E48=0,"",G48/E48*100) -> 1487.0461
F49: ="评估人员："&基本信息输入表!$Q$36 -> 评估人员：王秀红
I50: 打印边界

Sheet 4-6固定资产汇总
A2: 固定资产评估汇总表
A3: ="评估基准日："&TEXT(基本信息输入表!M7,"yyyy年mm月dd日") -> 评估基准日：2023年01月31日
O4: 表4-6
A5: =基本信息输入表!K6&"："&基本信息输入表!M6 -> 产权持有单位：山东烟草投资管理有限公司 | N5: 金额单位：人民币元 | R5: 以下房产及车辆产权事宜统计结果，各组一定要在各明细表固定列处建立明确分类标识，采用SUMIF等公式汇总，以方便动态更新和迅速统计。
A6: 编号 | B6: 科目名称 | C6: 审计前 | F6: 审计调整 | I6: 账面价值 | K6: 计提减值准备金额 | L6: 评估价值 | N6: 增值额 | P6: 增值率% | R6: 总面积＝已办证面积+不需办证面积+未办证面积 | W6: 房产项数＝已办证数量+未办证数量
C7: 原值 | D7: 净值 | E7: 计提减值准备金额 | F7: 原值 | G7: 净值 | H7: 计提减值准备金额 | I7: 原值 | J7: 净值 | L7: 原值 | M7: 净值 | N7: 原值 | O7: 净值 | P7: 原值 | Q7: 净值 | R7: 总面积M2 | S7: 已办证面积m2 | T7: 不需办证面积m2 | U7: 未办证面积m2 | V7: 办证比例 | W7: 房产项数 | X7: 已办证数量 | Y7: 不需办证数量 | Z7: 未办证数量 | AA7: 产权证载权利人与实际产权人不符数量
B8: 房屋建筑物类合计 | C8: =SUM(C9:C11) -> 0 | D8: =SUM(D9:D11) -> 0 | E8: =SUM(E9:E11) -> 0 | I8: =SUM(I9:I11) -> 1146867.6 | J8: =SUM(J9:J11) -> 942096.69 | K8: =SUM(K9:K11) -> 0 | L8: =SUM(L9:L11) -> 15048400 | M8: =SUM(M9:M11) -> 15048400 | N8: =L8-I8 -> 13901532 | O8: =M8-J8 -> 14106303 | P8: =N8/I8*100 -> 1212.1305 | Q8: =O8/J8*100 -> 1497.3307 | U8: =R8-S8-T8 -> 0 | V8: =S8/R8 -> #DIV/0!
A9: 4-6-1 | B9: 固定资产-房屋建筑物 | C9: ='4-6-1房屋建筑物'!P30 -> 0 | D9: ='4-6-1房屋建筑物'!Q30 -> 0 | E9: ='4-6-1房屋建筑物'!R30 -> 0 | I9: ='4-6-1房屋建筑物'!U29 -> 1146867.6 | J9: ='4-6-1房屋建筑物'!V29 -> 942096.69 | L9: ='4-6-1房屋建筑物'!X29 -> 15048400 | M9: ='4-6-1房屋建筑物'!Z29 -> 15048400 | N9: =L9-I9 -> 13901532 | O9: =M9-J9 -> 14106303 | P9: =N9/I9*100 -> 1212.1305 | Q9: =O9/J9*100 -> 1497.3307 | U9: =R9-S9-T9 -> 0 | V9: =S9/R9 -> #DIV/0!
A10: 4-6-2 | B10: 固定资产-构筑物及其他辅助设施 | C10: ='4-6-2构筑物'!K28 -> 0 | D10: ='4-6-2构筑物'!L28 -> 0 | E10: ='4-6-2构筑物'!M28 -> 0 | I10: ='4-6-2构筑物'!L27 -> 0 | J10: ='4-6-2构筑物'!M27 -> 0 | L10: ='4-6-2构筑物'!O27 -> 0 | M10: ='4-6-2构筑物'!Q27 -> 0 | N10: =L10-I10 -> 0 | O10: =M10-J10 -> 0 | U10: =R10-S10-T10 -> 0 | V10: =S10/R10 -> #DIV/0!
A11: 4-6-3 | B11: 固定资产-管道及沟槽 | C11: ='4-6-3管道沟槽'!L28 -> 0 | D11: ='4-6-3管道沟槽'!M28 -> 0 | E11: ='4-6-3管道沟槽'!N28 -> 0 | I11: ='4-6-3管道沟槽'!R30 -> 0 | J11: ='4-6-3管道沟槽'!S30 -> 0 | L11: ='4-6-3管道沟槽'!U30 -> 0 | M11: ='4-6-3管道沟槽'!W30 -> 0 | N11: =L11-I11 -> 0 | O11: =M11-J11 -> 0 | U11: =R11-S11-T11 -> 0 | V11: =S11/R11 -> #DIV/0!
B14: 设备类合计 | C14: =SUM(C15:C17) -> 0 | D14: =SUM(D15:D17) -> 0 | E14: =SUM(E15:E17) -> 0 | I14: =SUM(I15:I17) -> 7115.83 | J14: =SUM(J15:J17) -> 7115.83 | K14: =SUM(K15:K17) -> 0 | L14: =SUM(L15:L17) -> 72770 | M14: =SUM(M15:M17) -> 16039.9 | N14: =L14-I14 -> 65654.17 | O14: =M14-J14 -> 8924.07 | P14: =N14/I14*100 -> 922.6495 | Q14: =O14/J14*100 -> 125.41151
A15: 4-6-4 | B15: 固定资产-机器设备 | C15: ='4-6-4机器设备'!P280 -> 0 | D15: ='4-6-4机器设备'!Q280 -> 0 | E15: ='4-6-4机器设备'!R280 -> 0 | N15: =L15-I15 -> 0 | O15: =M15-J15 -> 0 | S15: 已办证车辆数量 | T15: 不需办证车辆数量 | U15: 未办证车辆项数 | V15: 行驶证载权利人与实际产权人不符数量
A16: 4-6-5 | B16: 固定资产-车辆 | C16: ='4-6-5车辆'!O28 -> 0 | D16: ='4-6-5车辆'!P28 -> 0 | E16: ='4-6-5车辆'!Q28 -> 0 | N16: =L16-I16 -> 0 | O16: =M16-J16 -> 0
A17: 4-6-6 | B17: 固定资产-电子设备 | C17: ='4-6-6电子设备'!L40 -> 0 | D17: ='4-6-6电子设备'!M40 -> 0 | E17: ='4-6-6电子设备'!N40 -> 0 | I17: ='4-6-6电子设备'!R42 -> 7115.83 | J17: ='4-6-6电子设备'!S42 -> 7115.83 | K17: 0 | L17: ='4-6-6电子设备'!U42 -> 72770 | M17: ='4-6-6电子设备'!W42 -> 16039.9 | N17: =L17-I17 -> 65654.17 | O17: =M17-J17 -> 8924.07 | P17: =N17/I17*100 -> 922.6495 | Q17: =O17/J17*100 -> 125.41151
A19: 4-6-7 | B19: 固定资产—土地
A21: 固定资产合计 | C21: =C8+C14+C19 -> 0 | D21: =D8+D14+D19 -> 0 | E21: =E8+E14+E19 -> 0 | I21: =I8+I14 -> 1153983.4 | J21: =J8+J14 -> 949212.52 | K21: =K8+K14 -> 0 | L21: =L8+L14 -> 15121170 | M21: =M8+M14 -> 15064440
A22: 减：固定资产减值准备 | D22: =E21 -> 0 | J22: =K21 -> 0
A23: 固定资产净额 | C23: =C21-C22 -> 0 | D23: =D21-D22 -> 0 | E23: =E21-E22 -> 0 | I23: =I21-I22 -> 1153983.4 | J23: =J21-J22 -> 949212.52 | L23: =L21 -> 15121170 | M23: =M21 -> 15064440
I30: =I23/10000 -> 115.39835 | J30: =J23/10000 -> 94.921252

Sheet 4-6-1房屋建筑物
A1: 返回索引目录
A2: 固定资产—房屋建筑物评估明细表
A3: ="评估基准日："&TEXT(基本信息输入表!M7,"yyyy年mm月dd日") -> 评估基准日：2023年01月31日
AB4: 表4-6-1
A5: =基本信息输入表!K6&"："&基本信息输入表!M6 -> 产权持有单位：山东烟草投资管理有限公司 | AC5: 金额单位：人民币元
A6: 序号 | B6: 资产编号 | C6: 宗地编号 | D6: 所占宗地情况 | F6: 对应土地证号 | G6: 房产证号 | H6: 房产证载权利人 | I6: 建筑物名称 | J6: 用途 | K6: 详细地址 | L6: 结构 | M6: 檐高(米) | N6: 层数 | O6: 层高 | P6: 资产状况 | Q6: 建筑面积 (m2) | R6: 建成 年月 | S6: 成本单价 (元/m2) | T6: 折旧年限 | U6: 账面价值 | W6: 计提减值准备金额 | X6: 评估价值 | AA6: 增值率% | AB6: 评估单价 (元/m2) | AC6: 备注
D7: 宗地面积 | E7: 宗地性质 | U7: 原值 | V7: 净值 | X7: 原值 | Y7: 成新率% | Z7: 净值 | AD7: 唯一标识列
A8: 1 | C8: 51003118 | D8: 4874 | E8: 划拨地 | F8: 历城国用（2002）字第519号 | G8: 鲁（2022）济南市不动产权第0131518号 | H8: 山东烟草投资管理有限公司 | I8: 闵子骞路56号东院1-3-202 | J8: 住宅 | K8: 历城区闵子骞路56号 | L8: 混合 | N8: 2/6 | O8: 3 | P8: 在用 | Q8: 81.21 | R8: 32112 | S8: =U8/Q8 -> 692.34602 | T8: 20 | U8: 56225.42 | V8: 56225.42 | X8: 1068700 | Z8: 1068700 | AA8: =ROUND((Z8-V8)/V8*100,2) -> 1800.74 | AB8: =X8/Q8 -> 13159.709 | AD8: AL1
A9: 2 | G9: 鲁（2022）济南市不动产权第0131519号 | H9: 山东烟草投资管理有限公司 | I9: 闵子骞路56号东院1-4-602 | J9: 住宅 | K9: 历城区闵子骞路56号 | L9: 混合 | N9: 6/6 | O9: 3 | P9: 在用 | Q9: 96.68 | R9: 32112 | S9: =U9/Q9 -> 667.87878 | T9: 20 | U9: 64570.52 | V9: 64570.52 | X9: 1216200 | Z9: 1216200 | AA9: =ROUND((Z9-V9)/V9*100,2) -> 1783.52 | AB9: =X9/Q9 -> 12579.644 | AD9: AL2
A10: 3 | C10: 051003048-3 | D10: 8142.6 | E10: 划拨地 | F10: 历城国用（2004）字第0500005号 | G10: 鲁（2022）济南市不动产权第0131528号 | H10: 山东烟草投资管理有限公司 | I10: 北院1号楼1-103 | J10: 住宅 | K10: 历城区闵子骞路13号1号楼 | L10: 混合 | N10: 1/6 | O10: 3 | P10: 在用 | Q10: 64.41 | R10: 32112 | S10: =U10/Q10 -> 665.40987 | T10: 20 | U10: 42859.05 | V10: 42859.05 | X10: 839400 | Z10: 839400 | AA10: =ROUND((Z10-V10)/V10*100,2) -> 1858.51 | AB10: =X10/Q10 -> 13032.138 | AD10: AL3
A11: 4 | G11: 鲁（2022）济南市不动产权第0131529号 | H11: 山东烟草投资管理有限公司 | I11: 北院1号楼1-601 | J11: 住宅 | K11: 历城区闵子骞路13号1号楼 | L11: 混合 | N11: 6/6 | O11: 3 | P11: 在用 | Q11: 61.9 | R11: 32112 | S11: =U11/Q11 -> 658.95024 | T11: 20 | U11: 40789.02 | V11: 40789.02 | X11: 790500 | Z11: 790500 | AA11: =ROUND((Z11-V11)/V11*100,2) -> 1838.02 | AB11: =X11/Q11 -> 12770.598 | AD11: AL4
A12: 5 | G12: 鲁（2022）济南市不动产权第0131530号 | H12: 山东烟草投资管理有限公司 | I12: 北院1号楼1-602 | J12: 住宅 | K12: 历城区闵子骞路13号1号楼 | L12: 混合 | N12: 6/6 | O12: 3 | P12: 在用 | Q12: 64.41 | R12: 32112 | S12: =U12/Q12 -> 658.77907 | T12: 20 | U12: 42431.96 | V12: 42431.96 | X12: 822600 | Z12: 822600 | AA12: =ROUND((Z12-V12)/V12*100,2) -> 1838.63 | AB12: =X12/Q12 -> 12771.309 | AD12: AL5
A13: 6 | G13: 鲁（2022）济南市不动产权第0131531号 | H13: 山东烟草投资管理有限公司 | I13: 北院1号楼1-604 | J13: 住宅 | K13: 历城区闵子骞路13号1号楼 | L13: 混合 | N13: 6/6 | O13: 3 | P13: 在用 | Q13: 61.9 | R13: 32112 | S13: =U13/Q13 -> 658.95024 | T13: 20 | U13: 40789.02 | V13: 40789.02 | X13: 790500 | Z13: 790500 | AA13: =ROUND((Z13-V13)/V13*100,2) -> 1838.02 | AB13: =X13/Q13 -> 12770.598 | AD13: AL6
A14: 7 | G14: 鲁（2022）济南市不动产权第0130245号 | H14: 山东烟草投资管理有限公司 | I14: 北院2号楼2-101 | J14: 住宅 | K14: 历城区闵子骞路13号2号楼 | L14: 混合 | N14: 1/6 | O14: 3 | P14: 在用 | Q14: 61.65 | R14: 32112 | S14: =U14/Q14 -> 665.5747 | T14: 20 | U14: 41032.68 | V14: 41032.68 | X14: 803400 | Z14: 803400 | AA14: =ROUND((Z14-V14)/V14*100,2) -> 1857.95 | AB14: =X14/Q14 -> 13031.63 | AD14: AL7
A15: 8 | G15: 鲁（2022）济南市不动产权第0130246号 | H15: 山东烟草投资管理有限公司 | I15: 北院2号楼2-601 | J15: 住宅 | K15: 历城区闵子骞路13号2号楼 | L15: 混合 | N15: 6/6 | O15: 3 | P15: 在用 | Q15: 61.65 | R15: 32112 | S15: =U15/Q15 -> 658.95912 | T15: 20 | U15: 40624.83 | V15: 40624.83 | X15: 787300 | Z15: 787300 | AA15: =ROUND((Z15-V15)/V15*100,2) -> 1837.98 | AB15: =X15/Q15 -> 12770.479 | AD15: AL8
A16: 9 | G16: 鲁（2022）济南市不动产权第0130247号 | H16: 山东烟草投资管理有限公司 | I16: 北院2号楼2-604 | J16: 住宅 | K16: 历城区闵子骞路13号2号楼 | L16: 混合 | N16: 6/6 | O16: 3 | P16: 在用 | Q16: 61.65 | R16: 32112 | S16: =U16/Q16 -> 658.95912 | T16: 20 | U16: 40624.83 | V16: 40624.83 | X16: 787300 | Z16: 787300 | AA16: =ROUND((Z16-V16)/V16*100,2) -> 1837.98 | AB16: =X16/Q16 -> 12770.479 | AD16: AL9
A17: 10 | G17: 鲁（2022）济南市不动产权第0129999号 | H17: 山东烟草投资管理有限公司 | I17: 北院4号楼2-502 | J17: 住宅 | K17: 历城区闵子骞路13号4号楼 | L17: 混合 | N17: 5/5 | O17: 3 | P17: 在用 | Q17: 32.91 | R17: 32112 | S17: =U17/Q17 -> 685.1893 | T17: 20 | U17: 22549.58 | V17: 22549.58 | X17: 426600 | Z17: 426600 | AA17: =ROUND((Z17-V17)/V17*100,2) -> 1791.83 | AB17: =X17/Q17 -> 12962.625 | AD17: AL10
A18: 11 | G18: 鲁（2022）济南市不动产权第0130000号 | H18: 山东烟草投资管理有限公司 | I18: 北院4号楼3-502 | J18: 住宅 | K18: 历城区闵子骞路13号4号楼 | L18: 混合 | N18: 5/5 | O18: 3 | P18: 在用 | Q18: 32.91 | R18: 32112 | S18: =U18/Q18 -> 685.1893 | T18: 20 | U18: 22549.58 | V18: 22549.58 | X18: 426600 | Z18: 426600 | AA18: =ROUND((Z18-V18)/V18*100,2) -> 1791.83 | AB18: =X18/Q18 -> 12962.625 | AD18: AL11
A19: 12 | G19: 鲁（2022）济南市不动产权第0131295号 | H19: 山东烟草投资管理有限公司 | I19: 北院5号楼1-502 | J19: 住宅 | K19: 历城区闵子骞路13号5号楼 | L19: 混合 | N19: 5/5 | O19: 3 | P19: 在用 | Q19: 31.75 | R19: 32112 | S19: =U19/Q19 -> 679.88661 | T19: 20 | U19: 21586.4 | V19: 21586.4 | X19: 411600 | Z19: 411600 | AA19: =ROUND((Z19-V19)/V19*100,2) -> 1806.76 | AB19: =X19/Q19 -> 12963.78 | AD19: AL12
A20: 13 | G20: 鲁（2022）济南市不动产权第0132121号 | H20: 山东烟草投资管理有限公司 | I20: 北院5号楼2-301 | J20: 住宅 | K20: 历城区闵子骞路13号5号楼 | L20: 混合 | N20: 3/5 | O20: 3 | P20: 在用 | Q20: 90.62 | R20: 32112 | S20: =U20/Q20 -> 688.77775 | T20: 20 | U20: 62417.04 | V20: 62417.04 | X20: 1209800 | Z20: 1209800 | AA20: =ROUND((Z20-V20)/V20*100,2) -> 1838.25 | AB20: =X20/Q20 -> 13350.254 | AD20: AL13
A21: 14 | G21: 鲁（2022）济南市不动产权第0132122号 | H21: 山东烟草投资管理有限公司 | I21: 北院5号楼2-302 | J21: 住宅 | K21: 历城区闵子骞路13号5号楼 | L21: 混合 | N21: 3/5 | O21: 3 | P21: 在用 | Q21: 31.66 | R21: 32112 | S21: =U21/Q21 -> 722.4024 | T21: 20 | U21: 22871.26 | V21: 22871.26 | X21: 435500 | Z21: 435500 | AA21: =ROUND((Z21-V21)/V21*100,2) -> 1804.14 | AB21: =X21/Q21 -> 13755.527 | AD21: AL14
A22: 15 | G22: 鲁（2021）济南市不动产权第0318022号 | H22: 山东烟草投资管理有限公司 | I22: 大舜天成1号楼1-2101 | J22: 住宅 | K22: 历下区山大路236号1号楼 | L22: 钢混 | N22: 21/29 | O22: 3 | P22: 在用 | Q22: 226.43 | R22: 38322 | S22: =U22/Q22 -> 2583.3433 | T22: 20 | U22: 584946.43 | V22: 380175.5 | X22: 4232400 | Z22: 4232400 | AA22: =ROUND((Z22-V22)/V22*100,2) -> 1013.28 | AB22: =X22/Q22 -> 18691.869 | AD22: AL20
AD23: AL21
A24: =IF(I24="","",ROW()-7) | S24: =IF(Q24=0,"",U24/Q24) | AA24: =IF(V24-W24=0,"",(Z24-V24+W24)/(V24-W24)*100) | AB24: =IF(Q24=0,"",X24/Q24) | AD24: AL22
A25: =IF(I25="","",ROW()-7) | S25: =IF(Q25=0,"",U25/Q25) | AA25: =IF(V25-W25=0,"",(Z25-V25+W25)/(V25-W25)*100) | AB25: =IF(Q25=0,"",X25/Q25) | AD25: AL23
A26: =IF(I26="","",ROW()-7) | S26: =IF(Q26=0,"",U26/Q26) | AA26: =IF(V26-W26=0,"",(Z26-V26+W26)/(V26-W26)*100) | AB26: =IF(Q26=0,"",X26/Q26) | AD26: AL24
A27: 房屋建筑物合计 | Q27: =SUM(Q8:Q26) -> 1061.74 | U27: =SUM(U8:U26) -> 1146867.6 | V27: =SUM(V8:V26) -> 942096.69 | W27: =SUM(W8:W26) -> 0 | X27: =SUM(X8:X26) -> 15048400 | Z27: =SUM(Z8:Z26) -> 15048400 | AA27: =IF(V27-W27=0,"",(Z27-V27+W27)/(V27-W27)*100) -> 1497.3307
A28: 减：房屋建筑物减值准备 | V28: =W27 -> 0
A29: 房屋建筑物净额 | U29: =U27-U28 -> 1146867.6 | V29: =V27-V28 -> 942096.69 | X29: =X27 -> 15048400 | Z29: =Z27 -> 15048400 | AA29: =IF(V29=0,"",(Z29-V29)/V29*100) -> 1497.3307
A30: =基本信息输入表!$K$6&"填表人："&基本信息输入表!$M$49 -> 产权持有单位填表人：王若初 | AA30: ="评估人员："&基本信息输入表!Q49 -> 评估人员：王秀红 | AD30: 打印边界
A31: ="填表日期："&YEAR(基本信息输入表!$O$49)&"年"&MONTH(基本信息输入表!$O$49)&"月"&DAY(基本信息输入表!$O$49)&"日" -> 填表日期：2023年2月15日
U38: =U29/10000 -> 114.68676

Sheet 4-6-2构筑物
A1: 返回索引目录
A2: 固定资产—构筑物及其他辅助设施评估明细表
A3: ="评估基准日："&TEXT(基本信息输入表!M7,"yyyy年mm月dd日") -> 评估基准日：2023年01月31日
R4: 表4-6-2
A5: =基本信息输入表!K6&"："&基本信息输入表!M6 -> 产权持有单位：山东烟草投资管理有限公司 | Q5: 金额单位：人民币元
A6: 序号 | B6: 资产编号 | C6: 名称 | D6: 详细地址 | E6: 材质或结构 | F6: 规格尺寸 | G6: 计量单位 | H6: 数量 | I6: 资产状况 | J6: 建成年月 | K6: 折旧年限 | L6: 账面价值 | N6: 计提减值准备金额 | O6: 评估价值 | R6: 增值率% | S6: 评估单价(元/m2) | T6: 备注
L7: 原值 | M7: 净值 | O7: 原值 | P7: 成新率% | Q7: 净值 | U7: 唯一标识列
A8: =IF(C8="","",ROW()-7) | R8: =IF(M8-N8=0,"",(Q8-M8+N8)/(M8-N8)*100) | U8: AM1
A9: =IF(C9="","",ROW()-7) | R9: =IF(M9-N9=0,"",(Q9-M9+N9)/(M9-N9)*100) | U9: AM2
A10: =IF(C10="","",ROW()-7) | R10: =IF(M10-N10=0,"",(Q10-M10+N10)/(M10-N10)*100) | U10: AM3
A11: =IF(C11="","",ROW()-7) | R11: =IF(M11-N11=0,"",(Q11-M11+N11)/(M11-N11)*100) | U11: AM4
A12: =IF(C12="","",ROW()-7) | R12: =IF(M12-N12=0,"",(Q12-M12+N12)/(M12-N12)*100) | U12: AM5
A13: =IF(C13="","",ROW()-7) | R13: =IF(M13-N13=0,"",(Q13-M13+N13)/(M13-N13)*100) | U13: AM6
A14: =IF(C14="","",ROW()-7) | R14: =IF(M14-N14=0,"",(Q14-M14+N14)/(M14-N14)*100) | U14: AM7
A15: =IF(C15="","",ROW()-7) | R15: =IF(M15-N15=0,"",(Q15-M15+N15)/(M15-N15)*100) | U15: AM8
A16: =IF(C16="","",ROW()-7) | R16: =IF(M16-N16=0,"",(Q16-M16+N16)/(M16-N16)*100) | U16: AM9
A17: =IF(C17="","",ROW()-7) | R17: =IF(M17-N17=0,"",(Q17-M17+N17)/(M17-N17)*100) | U17: AM10
A18: =IF(C18="","",ROW()-7) | R18: =IF(M18-N18=0,"",(Q18-M18+N18)/(M18-N18)*100) | U18: AM11
A19: =IF(C19="","",ROW()-7) | R19: =IF(M19-N19=0,"",(Q19-M19+N19)/(M19-N19)*100) | U19: AM12
... A24: =IF(C24="","",ROW()-7) | R24: =IF(M24-N24=0,"",(Q24-M24+N24)/(M24-N24)*100) | U24: AM17
A25: 构筑物合计 | L25: =SUM(L8:L24) -> 0 | M25: =SUM(M8:M24) -> 0 | N25: =SUM(N8:N24) -> 0 | O25: =SUM(O8:O24) -> 0 | Q25: =SUM(Q8:Q24) -> 0 | R25: =IF(M25-N25=0,"",(Q25-M25+N25)/(M25-N25)*100)
A26: 减：构筑物及其他辅助设施减值准备 | M26: =N25 -> 0
A27: 构筑物净额 | L27: =L25-L26 -> 0 | M27: =M25-M26 -> 0 | O27: =O25 -> 0 | Q27: =Q25 -> 0 | R27: =IF(M27=0,"",(Q27-M27)/M27*100)
A28: =基本信息输入表!$K$6&"填表人："&基本信息输入表!$M$50 -> 产权持有单位填表人：王若初 | Q28: ="评估人员："&基本信息输入表!Q50 -> 评估人员：王秀红 | U28: 打印边界
A29: ="填表日期："&YEAR(基本信息输入表!$O$50)&"年"&MONTH(基本信息输入表!$O$50)&"月"&DAY(基本信息输入表!$O$50)&"日" -> 填表日期：2023年2月15日

Sheet 4-6-3管道沟槽
A1: 返回索引目录
A2: 固定资产—管道和沟槽评估明细表
A3: ="评估基准日："&TEXT(基本信息输入表!M7,"yyyy年mm月dd日") -> 评估基准日：2023年01月31日
Y4: 表4-6-3
A5: =基本信息输入表!K6&"："&基本信息输入表!M6 -> 产权持有单位：山东烟草投资管理有限公司 | Y5: 金额单位：人民币元 | AA5: 1、企业资料 | AJ5: 2、现场调查 | AW5: 3、评定估算 | BV5: 4、结果分析
A6: 序号 | B6: 资产编号 | C6: 名称 | D6: 起讫地址 | E6: 长度 (m) | F6: 漕深 (m) | G6: 沟宽*沟厚(mm*mm) 管径*壁厚(mm*mm) | H6: 材质 | I6: 绝缘方式 | J6: 建成年月 | K6: 折旧年限 | L6: 审计前 | O6: 审计调整 | R6: 账面价值 | T6: 计提减值准备金额 | U6: 评估价值 | X6: 增值率% | Y6: 备注 | AA6: 账册 | AB6: 概预算 | AC6: 合同 | AD6: 发票 | AE6: 权属 证明 | AF6: 单据 凭证 | AG6: 情况 说明 | AH6: 其他资料 | AJ6: 调查程序 | AQ6: 账实核实情况 | AS6: 权属核实情况 | AU6: 其他特殊事项说明 | AW6: 评估方法 | AX6: 评估依据 | BA6: 估算过程 （可以根据资产实际情况调整测算过程） | BR6: 评估价值 | BV6: 增减值 | BX6: 增减值原因 | BZ6: 特别事项说明
L7: 原值 | M7: 净值 | N7: 计提减值 准备金额 | O7: 原值 | P7: 净值 | Q7: 计提减值 准备金额 | R7: 原值 | S7: 净值 | U7: 原值 | V7: 成新率% | W7: 净值 | AJ7: 访谈 | AK7: 核实 | AL7: 勘查 | AM7: 照相 | AN7: 权属核对 | AO7: 受限处理 | AP7: 其他 | AQ7: 核实结果 | AR7: 账实说明 | AS7: 核实结果 | AT7: 权属说明 | AX7: 取价依据 | AY7: 其他依据 | AZ7: 依据补 充说明 | BA7: 状态 | BB7: 资产类别 | BC7: 材质 | BD7: 耐用年限 | BE7: 已使用年限 | BF7: 尚可使用年限 | BG7: 综合成新率 | BH7: 功能性贬值率 | BI7: 经济性贬值率 | BJ7: 建安造价 | BK7: 建安单价 | BL7: 前期及其他费率 | BM7: 前期及其他费 | BN7: 合理工期 | BO7: 资金成本率 | BP7: 资金成本 | BQ7: 重置全价 | BR7: 原值 | BS7: 成新率 | BT7: 净值 | BV7: 原值增值率％ | BW7: 净值增值率％ | BX7: 原值 | BY7: 净值
A8: =IF(C8="","",ROW()-7) | R8: =L8+O8 -> 0 | S8: =M8+P8 -> 0 | T8: =N8+Q8 -> 0 | X8: =IF(S8-T8=0,"",(W8-S8+T8)/(S8-T8)*100) | BG8: =IFERROR(BF8/(BE8+BF8)*100,"") | BK8: =IFERROR(BJ8/G8,"") | BM8: =BJ8*BL8 -> 0 | BP8: =(BJ8+BM8)*BN8*BO8/2 -> 0 | BQ8: =IF(BJ8+BM8+BP8>100,ROUND(BJ8+BM8+BP8,-2),ROUND(BJ8+BM8+BP8,-1)) -> 0 | BR8: =BQ8 -> 0 | BS8: =IFERROR(ROUND(BG8-BH8-BI8,0),"") | BT8: =IFERROR(BR8*BS8/100,"") | BV8: =IFERROR((BR8-R8)/R8*100,"") | BW8: =IFERROR((BT8-S8+T8)/(S8-T8)*100,"")
A9: =IF(C9="","",ROW()-7) | R9: =L9+O9 -> 0 | S9: =M9+P9 -> 0 | T9: =N9+Q9 -> 0 | X9: =IF(S9-T9=0,"",(W9-S9+T9)/(S9-T9)*100) | BG9: =IFERROR(BF9/(BE9+BF9)*100,"") | BK9: =IFERROR(BJ9/G9,"") | BM9: =BJ9*BL9 -> 0 | BP9: =(BJ9+BM9)*BN9*BO9/2 -> 0 | BQ9: =IF(BJ9+BM9+BP9>100,ROUND(BJ9+BM9+BP9,-2),ROUND(BJ9+BM9+BP9,-1)) -> 0 | BR9: =BQ9 -> 0 | BS9: =IFERROR(ROUND(BG9-BH9-BI9,0),"") | BT9: =IFERROR(BR9*BS9/100,"") | BV9: =IFERROR((BR9-R9)/R9*100,"") | BW9: =IFERROR((BT9-S9+T9)/(S9-T9)*100,"")
A10: =IF(C10="","",ROW()-7) | R10: =L10+O10 -> 0 | S10: =M10+P10 -> 0 | T10: =N10+Q10 -> 0 | X10: =IF(S10-T10=0,"",(W10-S10+T10)/(S10-T10)*100) | BG10: =IFERROR(BF10/(BE10+BF10)*100,"") | BK10: =IFERROR(BJ10/G10,"") | BM10: =BJ10*BL10 -> 0 | BP10: =(BJ10+BM10)*BN10*BO10/2 -> 0 | BQ10: =IF(BJ10+BM10+BP10>100,ROUND(BJ10+BM10+BP10,-2),ROUND(BJ10+BM10+BP10,-1)) -> 0 | BR10: =BQ10 -> 0 | BS10: =IFERROR(ROUND(BG10-BH10-BI10,0),"") | BT10: =IFERROR(BR10*BS10/100,"") | BV10: =IFERROR((BR10-R10)/R10*100,"") | BW10: =IFERROR((BT10-S10+T10)/(S10-T10)*100,"")
A11: =IF(C11="","",ROW()-7) | R11: =L11+O11 -> 0 | S11: =M11+P11 -> 0 | T11: =N11+Q11 -> 0 | X11: =IF(S11-T11=0,"",(W11-S11+T11)/(S11-T11)*100) | BG11: =IFERROR(BF11/(BE11+BF11)*100,"") | BK11: =IFERROR(BJ11/G11,"") | BM11: =BJ11*BL11 -> 0 | BP11: =(BJ11+BM11)*BN11*BO11/2 -> 0 | BQ11: =IF(BJ11+BM11+BP11>100,ROUND(BJ11+BM11+BP11,-2),ROUND(BJ11+BM11+BP11,-1)) -> 0 | BR11: =BQ11 -> 0 | BS11: =IFERROR(ROUND(BG11-BH11-BI11,0),"") | BT11: =IFERROR(BR11*BS11/100,"") | BV11: =IFERROR((BR11-R11)/R11*100,"") | BW11: =IFERROR((BT11-S11+T11)/(S11-T11)*100,"")
A12: =IF(C12="","",ROW()-7) | R12: =L12+O12 -> 0 | S12: =M12+P12 -> 0 | T12: =N12+Q12 -> 0 | X12: =IF(S12-T12=0,"",(W12-S12+T12)/(S12-T12)*100) | BG12: =IFERROR(BF12/(BE12+BF12)*100,"") | BK12: =IFERROR(BJ12/G12,"") | BM12: =BJ12*BL12 -> 0 | BP12: =(BJ12+BM12)*BN12*BO12/2 -> 0 | BQ12: =IF(BJ12+BM12+BP12>100,ROUND(BJ12+BM12+BP12,-2),ROUND(BJ12+BM12+BP12,-1)) -> 0 | BR12: =BQ12 -> 0 | BS12: =IFERROR(ROUND(BG12-BH12-BI12,0),"") | BT12: =IFERROR(BR12*BS12/100,"") | BV12: =IFERROR((BR12-R12)/R12*100,"") | BW12: =IFERROR((BT12-S12+T12)/(S12-T12)*100,"")
A13: =IF(C13="","",ROW()-7) | R13: =L13+O13 -> 0 | S13: =M13+P13 -> 0 | T13: =N13+Q13 -> 0 | X13: =IF(S13-T13=0,"",(W13-S13+T13)/(S13-T13)*100) | BG13: =IFERROR(BF13/(BE13+BF13)*100,"") | BK13: =IFERROR(BJ13/G13,"") | BM13: =BJ13*BL13 -> 0 | BP13: =(BJ13+BM13)*BN13*BO13/2 -> 0 | BQ13: =IF(BJ13+BM13+BP13>100,ROUND(BJ13+BM13+BP13,-2),ROUND(BJ13+BM13+BP13,-1)) -> 0 | BR13: =BQ13 -> 0 | BS13: =IFERROR(ROUND(BG13-BH13-BI13,0),"") | BT13: =IFERROR(BR13*BS13/100,"") | BV13: =IFERROR((BR13-R13)/R13*100,"") | BW13: =IFERROR((BT13-S13+T13)/(S13-T13)*100,"")
A14: =IF(C14="","",ROW()-7) | R14: =L14+O14 -> 0 | S14: =M14+P14 -> 0 | T14: =N14+Q14 -> 0 | X14: =IF(S14-T14=0,"",(W14-S14+T14)/(S14-T14)*100) | BG14: =IFERROR(BF14/(BE14+BF14)*100,"") | BK14: =IFERROR(BJ14/G14,"") | BM14: =BJ14*BL14 -> 0 | BP14: =(BJ14+BM14)*BN14*BO14/2 -> 0 | BQ14: =IF(BJ14+BM14+BP14>100,ROUND(BJ14+BM14+BP14,-2),ROUND(BJ14+BM14+BP14,-1)) -> 0 | BR14: =BQ14 -> 0 | BS14: =IFERROR(ROUND(BG14-BH14-BI14,0),"") | BT14: =IFERROR(BR14*BS14/100,"") | BV14: =IFERROR((BR14-R14)/R14*100,"") | BW14: =IFERROR((BT14-S14+T14)/(S14-T14)*100,"")
A15: =IF(C15="","",ROW()-7) | R15: =L15+O15 -> 0 | S15: =M15+P15 -> 0 | T15: =N15+Q15 -> 0 | X15: =IF(S15-T15=0,"",(W15-S15+T15)/(S15-T15)*100) | BG15: =IFERROR(BF15/(BE15+BF15)*100,"") | BK15: =IFERROR(BJ15/G15,"") | BM15: =BJ15*BL15 -> 0 | BP15: =(BJ15+BM15)*BN15*BO15/2 -> 0 | BQ15: =IF(BJ15+BM15+BP15>100,ROUND(BJ15+BM15+BP15,-2),ROUND(BJ15+BM15+BP15,-1)) -> 0 | BR15: =BQ15 -> 0 | BS15: =IFERROR(ROUND(BG15-BH15-BI15,0),"") | BT15: =IFERROR(BR15*BS15/100,"") | BV15: =IFERROR((BR15-R15)/R15*100,"") | BW15: =IFERROR((BT15-S15+T15)/(S15-T15)*100,"")
A16: =IF(C16="","",ROW()-7) | R16: =L16+O16 -> 0 | S16: =M16+P16 -> 0 | T16: =N16+Q16 -> 0 | X16: =IF(S16-T16=0,"",(W16-S16+T16)/(S16-T16)*100) | BG16: =IFERROR(BF16/(BE16+BF16)*100,"") | BK16: =IFERROR(BJ16/G16,"") | BM16: =BJ16*BL16 -> 0 | BP16: =(BJ16+BM16)*BN16*BO16/2 -> 0 | BQ16: =IF(BJ16+BM16+BP16>100,ROUND(BJ16+BM16+BP16,-2),ROUND(BJ16+BM16+BP16,-1)) -> 0 | BR16: =BQ16 -> 0 | BS16: =IFERROR(ROUND(BG16-BH16-BI16,0),"") | BT16: =IFERROR(BR16*BS16/100,"") | BV16: =IFERROR((BR16-R16)/R16*100,"") | BW16: =IFERROR((BT16-S16+T16)/(S16-T16)*100,"")
A17: =IF(C17="","",ROW()-7) | R17: =L17+O17 -> 0 | S17: =M17+P17 -> 0 | T17: =N17+Q17 -> 0 | X17: =IF(S17-T17=0,"",(W17-S17+T17)/(S17-T17)*100) | BG17: =IFERROR(BF17/(BE17+BF17)*100,"") | BK17: =IFERROR(BJ17/G17,"") | BM17: =BJ17*BL17 -> 0 | BP17: =(BJ17+BM17)*BN17*BO17/2 -> 0 | BQ17: =IF(BJ17+BM17+BP17>100,ROUND(BJ17+BM17+BP17,-2),ROUND(BJ17+BM17+BP17,-1)) -> 0 | BR17: =BQ17 -> 0 | BS17: =IFERROR(ROUND(BG17-BH17-BI17,0),"") | BT17: =IFERROR(BR17*BS17/100,"") | BV17: =IFERROR((BR17-R17)/R17*100,"") | BW17: =IFERROR((BT17-S17+T17)/(S17-T17)*100,"")
A18: =IF(C18="","",ROW()-7) | R18: =L18+O18 -> 0 | S18: =M18+P18 -> 0 | T18: =N18+Q18 -> 0 | X18: =IF(S18-T18=0,"",(W18-S18+T18)/(S18-T18)*100) | BG18: =IFERROR(BF18/(BE18+BF18)*100,"") | BK18: =IFERROR(BJ18/G18,"") | BM18: =BJ18*BL18 -> 0 | BP18: =(BJ18+BM18)*BN18*BO18/2 -> 0 | BQ18: =IF(BJ18+BM18+BP18>100,ROUND(BJ18+BM18+BP18,-2),ROUND(BJ18+BM18+BP18,-1)) -> 0 | BR18: =BQ18 -> 0 | BS18: =IFERROR(ROUND(BG18-BH18-BI18,0),"") | BT18: =IFERROR(BR18*BS18/100,"") | BV18: =IFERROR((BR18-R18)/R18*100,"") | BW18: =IFERROR((BT18-S18+T18)/(S18-T18)*100,"")
A19: =IF(C19="","",ROW()-7) | R19: =L19+O19 -> 0 | S19: =M19+P19 -> 0 | T19: =N19+Q19 -> 0 | X19: =IF(S19-T19=0,"",(W19-S19+T19)/(S19-T19)*100) | BG19: =IFERROR(BF19/(BE19+BF19)*100,"") | BK19: =IFERROR(BJ19/G19,"") | BM19: =BJ19*BL19 -> 0 | BP19: =(BJ19+BM19)*BN19*BO19/2 -> 0 | BQ19: =IF(BJ19+BM19+BP19>100,ROUND(BJ19+BM19+BP19,-2),ROUND(BJ19+BM19+BP19,-1)) -> 0 | BR19: =BQ19 -> 0 | BS19: =IFERROR(ROUND(BG19-BH19-BI19,0),"") | BT19: =IFERROR(BR19*BS19/100,"") | BV19: =IFERROR((BR19-R19)/R19*100,"") | BW19: =IFERROR((BT19-S19+T19)/(S19-T19)*100,"")
... A25: =IF(C25="","",ROW()-7) | R25: =L25+O25 -> 0 | S25: =M25+P25 -> 0 | T25: =N25+Q25 -> 0 | X25: =IF(S25-T25=0,"",(W25-S25+T25)/(S25-T25)*100) | BG25: =IFERROR(BF25/(BE25+BF25)*100,"") | BK25: =IFERROR(BJ25/G25,"") | BM25: =BJ25*BL25 -> 0 | BP25: =(BJ25+BM25)*BN25*BO25/2 -> 0 | BQ25: =IF(BJ25+BM25+BP25>100,ROUND(BJ25+BM25+BP25,-2),ROUND(BJ25+BM25+BP25,-1)) -> 0 | BR25: =BQ25 -> 0 | BS25: =IFERROR(ROUND(BG25-BH25-BI25,0),"") | BT25: =IFERROR(BR25*BS25/100,"") | BV25: =IFERROR((BR25-R25)/R25*100,"") | BW25: =IFERROR((BT25-S25+T25)/(S25-T25)*100,"")
A26: =IF(C26="","",ROW()-7) | X26: =IF(S26-T26=0,"",(W26-S26+T26)/(S26-T26)*100) | BG26: =IFERROR(BF26/(BE26+BF26)*100,"") | BK26: =IFERROR(BJ26/G26,"") | BM26: =BJ26*BL26 -> 0 | BP26: =(BJ26+BM26)*BN26*BO26/2 -> 0 | BQ26: =IF(BJ26+BM26+BP26>100,ROUND(BJ26+BM26+BP26,-2),ROUND(BJ26+BM26+BP26,-1)) -> 0 | BR26: =BQ26 -> 0 | BS26: =IFERROR(ROUND(BG26-BH26-BI26,0),"") | BT26: =IFERROR(BR26*BS26/100,"") | BV26: =IFERROR((BR26-R26)/R26*100,"") | BW26: =IFERROR((BT26-S26+T26)/(S26-T26)*100,"")
A27: =IF(C27="","",ROW()-7) | X27: =IF(S27-T27=0,"",(W27-S27+T27)/(S27-T27)*100) | BG27: =IFERROR(BF27/(BE27+BF27)*100,"") | BK27: =IFERROR(BJ27/G27,"") | BM27: =BJ27*BL27 -> 0 | BP27: =(BJ27+BM27)*BN27*BO27/2 -> 0 | BQ27: =IF(BJ27+BM27+BP27>100,ROUND(BJ27+BM27+BP27,-2),ROUND(BJ27+BM27+BP27,-1)) -> 0 | BR27: =BQ27 -> 0 | BS27: =IFERROR(ROUND(BG27-BH27-BI27,0),"") | BT27: =IFERROR(BR27*BS27/100,"") | BV27: =IFERROR((BR27-R27)/R27*100,"") | BW27: =IFERROR((BT27-S27+T27)/(S27-T27)*100,"")
A28: 管道沟槽合计 | L28: =SUM(L8:L27) -> 0 | M28: =SUM(M8:M27) -> 0 | N28: =SUM(N8:N27) -> 0 | O28: =SUM(O8:O27) -> 0 | P28: =SUM(P8:P27) -> 0 | Q28: =SUM(Q8:Q27) -> 0 | R28: =SUM(R8:R27) -> 0 | S28: =SUM(S8:S27) -> 0 | ... U28: =SUM(U8:U27) -> 0 | W28: =SUM(W8:W27) -> 0 | X28: =IF(S28-T28=0,"",(W28-S28+T28)/(S28-T28)*100) | BG28: =IFERROR(BF28/(BE28+BF28)*100,"") | BK28: =IFERROR(BJ28/G28,"") | BM28: =BJ28*BL28 -> 0 | BP28: =(BJ28+BM28)*BN28*BO28/2 -> 0 | BQ28: =IF(BJ28+BM28+BP28>100,ROUND(BJ28+BM28+BP28,-2),ROUND(BJ28+BM28+BP28,-1)) -> 0 | BR28: =BQ28 -> 0 | BS28: =IFERROR(ROUND(BG28-BH28-BI28,0),"") | BT28: =IFERROR(BR28*BS28/100,"") | BV28: =IFERROR((BR28-R28)/R28*100,"") | BW28: =IFERROR((BT28-S28+T28)/(S28-T28)*100,"")
A29: 减：管道和沟槽减值准备 | M29: =N28 -> 0 | P29: =Q28 -> 0 | S29: =T28 -> 0 | BG29: =IFERROR(BF29/(BE29+BF29)*100,"") | BK29: =IFERROR(BJ29/G29,"") | BM29: =BJ29*BL29 -> 0 | BP29: =(BJ29+BM29)*BN29*BO29/2 -> 0 | BQ29: =IF(BJ29+BM29+BP29>100,ROUND(BJ29+BM29+BP29,-2),ROUND(BJ29+BM29+BP29,-1)) -> 0 | BR29: =BQ29 -> 0 | BS29: =IFERROR(ROUND(BG29-BH29-BI29,0),"") | BT29: =IFERROR(BR29*BS29/100,"") | BV29: =IFERROR((BR29-R29)/R29*100,"") | BW29: =IFERROR((BT29-S29+T29)/(S29-T29)*100,"")
A30: 管道沟槽净额 | L30: =L28-L29 -> 0 | M30: =M28-M29 -> 0 | O30: =O28-O29 -> 0 | P30: =P28-P29 -> 0 | R30: =R28-R29 -> 0 | S30: =S28-S29 -> 0 | U30: =U28 -> 0 | W30: =W28 -> 0 | X30: =IF(S30=0,"",(W30-S30)/S30*100) | BG30: =IFERROR(BF30/(BE30+BF30)*100,"") | BK30: =IFERROR(BJ30/G30,"") | BM30: =BJ30*BL30 -> 0 | BP30: =(BJ30+BM30)*BN30*BO30/2 -> 0 | BQ30: =IF(BJ30+BM30+BP30>100,ROUND(BJ30+BM30+BP30,-2),ROUND(BJ30+BM30+BP30,-1)) -> 0 | BR30: =BQ30 -> 0 | BS30: =IFERROR(ROUND(BG30-BH30-BI30,0),"") | BT30: =IFERROR(BR30*BS30/100,"") | BV30: =IFERROR((BR30-R30)/R30*100,"") | BW30: =IFERROR((BT30-S30+T30)/(S30-T30)*100,"")
A31: =基本信息输入表!$K$6&"填表人："&基本信息输入表!$M$51 -> 产权持有单位填表人：王若初 | W31: ="评估人员："&基本信息输入表!$Q$51 -> 评估人员：王秀红
A32: ="填表日期："&YEAR(基本信息输入表!$O$51)&"年"&MONTH(基本信息输入表!$O$51)&"月"&DAY(基本信息输入表!$O$51)&"日" -> 填表日期：2023年2月15日
Z33: 打印边界

Sheet 4-6-4机器设备

Sheet 4-6-5车辆
A1: 返回索引目录
A2: 固定资产—车辆评估明细表
A3: ="评估基准日："&TEXT(基本信息输入表!M7,"yyyy年mm月dd日") -> 评估基准日：2023年01月31日
AB4: 表4-6-5
A5: =基本信息输入表!K6&"："&基本信息输入表!M6 -> 产权持有单位：山东烟草投资管理有限公司 | AB5: 金额单位：人民币元 | AD5: 1、企业资料 | AL5: 2、现场调查 | AY5: 3、评定估算 | CA5: 4、结果分析
A6: 序号 | B6: 资产编号 | C6: 车辆牌号 | D6: 行驶证载权利人 | E6: 车辆名称 | F6: 规格型号 | G6: 生产厂家 | H6: 计量单位 | I6: 数量 | J6: 购置日期 | K6: 启用日期 | L6: 所属部门 | M6: 已行驶里程(公里) | N6: 折旧年限 | O6: 审计前 | R6: 审计调整 | U6: 账面价值 | W6: 计提减值准备金额 | X6: 评估价值 | AA6: 增值率% | AB6: 备注 | AD6: 账册 | AE6: 合同 | AF6: 发票 | AG6: 行驶证 | AH6: 单据 凭证 | AI6: 情况 说明 | AJ6: 其他资料 | AL6: 调查程序 | AS6: 账实核实情况 | AU6: 权属核实情况 | AW6: 其他特殊事项说明 | AY6: 评估方法 | AZ6: 评估依据 | BC6: 估算过程 （可以根据资产实际情况调整测算过程） | BW6: 评估价值 | CA6: 增减值 | CC6: 增减值原因 | CE6: 特别事项说明
O7: 原值 | P7: 净值 | Q7: 计提减值 准备金额 | R7: 原值 | S7: 净值 | T7: 计提减值 准备金额 | U7: 原值 | V7: 净值 | X7: 原值 | Y7: 成新率% | Z7: 净值 | AL7: 访谈 | AM7: 核实 | AN7: 勘查 | AO7: 照相 | AP7: 权属核对 | AQ7: 受限处理 | AR7: 其他 | AS7: 核实结果 | AT7: 账实说明 | AU7: 核实结果 | AV7: 权属说明 | AZ7: 取价依据 | BA7: 其他依据 | BB7: 依据补充说明 | BC7: 状态 | BD7: 资产类别 | BE7: 年代 | BF7: 经济寿命 年限 | BG7: 已使用年限 | BH7: 尚可使用年限 | BI7: 年限 成新率 | BJ7: 规定行驶 里程 | BK7: 已行驶里程 | BL7: 里程 成新率 | BM7: 现场勘查 成新率 | BN7: 综合成新率 | BO7: 购置价 （含税） | BP7: 车辆购置税 | BQ7: 牌照费 | BR7: 重置全价 （含税） | BS7: 税金 | BT7: 重置全价 （不含税） | BU7: 二手市场 平均价 | BW7: 原值 | BX7: 成新率 | BY7: 净值 | CA7: 原值增值率％ | CB7: 净值增值率％ | CC7: 原值 | CD7: 净值
A8: =IF(E8="","",ROW()-7) | U8: =O8+R8 -> 0 | V8: =P8+S8 -> 0 | W8: =Q8+T8 -> 0 | AA8: =IF(V8-W8=0,"",(Z8-V8+W8)/(V8-W8)*100) | AY8: 成本法 | BE8: =YEAR(J8) -> 1900 | BG8: =(基本信息输入表!$M$7-'4-6-4机器设备'!I8)/365 -> 123.16986 | BI8: =BH8/(BH8+BG8)*100 -> 0 | BL8: =IFERROR((BJ8-BK8)/BJ8*100,"") | BP8: =BO8/1.17*10% -> 0 | BR8: =SUM(BO8:BQ8) -> 0 | BS8: =BO8/1.17*17% -> 0 | BT8: =BR8-BS8 -> 0 | BW8: =IF(AY8="市场法",BU8,IF(BT8<10,BT8,ROUND(BT8,-1))) -> 0 | BX8: =IF(AY8="市场法","",BN8) -> 0 | BY8: =IF(AY8="市场法",BU8,IFERROR(BW8*BX8/100,"")) -> 0 | CA8: =IFERROR((BW8-U8)/U8*100,"") | CB8: =IFERROR((BY8-V8+W8)/(V8-W8)*100,"")
A9: =IF(E9="","",ROW()-7) | U9: =O9+R9 -> 0 | V9: =P9+S9 -> 0 | W9: =Q9+T9 -> 0 | AA9: =IF(V9-W9=0,"",(Z9-V9+W9)/(V9-W9)*100) | BE9: =YEAR(J9) -> 1900 | BG9: =(基本信息输入表!$M$7-'4-6-4机器设备'!#REF!)/365 -> #REF! | BI9: =BH9/(BH9+BG9)*100 -> #REF! | BL9: =IFERROR((BJ9-BK9)/BJ9*100,"") | BP9: =BO9/1.17*10% -> 0 | BR9: =SUM(BO9:BQ9) -> 0 | BS9: =BO9/1.17*17% -> 0 | BT9: =BR9-BS9 -> 0 | BW9: =IF(AY9="市场法",BU9,IF(BT9<10,BT9,ROUND(BT9,-1))) -> 0 | BX9: =IF(AY9="市场法","",BN9) -> 0 | BY9: =IF(AY9="市场法",BU9,IFERROR(BW9*BX9/100,"")) -> 0 | CA9: =IFERROR((BW9-U9)/U9*100,"") | CB9: =IFERROR((BY9-V9+W9)/(V9-W9)*100,"")
A10: =IF(E10="","",ROW()-7) | U10: =O10+R10 -> 0 | V10: =P10+S10 -> 0 | W10: =Q10+T10 -> 0 | AA10: =IF(V10-W10=0,"",(Z10-V10+W10)/(V10-W10)*100) | BE10: =YEAR(J10) -> 1900 | BG10: =(基本信息输入表!$M$7-'4-6-4机器设备'!#REF!)/365 -> #REF! | BI10: =BH10/(BH10+BG10)*100 -> #REF! | BL10: =IFERROR((BJ10-BK10)/BJ10*100,"") | BP10: =BO10/1.17*10% -> 0 | BR10: =SUM(BO10:BQ10) -> 0 | BS10: =BO10/1.17*17% -> 0 | BT10: =BR10-BS10 -> 0 | BW10: =IF(AY10="市场法",BU10,IF(BT10<10,BT10,ROUND(BT10,-1))) -> 0 | BX10: =IF(AY10="市场法","",BN10) -> 0 | BY10: =IF(AY10="市场法",BU10,IFERROR(BW10*BX10/100,"")) -> 0 | CA10: =IFERROR((BW10-U10)/U10*100,"") | CB10: =IFERROR((BY10-V10+W10)/(V10-W10)*100,"")
A11: =IF(E11="","",ROW()-7) | U11: =O11+R11 -> 0 | V11: =P11+S11 -> 0 | W11: =Q11+T11 -> 0 | AA11: =IF(V11-W11=0,"",(Z11-V11+W11)/(V11-W11)*100) | BE11: =YEAR(J11) -> 1900 | BG11: =(基本信息输入表!$M$7-'4-6-4机器设备'!#REF!)/365 -> #REF! | BI11: =BH11/(BH11+BG11)*100 -> #REF! | BL11: =IFERROR((BJ11-BK11)/BJ11*100,"") | BP11: =BO11/1.17*10% -> 0 | BR11: =SUM(BO11:BQ11) -> 0 | BS11: =BO11/1.17*17% -> 0 | BT11: =BR11-BS11 -> 0 | BW11: =IF(AY11="市场法",BU11,IF(BT11<10,BT11,ROUND(BT11,-1))) -> 0 | BX11: =IF(AY11="市场法","",BN11) -> 0 | BY11: =IF(AY11="市场法",BU11,IFERROR(BW11*BX11/100,"")) -> 0 | CA11: =IFERROR((BW11-U11)/U11*100,"") | CB11: =IFERROR((BY11-V11+W11)/(V11-W11)*100,"")
A12: =IF(E12="","",ROW()-7) | U12: =O12+R12 -> 0 | V12: =P12+S12 -> 0 | W12: =Q12+T12 -> 0 | AA12: =IF(V12-W12=0,"",(Z12-V12+W12)/(V12-W12)*100) | BE12: =YEAR(J12) -> 1900 | BG12: =(基本信息输入表!$M$7-'4-6-4机器设备'!#REF!)/365 -> #REF! | BI12: =BH12/(BH12+BG12)*100 -> #REF! | BL12: =IFERROR((BJ12-BK12)/BJ12*100,"") | BP12: =BO12/1.17*10% -> 0 | BR12: =SUM(BO12:BQ12) -> 0 | BS12: =BO12/1.17*17% -> 0 | BT12: =BR12-BS12 -> 0 | BW12: =IF(AY12="市场法",BU12,IF(BT12<10,BT12,ROUND(BT12,-1))) -> 0 | BX12: =IF(AY12="市场法","",BN12) -> 0 | BY12: =IF(AY12="市场法",BU12,IFERROR(BW12*BX12/100,"")) -> 0 | CA12: =IFERROR((BW12-U12)/U12*100,"") | CB12: =IFERROR((BY12-V12+W12)/(V12-W12)*100,"")
A13: =IF(E13="","",ROW()-7) | U13: =O13+R13 -> 0 | V13: =P13+S13 -> 0 | W13: =Q13+T13 -> 0 | AA13: =IF(V13-W13=0,"",(Z13-V13+W13)/(V13-W13)*100) | BE13: =YEAR(J13) -> 1900 | BG13: =(基本信息输入表!$M$7-'4-6-4机器设备'!#REF!)/365 -> #REF! | BI13: =BH13/(BH13+BG13)*100 -> #REF! | BL13: =IFERROR((BJ13-BK13)/BJ13*100,"") | BP13: =BO13/1.17*10% -> 0 | BR13: =SUM(BO13:BQ13) -> 0 | BS13: =BO13/1.17*17% -> 0 | BT13: =BR13-BS13 -> 0 | BW13: =IF(AY13="市场法",BU13,IF(BT13<10,BT13,ROUND(BT13,-1))) -> 0 | BX13: =IF(AY13="市场法","",BN13) -> 0 | BY13: =IF(AY13="市场法",BU13,IFERROR(BW13*BX13/100,"")) -> 0 | CA13: =IFERROR((BW13-U13)/U13*100,"") | CB13: =IFERROR((BY13-V13+W13)/(V13-W13)*100,"")
A14: =IF(E14="","",ROW()-7) | U14: =O14+R14 -> 0 | V14: =P14+S14 -> 0 | W14: =Q14+T14 -> 0 | AA14: =IF(V14-W14=0,"",(Z14-V14+W14)/(V14-W14)*100) | BE14: =YEAR(J14) -> 1900 | BG14: =(基本信息输入表!$M$7-'4-6-4机器设备'!#REF!)/365 -> #REF! | BI14: =BH14/(BH14+BG14)*100 -> #REF! | BL14: =IFERROR((BJ14-BK14)/BJ14*100,"") | BP14: =BO14/1.17*10% -> 0 | BR14: =SUM(BO14:BQ14) -> 0 | BS14: =BO14/1.17*17% -> 0 | BT14: =BR14-BS14 -> 0 | BW14: =IF(AY14="市场法",BU14,IF(BT14<10,BT14,ROUND(BT14,-1))) -> 0 | BX14: =IF(AY14="市场法","",BN14) -> 0 | BY14: =IF(AY14="市场法",BU14,IFERROR(BW14*BX14/100,"")) -> 0 | CA14: =IFERROR((BW14-U14)/U14*100,"") | CB14: =IFERROR((BY14-V14+W14)/(V14-W14)*100,"")
A15: =IF(E15="","",ROW()-7) | U15: =O15+R15 -> 0 | V15: =P15+S15 -> 0 | W15: =Q15+T15 -> 0 | AA15: =IF(V15-W15=0,"",(Z15-V15+W15)/(V15-W15)*100) | BE15: =YEAR(J15) -> 1900 | BG15: =(基本信息输入表!$M$7-'4-6-4机器设备'!#REF!)/365 -> #REF! | BI15: =BH15/(BH15+BG15)*100 -> #REF! | BL15: =IFERROR((BJ15-BK15)/BJ15*100,"") | BP15: =BO15/1.17*10% -> 0 | BR15: =SUM(BO15:BQ15) -> 0 | BS15: =BO15/1.17*17% -> 0 | BT15: =BR15-BS15 -> 0 | BW15: =IF(AY15="市场法",BU15,IF(BT15<10,BT15,ROUND(BT15,-1))) -> 0 | BX15: =IF(AY15="市场法","",BN15) -> 0 | BY15: =IF(AY15="市场法",BU15,IFERROR(BW15*BX15/100,"")) -> 0 | CA15: =IFERROR((BW15-U15)/U15*100,"") | CB15: =IFERROR((BY15-V15+W15)/(V15-W15)*100,"")
A16: =IF(E16="","",ROW()-7) | U16: =O16+R16 -> 0 | V16: =P16+S16 -> 0 | W16: =Q16+T16 -> 0 | AA16: =IF(V16-W16=0,"",(Z16-V16+W16)/(V16-W16)*100) | BE16: =YEAR(J16) -> 1900 | BG16: =(基本信息输入表!$M$7-'4-6-4机器设备'!#REF!)/365 -> #REF! | BI16: =BH16/(BH16+BG16)*100 -> #REF! | BL16: =IFERROR((BJ16-BK16)/BJ16*100,"") | BP16: =BO16/1.17*10% -> 0 | BR16: =SUM(BO16:BQ16) -> 0 | BS16: =BO16/1.17*17% -> 0 | BT16: =BR16-BS16 -> 0 | BW16: =IF(AY16="市场法",BU16,IF(BT16<10,BT16,ROUND(BT16,-1))) -> 0 | BX16: =IF(AY16="市场法","",BN16) -> 0 | BY16: =IF(AY16="市场法",BU16,IFERROR(BW16*BX16/100,"")) -> 0 | CA16: =IFERROR((BW16-U16)/U16*100,"") | CB16: =IFERROR((BY16-V16+W16)/(V16-W16)*100,"")
A17: =IF(E17="","",ROW()-7) | U17: =O17+R17 -> 0 | V17: =P17+S17 -> 0 | W17: =Q17+T17 -> 0 | AA17: =IF(V17-W17=0,"",(Z17-V17+W17)/(V17-W17)*100) | BE17: =YEAR(J17) -> 1900 | BG17: =(基本信息输入表!$M$7-'4-6-4机器设备'!#REF!)/365 -> #REF! | BI17: =BH17/(BH17+BG17)*100 -> #REF! | BL17: =IFERROR((BJ17-BK17)/BJ17*100,"") | BP17: =BO17/1.17*10% -> 0 | BR17: =SUM(BO17:BQ17) -> 0 | BS17: =BO17/1.17*17% -> 0 | BT17: =BR17-BS17 -> 0 | BW17: =IF(AY17="市场法",BU17,IF(BT17<10,BT17,ROUND(BT17,-1))) -> 0 | BX17: =IF(AY17="市场法","",BN17) -> 0 | BY17: =IF(AY17="市场法",BU17,IFERROR(BW17*BX17/100,"")) -> 0 | CA17: =IFERROR((BW17-U17)/U17*100,"") | CB17: =IFERROR((BY17-V17+W17)/(V17-W17)*100,"")
A18: =IF(E18="","",ROW()-7) | U18: =O18+R18 -> 0 | V18: =P18+S18 -> 0 | W18: =Q18+T18 -> 0 | AA18: =IF(V18-W18=0,"",(Z18-V18+W18)/(V18-W18)*100) | BE18: =YEAR(J18) -> 1900 | BG18: =(基本信息输入表!$M$7-'4-6-4机器设备'!#REF!)/365 -> #REF! | BI18: =BH18/(BH18+BG18)*100 -> #REF! | BL18: =IFERROR((BJ18-BK18)/BJ18*100,"") | BP18: =BO18/1.17*10% -> 0 | BR18: =SUM(BO18:BQ18) -> 0 | BS18: =BO18/1.17*17% -> 0 | BT18: =BR18-BS18 -> 0 | BW18: =IF(AY18="市场法",BU18,IF(BT18<10,BT18,ROUND(BT18,-1))) -> 0 | BX18: =IF(AY18="市场法","",BN18) -> 0 | BY18: =IF(AY18="市场法",BU18,IFERROR(BW18*BX18/100,"")) -> 0 | CA18: =IFERROR((BW18-U18)/U18*100,"") | CB18: =IFERROR((BY18-V18+W18)/(V18-W18)*100,"")
A19: =IF(E19="","",ROW()-7) | U19: =O19+R19 -> 0 | V19: =P19+S19 -> 0 | W19: =Q19+T19 -> 0 | AA19: =IF(V19-W19=0,"",(Z19-V19+W19)/(V19-W19)*100) | BE19: =YEAR(J19) -> 1900 | BG19: =(基本信息输入表!$M$7-'4-6-4机器设备'!#REF!)/365 -> #REF! | BI19: =BH19/(BH19+BG19)*100 -> #REF! | BL19: =IFERROR((BJ19-BK19)/BJ19*100,"") | BP19: =BO19/1.17*10% -> 0 | BR19: =SUM(BO19:BQ19) -> 0 | BS19: =BO19/1.17*17% -> 0 | BT19: =BR19-BS19 -> 0 | BW19: =IF(AY19="市场法",BU19,IF(BT19<10,BT19,ROUND(BT19,-1))) -> 0 | BX19: =IF(AY19="市场法","",BN19) -> 0 | BY19: =IF(AY19="市场法",BU19,IFERROR(BW19*BX19/100,"")) -> 0 | CA19: =IFERROR((BW19-U19)/U19*100,"") | CB19: =IFERROR((BY19-V19+W19)/(V19-W19)*100,"")
A20: =IF(E20="","",ROW()-7) | U20: =O20+R20 -> 0 | V20: =P20+S20 -> 0 | W20: =Q20+T20 -> 0 | AA20: =IF(V20-W20=0,"",(Z20-V20+W20)/(V20-W20)*100) | BE20: =YEAR(J20) -> 1900 | BG20: =(基本信息输入表!$M$7-'4-6-4机器设备'!#REF!)/365 -> #REF! | BI20: =BH20/(BH20+BG20)*100 -> #REF! | BL20: =IFERROR((BJ20-BK20)/BJ20*100,"") | BP20: =BO20/1.17*10% -> 0 | BR20: =SUM(BO20:BQ20) -> 0 | BS20: =BO20/1.17*17% -> 0 | BT20: =BR20-BS20 -> 0 | BW20: =IF(AY20="市场法",BU20,IF(BT20<10,BT20,ROUND(BT20,-1))) -> 0 | BX20: =IF(AY20="市场法","",BN20) -> 0 | BY20: =IF(AY20="市场法",BU20,IFERROR(BW20*BX20/100,"")) -> 0 | CA20: =IFERROR((BW20-U20)/U20*100,"") | CB20: =IFERROR((BY20-V20+W20)/(V20-W20)*100,"")
... A25: =IF(E25="","",ROW()-7) | U25: =O25+R25 -> 0 | V25: =P25+S25 -> 0 | W25: =Q25+T25 -> 0 | AA25: =IF(V25-W25=0,"",(Z25-V25+W25)/(V25-W25)*100) | BE25: =YEAR(J25) -> 1900 | BG25: =(基本信息输入表!$M$7-'4-6-4机器设备'!#REF!)/365 -> #REF! | BI25: =BH25/(BH25+BG25)*100 -> #REF! | BL25: =IFERROR((BJ25-BK25)/BJ25*100,"") | BP25: =BO25/1.17*10% -> 0 | BR25: =SUM(BO25:BQ25) -> 0 | BS25: =BO25/1.17*17% -> 0 | BT25: =BR25-BS25 -> 0 | BW25: =IF(AY25="市场法",BU25,IF(BT25<10,BT25,ROUND(BT25,-1))) -> 0 | BX25: =IF(AY25="市场法","",BN25) -> 0 | BY25: =IF(AY25="市场法",BU25,IFERROR(BW25*BX25/100,"")) -> 0 | CA25: =IFERROR((BW25-U25)/U25*100,"") | CB25: =IFERROR((BY25-V25+W25)/(V25-W25)*100,"")
A28: 车辆合计 | O28: =SUM(O8:O27) -> 0 | P28: =SUM(P8:P27) -> 0 | Q28: =SUM(Q8:Q27) -> 0 | R28: =SUM(R8:R27) -> 0 | S28: =SUM(S8:S27) -> 0 | T28: =SUM(T8:T27) -> 0 | U28: =SUM(U8:U27) -> 0 | V28: =SUM(V8:V27) -> 0 | ... X28: =SUM(X8:X27) -> 0 | Z28: =SUM(Z8:Z27) -> 0 | AA28: =IF(V28-W28=0,"",(Z28-V28+W28)/(V28-W28)*100) | BE28: =YEAR(J28) -> 1900 | BG28: =(基本信息输入表!$M$7-'4-6-4机器设备'!I280)/365 -> 123.16986 | BI28: =BH28/(BH28+BG28)*100 -> 0 | BL28: =IFERROR((BJ28-BK28)/BJ28*100,"") | BP28: =BO28/1.17*10% -> 0 | BR28: =SUM(BO28:BQ28) -> 0 | BS28: =BO28/1.17*17% -> 0 | BT28: =BR28-BS28 -> 0 | BW28: =IF(AY28="市场法",BU28,IF(BT28<10,BT28,ROUND(BT28,-1))) -> 0 | BX28: =IF(AY28="市场法","",BN28) -> 0 | CA28: =IFERROR((BW28-U28)/U28*100,"") | CB28: =IFERROR((BY28-V28+W28)/(V28-W28)*100,"")
A29: 减：车辆减值准备 | P29: =Q28 -> 0 | S29: =T28 -> 0 | V29: =W28 -> 0 | BE29: =YEAR(J29) -> 1900 | BG29: =(基本信息输入表!$M$7-'4-6-4机器设备'!I281)/365 -> 123.16986 | BI29: =BH29/(BH29+BG29)*100 -> 0 | BL29: =IFERROR((BJ29-BK29)/BJ29*100,"") | BP29: =BO29/1.17*10% -> 0 | BR29: =SUM(BO29:BQ29) -> 0 | BS29: =BO29/1.17*17% -> 0 | BT29: =BR29-BS29 -> 0 | BW29: =IF(AY29="市场法",BU29,IF(BT29<10,BT29,ROUND(BT29,-1))) -> 0 | BX29: =IF(AY29="市场法","",BN29) -> 0 | CA29: =IFERROR((BW29-U29)/U29*100,"") | CB29: =IFERROR((BY29-V29+W29)/(V29-W29)*100,"")
A30: 车辆净额 | O30: =O28-O29 -> 0 | P30: =P28-P29 -> 0 | R30: =R28-R29 -> 0 | S30: =S28-S29 -> 0 | U30: =U28-U29 -> 0 | V30: =V28-V29 -> 0 | X30: =X28 -> 0 | Z30: =Z28 -> 0 | AA30: =IF(V30=0,"",(Z30-V30)/V30*100) | BE30: =YEAR(J30) -> 1900 | BG30: =(基本信息输入表!$M$7-'4-6-4机器设备'!I282)/365 -> 123.16986 | BI30: =BH30/(BH30+BG30)*100 -> 0 | BL30: =IFERROR((BJ30-BK30)/BJ30*100,"") | BP30: =BO30/1.17*10% -> 0 | BR30: =SUM(BO30:BQ30) -> 0 | BS30: =BO30/1.17*17% -> 0 | BT30: =BR30-BS30 -> 0 | BW30: =IF(AY30="市场法",BU30,IF(BT30<10,BT30,ROUND(BT30,-1))) -> 0 | BX30: =IF(AY30="市场法","",BN30) -> 0 | CA30: =IFERROR((BW30-U30)/U30*100,"") | CB30: =IFERROR((BY30-V30+W30)/(V30-W30)*100,"")
A31: =基本信息输入表!$K$6&"填表人："&基本信息输入表!$M$53 -> 产权持有单位填表人：王若初 | Z31: ="评估人员："&基本信息输入表!$Q$53 -> 评估人员：王秀红
A32: ="填表日期："&YEAR(基本信息输入表!$O$53)&"年"&MONTH(基本信息输入表!$O$53)&"月"&DAY(基本信息输入表!$O$53)&"日" -> 填表日期：2023年2月15日
AC33: 打印边界

Sheet 4-6-6电子设备
A1: 返回索引目录
A2: 固定资产—电子设备评估明细表
A3: ="评估基准日："&TEXT(基本信息输入表!M7,"yyyy年mm月dd日") -> 评估基准日：2023年01月31日
Y4: 表4-6-6
A5: =基本信息输入表!K6&"："&基本信息输入表!M6 -> 产权持有单位：山东烟草投资管理有限公司 | Y5: 金额单位：人民币元 | AA5: 1、企业资料 | AH5: 2、现场调查
A6: 序号 | B6: 资产编号 | C6: 设备名称 | D6: 规格型号 | E6: 生产厂家 | F6: 计量单位 | G6: 数量 | H6: 存放地点 | I6: 购置日期 | J6: 启用日期 | K6: 折旧年限 | L6: 审计前 | O6: 审计调整 | R6: 账面价值 | T6: 计提减值准备金额 | U6: 评估价值 | X6: 增值率% | Y6: 备注 | AA6: 账册 | AB6: 合同 | AC6: 发票 | AD6: 单据 凭证 | AE6: 情况 说明 | AF6: 其他资料 | AH6: 调查程序 | AO6: 账实核实情况 | AQ6: 权属核实情况 | AS6: 其他特殊事项说明
L7: 原值 | M7: 净值 | N7: 计提减值 准备金额 | O7: 原值 | P7: 净值 | Q7: 计提减值 准备金额 | R7: 原值 | S7: 净值 | U7: 原值 | V7: 成新率% | W7: 净值 | AH7: 访谈 | AI7: 核实 | AJ7: 勘查 | AK7: 照相 | AL7: 权属核对 | AM7: 受限处理 | AN7: 其他 | AO7: 核实结果 | AP7: 账实说明 | AQ7: 核实结果 | AR7: 权属说明
A8: =IF(C8="","",ROW()-7) -> 1 | B8: 30301000026 | C8: 格力空调 | D8: KFR-35GW/k(35556)d1-N2 | E8: 格力公司 | F8: 台 | G8: 1 | H8: 北院5号楼2-301 | I8: 2009-12-10 | J8: 2009-12-10 | K8: 5 | R8: 111.9 | S8: 111.9 | T8: =N8+Q8 -> 0 | U8: 100 | W8: 100 | X8: =IF(S8-T8=0,"",(W8-S8+T8)/(S8-T8)*100) -> -10.634495
A9: =IF(C9="","",ROW()-7) -> 2 | B9: 30301000027 | C9: 格力空调 | D9: KFR-35GW/k(35556)d1-N2 | E9: 格力公司 | F9: 台 | G9: 1 | H9: 闵子骞路56号东院1-4-602 | I9: 2009-12-10 | J9: 2009-12-10 | K9: 5 | R9: 111.9 | S9: 111.9 | T9: =N9+Q9 -> 0 | U9: 100 | W9: 100 | X9: =IF(S9-T9=0,"",(W9-S9+T9)/(S9-T9)*100) -> -10.634495
A10: =IF(C10="","",ROW()-7) -> 3 | B10: 30301000028 | C10: 格力空调 | D10: KFR-35GW/k(35556)d1-N2 | E10: 格力公司 | F10: 台 | G10: 1 | H10: 北院1号楼1-103 | I10: 2009-12-10 | J10: 2009-12-10 | K10: 5 | R10: 111.9 | S10: 111.9 | T10: =N10+Q10 -> 0 | U10: 100 | W10: 100 | X10: =IF(S10-T10=0,"",(W10-S10+T10)/(S10-T10)*100) -> -10.634495
A11: =IF(C11="","",ROW()-7) -> 4 | B11: 30301000029 | C11: 格力空调 | D11: KFR-35GW/k(35556)d1-N2 | E11: 格力公司 | F11: 台 | G11: 1 | H11: 北院1号楼1-604 | I11: 2009-12-10 | J11: 2009-12-10 | K11: 5 | R11: 111.9 | S11: 111.9 | T11: =N11+Q11 -> 0 | U11: 100 | W11: 100 | X11: =IF(S11-T11=0,"",(W11-S11+T11)/(S11-T11)*100) -> -10.634495
A12: =IF(C12="","",ROW()-7) -> 5 | B12: 30301000030 | C12: 格力空调 | D12: KFR-35GW/k(35556)d1-N2 | E12: 格力公司 | F12: 台 | G12: 1 | H12: 北院2号楼2-101 | I12: 2009-12-10 | J12: 2009-12-10 | K12: 5 | R12: 111.9 | S12: 111.9 | T12: =N12+Q12 -> 0 | U12: 100 | W12: 100 | X12: =IF(S12-T12=0,"",(W12-S12+T12)/(S12-T12)*100) -> -10.634495
A13: =IF(C13="","",ROW()-7) -> 6 | B13: 30301000031 | C13: 格力空调 | D13: 格力KFR-72LW/E1（72568L1）A1-N1 | E13: 格力公司 | F13: 台 | G13: 1 | H13: 北院2号楼2-604 | I13: 2010-11-01 | J13: 2010-11-01 | K13: 5 | R13: 346.51 | S13: 346.51 | T13: =N13+Q13 -> 0 | U13: 300 | W13: 300 | X13: =IF(S13-T13=0,"",(W13-S13+T13)/(S13-T13)*100) -> -13.422412
A14: =IF(C14="","",ROW()-7) -> 7 | B14: 30301000032 | C14: 格力空调 | D14: 格力KFR-72LW/E1（72568L1）A1-N1 | E14: 格力公司 | F14: 台 | G14: 1 | H14: 北院5号楼2-302 | I14: 2010-11-01 | J14: 2010-11-01 | K14: 5 | R14: 346.51 | S14: 346.51 | T14: =N14+Q14 -> 0 | U14: 300 | W14: 300 | X14: =IF(S14-T14=0,"",(W14-S14+T14)/(S14-T14)*100) -> -13.422412
A15: =IF(C15="","",ROW()-7) -> 8 | B15: 30301000033 | C15: 格力空调 | D15: KFR-35CW | E15: 格力公司 | F15: 台 | G15: 1 | H15: 闵子骞路56号东院1-4-602 | I15: 2011-09-08 | J15: 2011-09-08 | K15: 5 | R15: 127.7 | S15: 127.7 | T15: =N15+Q15 -> 0 | U15: 100 | W15: 100 | X15: =IF(S15-T15=0,"",(W15-S15+T15)/(S15-T15)*100) -> -21.691464
A16: =IF(C16="","",ROW()-7) -> 9 | B16: 30904000025 | C16: 床垫 | D16: 1.5*2.00 | E16: 济南 | F16: 个 | G16: 1 | H16: 北院1号楼1-601 | I16: 2016-05-07 | J16: 2016-05-07 | K16: 5 | R16: 152.5 | S16: 152.5 | T16: =N16+Q16 -> 0 | U16: 200 | W16: 200 | X16: =IF(S16-T16=0,"",(W16-S16+T16)/(S16-T16)*100) -> 31.147541
A17: =IF(C17="","",ROW()-7) -> 10 | B17: 30904000026 | C17: 床垫 | D17: 1.5*2.00 | E17: 济南 | F17: 个 | G17: 1 | H17: 北院1号楼1-601 | I17: 2016-05-07 | J17: 2016-05-07 | K17: 5 | R17: 147.5 | S17: 147.5 | T17: =N17+Q17 -> 0 | U17: 200 | W17: 200 | X17: =IF(S17-T17=0,"",(W17-S17+T17)/(S17-T17)*100) -> 35.59322
A18: =IF(C18="","",ROW()-7) -> 11 | B18: 30903000018 | C18: 沙发 | D18: 长4米宽1米 | E18: 济南 | F18: 个 | G18: 1 | H18: 大舜天成2101室 | I18: 2016-05-07 | J18: 2016-05-07 | K18: 5 | R18: 480 | S18: 480 | T18: =N18+Q18 -> 0 | U18: 500 | W18: 500 | X18: =IF(S18-T18=0,"",(W18-S18+T18)/(S18-T18)*100) -> 4.1666667
A19: =IF(C19="","",ROW()-7) -> 12 | B19: 30301000034 | C19: 海尔空调 | D19: 海尔KFRD-33GW/Z1 | E19: 海尔公司 | F19: 台 | G19: 1 | H19: 北院1号楼1-602 | I19: 2016-05-07 | J19: 2016-05-07 | K19: 5 | R19: 112 | S19: 112 | T19: =N19+Q19 -> 0 | U19: 4020 | V19: 16 | W19: 643.2 | X19: =IF(S19-T19=0,"",(W19-S19+T19)/(S19-T19)*100) -> 474.28571
A20: =IF(C20="","",ROW()-7) -> 13 | B20: 30301000035 | C20: 海尔空调 | D20: 海尔KFRD-33GW/Z1 | E20: 海尔公司 | F20: 台 | G20: 1 | H20: 北院1号楼1-602 | I20: 2016-05-07 | J20: 2016-05-07 | K20: 5 | R20: 112 | S20: 112 | T20: =N20+Q20 -> 0 | U20: 4020 | V20: 16 | W20: 643.2 | X20: =IF(S20-T20=0,"",(W20-S20+T20)/(S20-T20)*100) -> 474.28571
A21: =IF(C21="","",ROW()-7) -> 14 | B21: 599000003 | C21: 海尔单机空调 | D21: 海尔KFRD-33GW/Z2 | E21: 海尔公司 | F21: 台 | G21: 1 | H21: 北院2号楼2-601 | I21: 2016-05-07 | J21: 2016-05-07 | K21: 5 | R21: 112 | S21: 112 | T21: =N21+Q21 -> 0 | U21: 2560 | V21: 16 | W21: 409.6 | X21: =IF(S21-T21=0,"",(W21-S21+T21)/(S21-T21)*100) -> 265.71429
A22: =IF(C22="","",ROW()-7) -> 15 | B22: 599000004 | C22: 海尔单机空调 | D22: 海尔KFRD-33GW/Z2 | E22: 海尔公司 | F22: 台 | G22: 1 | H22: 北院1号楼1-601 | I22: 2016-05-07 | J22: 2016-05-07 | K22: 5 | R22: 112 | S22: 112 | U22: 2560 | V22: 16 | W22: 409.6 | X22: =IF(S22-T22=0,"",(W22-S22+T22)/(S22-T22)*100) -> 265.71429
A23: =IF(C23="","",ROW()-7) -> 16 | B23: 599000005 | C23: 海尔单机空调 | D23: 海尔KFRD-33GW/Z2 | E23: 海尔公司 | F23: 台 | G23: 1 | H23: 北院1号楼1-103 | I23: 2016-05-07 | J23: 2016-05-07 | K23: 5 | R23: 112 | S23: 112 | T23: =N23+Q23 -> 0 | U23: 2560 | V23: 16 | W23: 409.6 | X23: =IF(S23-T23=0,"",(W23-S23+T23)/(S23-T23)*100) -> 265.71429
A24: =IF(C24="","",ROW()-7) -> 17 | B24: 0599000007 | C24: 海尔彩电 | D24: HDP3419H | E24: 海尔公司 | F24: 台 | G24: 1 | H24: 大舜天成2101室 | I24: 2016-05-07 | J24: 2016-05-07 | K24: 3 | R24: 249.94 | S24: 249.94 | U24: 3330 | V24: 16 | W24: 532.8 | X24: =IF(S24-T24=0,"",(W24-S24+T24)/(S24-T24)*100) -> 113.17116
A25: =IF(C25="","",ROW()-7) -> 18 | B25: 030301000017 | C25: 直流变频风管机 | D25: FJDP63QVC | E25: 大金 | F25: 台 | G25: 1 | H25: 大舜天成2101室 | I25: 2016-12-02 | J25: 2016-12-02 | K25: 5 | R25: 217.95 | S25: 217.95 | X25: =IF(S25-T25=0,"",(W25-S25+T25)/(S25-T25)*100) -> -100 | Y25: 在序号26评
A26: =IF(C26="","",ROW()-7) -> 19 | B26: 030301000018 | C26: 直流变频风管机 | D26: FJDP63QVC | E26: 大金 | F26: 台 | G26: 1 | H26: 大舜天成2101室 | I26: 2016-12-02 | J26: 2016-12-02 | K26: 5 | R26: 213.68 | S26: 213.68 | X26: =IF(S26-T26=0,"",(W26-S26+T26)/(S26-T26)*100) -> -100 | Y26: 在序号26评
A27: =IF(C27="","",ROW()-7) -> 20 | B27: 030301000019 | C27: 直流变频风管机 | D27: FJDP63QVC | E27: 大金 | F27: 台 | G27: 1 | H27: 大舜天成2101室 | I27: 2016-12-02 | J27: 2016-12-02 | K27: 5 | R27: 213.68 | S27: 213.68 | X27: =IF(S27-T27=0,"",(W27-S27+T27)/(S27-T27)*100) -> -100 | Y27: 在序号26评
A28: =IF(C28="","",ROW()-7) -> 21 | B28: 030301000020 | C28: 直流变频风管机 | D28: FJDP63QVC | E28: 大金 | F28: 台 | G28: 1 | H28: 大舜天成2101室 | I28: 2016-12-02 | J28: 2016-12-02 | K28: 5 | R28: 222.22 | S28: 222.22 | X28: =IF(S28-T28=0,"",(W28-S28+T28)/(S28-T28)*100) -> -100 | Y28: 在序号26评
A29: =IF(C29="","",ROW()-7) -> 22 | B29: 030301000021 | C29: 直流变频风管机 | D29: FJDP63QVC | E29: 大金 | F29: 台 | G29: 1 | H29: 大舜天成2101室 | I29: 2016-12-02 | J29: 2016-12-02 | K29: 5 | R29: 226.5 | S29: 226.5 | X29: =IF(S29-T29=0,"",(W29-S29+T29)/(S29-T29)*100) -> -100 | Y29: 在序号26评
A30: =IF(C30="","",ROW()-7) -> 23 | B30: 030301000022 | C30: 直流变频风管机 | D30: FJDP63QVC | E30: 大金 | F30: 台 | G30: 1 | H30: 大舜天成2101室 | I30: 2016-12-02 | J30: 2016-12-02 | K30: 5 | R30: 226.5 | S30: 226.5 | X30: =IF(S30-T30=0,"",(W30-S30+T30)/(S30-T30)*100) -> -100 | Y30: 在序号26评
A31: =IF(C31="","",ROW()-7) -> 24 | B31: 030301000023 | C31: 直流变频风管机 | D31: FJDP63QVC | E31: 大金 | F31: 台 | G31: 1 | H31: 大舜天成2101室 | I31: 2016-12-02 | J31: 2016-12-02 | K31: 5 | R31: 235.04 | S31: 235.04 | X31: =IF(S31-T31=0,"",(W31-S31+T31)/(S31-T31)*100) -> -100 | Y31: 在序号26评
A32: =IF(C32="","",ROW()-7) -> 25 | B32: 030301000024 | C32: 直流变频风管机 | D32: FJDP63QVC | E32: 大金 | F32: 台 | G32: 1 | H32: 大舜天成2101室 | I32: 2016-12-02 | J32: 2016-12-02 | K32: 5 | R32: 235.04 | S32: 235.04 | X32: =IF(S32-T32=0,"",(W32-S32+T32)/(S32-T32)*100) -> -100 | Y32: 在序号26评
A33: =IF(C33="","",ROW()-7) -> 26 | B33: 030301000025 | C33: 直流变频主机 | D33: FJDP63QVC | E33: 大金 | F33: 台 | G33: 1 | H33: 大舜天成2101室 | I33: 2016-12-02 | J33: 2016-12-02 | K33: 5 | R33: 1474.36 | S33: 1474.36 | U33: 37610 | V33: 23 | W33: 8650.3 | X33: =IF(S33-T33=0,"",(W33-S33+T33)/(S33-T33)*100) -> 486.71559
A34: =IF(C34="","",ROW()-7) -> 27 | B34: 030799000014 | C34: 方太油烟机 | D34: CXW-200-JQ03TS | E34: 方太公司 | F34: 台 | G34: 1 | H34: 大舜天成2101室 | I34: 2016-05-07 | J34: 2016-05-07 | K34: 5 | R34: 244.95 | S34: 244.95 | U34: 4440 | V34: 16 | W34: 710.4 | X34: =IF(S34-T34=0,"",(W34-S34+T34)/(S34-T34)*100) -> 190.01837
A35: =IF(C35="","",ROW()-7) -> 28 | B35: 030799000015 | C35: 方太打火炉 | D35: JZT-HA2G.B | E35: 方太公司 | F35: 台 | G35: 1 | H35: 大舜天成2101室 | I35: 2016-05-07 | J35: 2016-05-07 | K35: 5 | R35: 144.95 | S35: 144.95 | U35: 2480 | V35: 16 | W35: 396.8 | X35: =IF(S35-T35=0,"",(W35-S35+T35)/(S35-T35)*100) -> 173.74957
A36: =IF(C36="","",ROW()-7) -> 29 | B36: 030799000016 | C36: 史密斯净水器 | D36: TR400-C1 | E36: 史密斯公司 | F36: 台 | G36: 1 | H36: 大舜天成2101室 | I36: 2016-05-07 | J36: 2016-05-07 | K36: 5 | R36: 280.1 | S36: 280.1 | U36: 4700 | V36: 16 | W36: 752 | X36: =IF(S36-T36=0,"",(W36-S36+T36)/(S36-T36)*100) -> 168.47554
A37: =IF(C37="","",ROW()-7) -> 30 | B37: 030799000017 | C37: 海尔洗衣机 | D37: 52-D808DKH | E37: 海尔公司 | F37: 台 | G37: 1 | H37: 大舜天成2101室 | I37: 2016-05-07 | J37: 2016-05-07 | K37: 5 | R37: 210.7 | S37: 210.7 | T37: =N37+Q37 -> 0 | U37: 2390 | V37: 16 | W37: 382.4 | X37: =IF(S37-T37=0,"",(W37-S37+T37)/(S37-T37)*100) -> 81.490271
A40: 电子设备合计 | L40: =SUM(L8:L39) -> 0 | M40: =SUM(M8:M39) -> 0 | N40: =SUM(N8:N39) -> 0 | O40: =SUM(O8:O39) -> 0 | P40: =SUM(P8:P39) -> 0 | Q40: =SUM(Q8:Q39) -> 0 | R40: =SUM(R8:R39) -> 7115.83 | S40: =SUM(S8:S39) -> 7115.83 | ... U40: =SUM(U8:U39) -> 72770 | W40: =SUM(W8:W39) -> 16039.9 | X40: =IF(S40-T40=0,"",(W40-S40+T40)/(S40-T40)*100) -> 125.41151
A41: 减：电子设备减值准备 | M41: =N40 -> 0 | P41: =Q40 -> 0 | S41: =T40 -> 0
A42: 电子设备净额 | L42: =L40-L41 -> 0 | M42: =M40-M41 -> 0 | O42: =O40-O41 -> 0 | P42: =P40-P41 -> 0 | R42: =R40-R41 -> 7115.83 | S42: =S40-S41 -> 7115.83 | U42: =U40 -> 72770 | W42: =W40 -> 16039.9 | X42: =IF(S42=0,"",(W42-S42)/S42*100) -> 125.41151
A43: =基本信息输入表!$K$6&"填表人："&基本信息输入表!$M$54 -> 产权持有单位填表人：王若初 | W43: ="评估人员："&基本信息输入表!$Q$54 -> 评估人员：王秀红
A44: ="填表日期："&YEAR(基本信息输入表!$O$54)&"年"&MONTH(基本信息输入表!$O$54)&"月"&DAY(基本信息输入表!$O$54)&"日" -> 填表日期：2023年2月15日
Z45: 打印边界

Sheet 4-7在建工程汇总
A1: 返回索引目录
A2: 在建工程评估汇总表
A3: ="评估基准日："&TEXT(基本信息输入表!M7,"yyyy年mm月dd日") -> 评估基准日：2023年01月31日
H4: 表4-7
A5: =基本信息输入表!K6&"："&基本信息输入表!M6 -> 产权持有单位：山东烟草投资管理有限公司 | H5: 金额单位：人民币元
A6: 编号 | B6: 科目名称 | C6: 审计前账面值 | D6: 审计调整 | E6: 账面价值 | F6: 评估价值 | G6: 增减值 | H6: 增值率%
A7: 4-7-1 | B7: 在建工程—土建工程 | C7: ='4-7-1在建（土建）'!N28 -> 0 | D7: ='4-7-1在建（土建）'!P28 -> 0 | E7: ='4-7-1在建（土建）'!R28 -> 0 | F7: ='4-7-1在建（土建）'!T28 -> 0 | G7: =F7-E7 -> 0 | H7: =IF(E7=0,"",G7/E7*100)
A8: 4-7-2 | B8: 在建工程—设备安装工程 | C8: ='4-7-2在建（设备）'!O28 -> 0 | D8: ='4-7-2在建（设备）'!T28 -> 0 | E8: ='4-7-2在建（设备）'!Y28 -> 0 | F8: ='4-7-2在建（设备）'!AD28 -> 0 | G8: =F8-E8 -> 0 | H8: =IF(E8=0,"",G8/E8*100)
A26: 在建工程合计 | C26: =SUM(C7:C25) -> 0 | D26: =SUM(D7:D25) -> 0 | E26: =SUM(E7:E25) -> 0 | F26: =SUM(F7:F25) -> 0 | G26: =F26-E26 -> 0 | H26: =IF(E26=0,"",G26/E26*100)
A27: 减：在建工程减值准备 | C27: ='4-7-1在建（土建）'!N29+'4-7-2在建（设备）'!O29 -> 0 | D27: ='4-7-1在建（土建）'!P29+'4-7-2在建（设备）'!T29 -> 0 | E27: ='4-7-1在建（土建）'!R29+'4-7-2在建（设备）'!Y29 -> 0 | G27: =F27-E27 -> 0 | H27: =IF(E27=0,"",G27/E27*100)
A28: 在建工程净额 | C28: =C26-C27 -> 0 | D28: =D26-D27 -> 0 | E28: =E26-E27 -> 0 | F28: =F26 -> 0 | G28: =F28-E28 -> 0 | H28: =IF(E28=0,"",G28/E28*100)
F29: ="评估人员："&基本信息输入表!$Q$56 -> 评估人员：王秀红
I30: 打印边界

Sheet 4-7-1在建（土建）
A1: 返回索引目录
A2: 在建工程—土建工程评估明细表
A3: ="评估基准日："&TEXT(基本信息输入表!M7,"yyyy年mm月dd日") -> 评估基准日：2023年01月31日
V4: 表4-7-1
A5: =基本信息输入表!K6&"："&基本信息输入表!M6 -> 产权持有单位：山东烟草投资管理有限公司 | V5: 金额单位：人民币元 | X5: 1、企业资料 | AG5: 2、现场调查 | AT5: 3、评定估算 | BD5: 4、结果分析
A6: 序号 | B6: 项目名称 | C6: 结构 | D6: 建筑面积/容积 | E6: 开工日期 | F6: 预计完工日期 | G6: 形象进度 | H6: 付款比例 | I6: 概算金额(元) | J6: 土地出让合同(有/无) | K6: 建筑用地许可证(有/无) | L6: 建筑规划许可证(有/无) | M6: 建筑开工许可证(有/无) | N6: 审计前 | P6: 审计调整 | R6: 账面价值 | S6: 计提减值准备金额 | T6: 评估价值 | U6: 增值率% | V6: 备注 | X6: 账册 | Y6: 合同 协议 | Z6: 土地证 | AA6: 房产证 | AB6: 文件 | AC6: 单据 凭证 | AD6: 情况 说明 | AE6: 其他资料 | AG6: 调查程序 | AN6: 账实核实情况 | AP6: 权属核实情况 | AR6: 其他特殊事项说明 | AT6: 评估方法 | AU6: 评估依据 | AW6: 估算过程 及参数选取（可以根据资产实际情况调整测算过程） | BB6: 评估价值 | BD6: 增减值率％ | BE6: 增减值原因 | BF6: 特别事项说明
N7: 账面价值 | O7: 计提减值准备金额 | P7: 账面价值 | Q7: 计提减值准备金额 | AG7: 访谈 | AH7: 核实 | AI7: 勘查 | AJ7: 照相 | AK7: 权属核对 | AL7: 受限处理 | AM7: 其他 | AN7: 核实结果 | AO7: 账实说明 | AP7: 核实结果 | AQ7: 权属说明 | AU7: 取价依据 | AV7: 依据补充说明 | AW7: 核实调整后账面值 | AX7: 合理工期 | AY7: 资金成本率 | AZ7: 资金成本
A8: =IF(B8="","",ROW()-7) | R8: =N8+P8 -> 0 | S8: =O8+Q8 -> 0 | U8: =IF(R8-S8=0,"",(T8-R8+S8)/(R8-S8)*100) | AZ8: =AW8*(1+AX8*AY8/2) -> 0 | BD8: =IFERROR((BB8-R8+S8)/(R8-S8)*100,"")
A9: =IF(B9="","",ROW()-7) | R9: =N9+P9 -> 0 | S9: =O9+Q9 -> 0 | U9: =IF(R9-S9=0,"",(T9-R9+S9)/(R9-S9)*100) | AZ9: =AW9*(1+AX9*AY9/2) -> 0 | BD9: =IFERROR((BB9-R9+S9)/(R9-S9)*100,"")
A10: =IF(B10="","",ROW()-7) | R10: =N10+P10 -> 0 | S10: =O10+Q10 -> 0 | U10: =IF(R10-S10=0,"",(T10-R10+S10)/(R10-S10)*100) | AZ10: =AW10*(1+AX10*AY10/2) -> 0 | BD10: =IFERROR((BB10-R10+S10)/(R10-S10)*100,"")
A11: =IF(B11="","",ROW()-7) | R11: =N11+P11 -> 0 | S11: =O11+Q11 -> 0 | U11: =IF(R11-S11=0,"",(T11-R11+S11)/(R11-S11)*100) | AZ11: =AW11*(1+AX11*AY11/2) -> 0 | BD11: =IFERROR((BB11-R11+S11)/(R11-S11)*100,"")
A12: =IF(B12="","",ROW()-7) | R12: =N12+P12 -> 0 | S12: =O12+Q12 -> 0 | U12: =IF(R12-S12=0,"",(T12-R12+S12)/(R12-S12)*100) | AZ12: =AW12*(1+AX12*AY12/2) -> 0 | BD12: =IFERROR((BB12-R12+S12)/(R12-S12)*100,"")
A13: =IF(B13="","",ROW()-7) | R13: =N13+P13 -> 0 | S13: =O13+Q13 -> 0 | U13: =IF(R13-S13=0,"",(T13-R13+S13)/(R13-S13)*100) | AZ13: =AW13*(1+AX13*AY13/2) -> 0 | BD13: =IFERROR((BB13-R13+S13)/(R13-S13)*100,"")
A14: =IF(B14="","",ROW()-7) | R14: =N14+P14 -> 0 | S14: =O14+Q14 -> 0 | U14: =IF(R14-S14=0,"",(T14-R14+S14)/(R14-S14)*100) | AZ14: =AW14*(1+AX14*AY14/2) -> 0 | BD14: =IFERROR((BB14-R14+S14)/(R14-S14)*100,"")
A15: =IF(B15="","",ROW()-7) | R15: =N15+P15 -> 0 | S15: =O15+Q15 -> 0 | U15: =IF(R15-S15=0,"",(T15-R15+S15)/(R15-S15)*100) | AZ15: =AW15*(1+AX15*AY15/2) -> 0 | BD15: =IFERROR((BB15-R15+S15)/(R15-S15)*100,"")
A16: =IF(B16="","",ROW()-7) | R16: =N16+P16 -> 0 | S16: =O16+Q16 -> 0 | U16: =IF(R16-S16=0,"",(T16-R16+S16)/(R16-S16)*100) | AZ16: =AW16*(1+AX16*AY16/2) -> 0 | BD16: =IFERROR((BB16-R16+S16)/(R16-S16)*100,"")
A17: =IF(B17="","",ROW()-7) | R17: =N17+P17 -> 0 | S17: =O17+Q17 -> 0 | U17: =IF(R17-S17=0,"",(T17-R17+S17)/(R17-S17)*100) | AZ17: =AW17*(1+AX17*AY17/2) -> 0 | BD17: =IFERROR((BB17-R17+S17)/(R17-S17)*100,"")
A18: =IF(B18="","",ROW()-7) | R18: =N18+P18 -> 0 | S18: =O18+Q18 -> 0 | U18: =IF(R18-S18=0,"",(T18-R18+S18)/(R18-S18)*100) | AZ18: =AW18*(1+AX18*AY18/2) -> 0 | BD18: =IFERROR((BB18-R18+S18)/(R18-S18)*100,"")
A19: =IF(B19="","",ROW()-7) | R19: =N19+P19 -> 0 | S19: =O19+Q19 -> 0 | U19: =IF(R19-S19=0,"",(T19-R19+S19)/(R19-S19)*100) | AZ19: =AW19*(1+AX19*AY19/2) -> 0 | BD19: =IFERROR((BB19-R19+S19)/(R19-S19)*100,"")
... A25: =IF(B25="","",ROW()-7) | R25: =N25+P25 -> 0 | S25: =O25+Q25 -> 0 | U25: =IF(R25-S25=0,"",(T25-R25+S25)/(R25-S25)*100) | AZ25: =AW25*(1+AX25*AY25/2) -> 0 | BD25: =IFERROR((BB25-R25+S25)/(R25-S25)*100,"")
A26: =IF(B26="","",ROW()-7) | R26: =N26+P26 -> 0 | S26: =O26+Q26 -> 0 | AZ26: =AW26*(1+AX26*AY26/2) -> 0 | BD26: =IFERROR((BB26-R26+S26)/(R26-S26)*100,"")
A27: =IF(B27="","",ROW()-7) | R27: =N27+P27 -> 0 | S27: =O27+Q27 -> 0 | U27: =IF(R27-S27=0,"",(T27-R27+S27)/(R27-S27)*100) | AZ27: =AW27*(1+AX27*AY27/2) -> 0 | BD27: =IFERROR((BB27-R27+S27)/(R27-S27)*100,"")
A28: 在建工程－土建工程合计 | N28: =SUM(N7:N27) -> 0 | O28: =SUM(O7:O27) -> 0 | P28: =SUM(P7:P27) -> 0 | Q28: =SUM(Q7:Q27) -> 0 | R28: =SUM(R7:R27) -> 0 | S28: =SUM(S7:S27) -> 0 | T28: =SUM(T7:T27) -> 0 | U28: =IF(R28-S28=0,"",(T28-R28+S28)/(R28-S28)*100) | AZ28: =AW28*(1+AX28*AY28/2) -> 0 | BD28: =IFERROR((BB28-R28+S28)/(R28-S28)*100,"")
A29: 减：在建土建工程减值准备 | N29: =O28 -> 0 | P29: =Q28 -> 0 | R29: =S28 -> 0 | AZ29: =AW29*(1+AX29*AY29/2) -> 0 | BD29: =IFERROR((BB29-R29+S29)/(R29-S29)*100,"")
A30: 在建工程－土建工程净额 | N30: =N28-N29 -> 0 | P30: =P28-P29 -> 0 | R30: =R28-R29 -> 0 | T30: =T28 -> 0 | U30: =IF(R30=0,"",(T30-R30)/R30*100) | AZ30: =AW30*(1+AX30*AY30/2) -> 0 | BD30: =IFERROR((BB30-R30+S30)/(R30-S30)*100,"")
A31: =基本信息输入表!$K$6&"填表人："&基本信息输入表!$M$57 -> 产权持有单位填表人：王若初 | T31: ="评估人员："&基本信息输入表!$Q$57 -> 评估人员：王秀红
A32: ="填表日期："&YEAR(基本信息输入表!$O$57)&"年"&MONTH(基本信息输入表!$O$57)&"月"&DAY(基本信息输入表!$O$57)&"日" -> 填表日期：2021年11月29日
W33: 打印边界

Sheet 4-7-2在建（设备）
A1: 返回索引目录
A2: 在建工程—设备安装工程评估明细表
A3: ="评估基准日："&TEXT(基本信息输入表!M7,"yyyy年mm月dd日") -> 评估基准日：2023年01月31日
AF4: 表4-7-2
A5: =基本信息输入表!K6&"："&基本信息输入表!M6 -> 产权持有单位：山东烟草投资管理有限公司 | AF5: 金额单位：人民币元 | AH5: 1、企业资料 | AO5: 2、现场调查 | BB5: 3、评定估算 | BM5: 4、结果分析
A6: 序号 | B6: 项目名称 | C6: 设备名称 | D6: 规格型号 | E6: 数量 | F6: 计量单位 | G6: 生产厂家 | H6: 开工 日期 | I6: 预计完 工日期 | J6: 合同(概算)金额 | K6: 付款比例(%) | L6: 审计前 | Q6: 审计调整 | V6: 账面价值 | Z6: 计提减值准备金额 | AA6: 评估价值 | AE6: 增值率% | AF6: 备注 | AH6: 账册 | AI6: 合同 协议 | AJ6: 文件 | AK6: 单据 凭证 | AL6: 情况 说明 | AM6: 其他资料 | AO6: 调查程序 | AV6: 账实核实情况 | AX6: 权属核实情况 | AZ6: 其他特殊事项说明 | BB6: 评估方法 | BC6: 评估依据 | BE6: 估算过程 及参数选取（可以根据资产实际情况调整测算过程） | BK6: 评估价值 | BM6: 增减值率％ | BN6: 增减值原因 | BO6: 特别事项说明
L7: 设备费 | M7: 资金成本 | N7: 安装费及其他 | O7: 合计 | P7: 计提减值准备金额 | Q7: 设备费 | R7: 资金成本 | S7: 安装费及其他 | T7: 合计 | U7: 计提减值准备金额 | V7: 设备费 | W7: 资金成本 | X7: 安装费及其他 | Y7: 合计 | AA7: 设备费 | AB7: 资金成本 | AC7: 安装费及其他 | AD7: 合计 | AO7: 访谈 | AP7: 核实 | AQ7: 勘查 | AR7: 照相 | AS7: 权属核对 | AT7: 受限处理 | AU7: 其他 | AV7: 核实结果 | AW7: 账实说明 | AX7: 核实结果 | AY7: 权属说明 | BC7: 取价依据 | BD7: 依据补充说明 | BE7: 设备费 | BF7: 安装费 及其他 | BG7: 合理工期 | BH7: 资金成本率 | BI7: 资金成本
A8: =IF(B8="","",ROW()-7) | O8: =SUM(L8:N8) -> 0 | T8: =SUM(Q8:S8) -> 0 | V8: =L8+Q8 -> 0 | W8: =M8+R8 -> 0 | X8: =N8+S8 -> 0 | Y8: =SUM(V8:X8) -> 0 | Z8: =P8+U8 -> 0 | AE8: =IF(Y8-Z8=0,"",(AD8-Y8+Z8)/(Y8-Z8)*100) | BK8: =BI8+BF8+BE8 -> 0 | BM8: =IFERROR((BK8-Y8+Z8)/(Y8-Z8)*100,"")
A9: =IF(B9="","",ROW()-7) | O9: =SUM(L9:N9) -> 0 | T9: =SUM(Q9:S9) -> 0 | V9: =L9+Q9 -> 0 | W9: =M9+R9 -> 0 | X9: =N9+S9 -> 0 | Y9: =SUM(V9:X9) -> 0 | Z9: =P9+U9 -> 0 | AE9: =IF(Y9-Z9=0,"",(AD9-Y9+Z9)/(Y9-Z9)*100) | BK9: =BI9+BF9+BE9 -> 0 | BM9: =IFERROR((BK9-Y9+Z9)/(Y9-Z9)*100,"")
A10: =IF(B10="","",ROW()-7) | O10: =SUM(L10:N10) -> 0 | T10: =SUM(Q10:S10) -> 0 | V10: =L10+Q10 -> 0 | W10: =M10+R10 -> 0 | X10: =N10+S10 -> 0 | Y10: =SUM(V10:X10) -> 0 | Z10: =P10+U10 -> 0 | AE10: =IF(Y10-Z10=0,"",(AD10-Y10+Z10)/(Y10-Z10)*100) | BK10: =BI10+BF10+BE10 -> 0 | BM10: =IFERROR((BK10-Y10+Z10)/(Y10-Z10)*100,"")
A11: =IF(B11="","",ROW()-7) | O11: =SUM(L11:N11) -> 0 | T11: =SUM(Q11:S11) -> 0 | V11: =L11+Q11 -> 0 | W11: =M11+R11 -> 0 | X11: =N11+S11 -> 0 | Y11: =SUM(V11:X11) -> 0 | Z11: =P11+U11 -> 0 | AE11: =IF(Y11-Z11=0,"",(AD11-Y11+Z11)/(Y11-Z11)*100) | BK11: =BI11+BF11+BE11 -> 0 | BM11: =IFERROR((BK11-Y11+Z11)/(Y11-Z11)*100,"")
A12: =IF(B12="","",ROW()-7) | O12: =SUM(L12:N12) -> 0 | T12: =SUM(Q12:S12) -> 0 | V12: =L12+Q12 -> 0 | W12: =M12+R12 -> 0 | X12: =N12+S12 -> 0 | Y12: =SUM(V12:X12) -> 0 | Z12: =P12+U12 -> 0 | AE12: =IF(Y12-Z12=0,"",(AD12-Y12+Z12)/(Y12-Z12)*100) | BK12: =BI12+BF12+BE12 -> 0 | BM12: =IFERROR((BK12-Y12+Z12)/(Y12-Z12)*100,"")
A13: =IF(B13="","",ROW()-7) | O13: =SUM(L13:N13) -> 0 | T13: =SUM(Q13:S13) -> 0 | V13: =L13+Q13 -> 0 | W13: =M13+R13 -> 0 | X13: =N13+S13 -> 0 | Y13: =SUM(V13:X13) -> 0 | Z13: =P13+U13 -> 0 | AE13: =IF(Y13-Z13=0,"",(AD13-Y13+Z13)/(Y13-Z13)*100) | BK13: =BI13+BF13+BE13 -> 0 | BM13: =IFERROR((BK13-Y13+Z13)/(Y13-Z13)*100,"")
A14: =IF(B14="","",ROW()-7) | O14: =SUM(L14:N14) -> 0 | T14: =SUM(Q14:S14) -> 0 | V14: =L14+Q14 -> 0 | W14: =M14+R14 -> 0 | X14: =N14+S14 -> 0 | Y14: =SUM(V14:X14) -> 0 | Z14: =P14+U14 -> 0 | AE14: =IF(Y14-Z14=0,"",(AD14-Y14+Z14)/(Y14-Z14)*100) | BK14: =BI14+BF14+BE14 -> 0 | BM14: =IFERROR((BK14-Y14+Z14)/(Y14-Z14)*100,"")
A15: =IF(B15="","",ROW()-7) | O15: =SUM(L15:N15) -> 0 | T15: =SUM(Q15:S15) -> 0 | V15: =L15+Q15 -> 0 | W15: =M15+R15 -> 0 | X15: =N15+S15 -> 0 | Y15: =SUM(V15:X15) -> 0 | Z15: =P15+U15 -> 0 | AE15: =IF(Y15-Z15=0,"",(AD15-Y15+Z15)/(Y15-Z15)*100) | BK15: =BI15+BF15+BE15 -> 0 | BM15: =IFERROR((BK15-Y15+Z15)/(Y15-Z15)*100,"")
A16: =IF(B16="","",ROW()-7) | O16: =SUM(L16:N16) -> 0 | T16: =SUM(Q16:S16) -> 0 | V16: =L16+Q16 -> 0 | W16: =M16+R16 -> 0 | X16: =N16+S16 -> 0 | Y16: =SUM(V16:X16) -> 0 | Z16: =P16+U16 -> 0 | AE16: =IF(Y16-Z16=0,"",(AD16-Y16+Z16)/(Y16-Z16)*100) | BK16: =BI16+BF16+BE16 -> 0 | BM16: =IFERROR((BK16-Y16+Z16)/(Y16-Z16)*100,"")
A17: =IF(B17="","",ROW()-7) | O17: =SUM(L17:N17) -> 0 | T17: =SUM(Q17:S17) -> 0 | V17: =L17+Q17 -> 0 | W17: =M17+R17 -> 0 | X17: =N17+S17 -> 0 | Y17: =SUM(V17:X17) -> 0 | Z17: =P17+U17 -> 0 | AE17: =IF(Y17-Z17=0,"",(AD17-Y17+Z17)/(Y17-Z17)*100) | BK17: =BI17+BF17+BE17 -> 0 | BM17: =IFERROR((BK17-Y17+Z17)/(Y17-Z17)*100,"")
A18: =IF(B18="","",ROW()-7) | O18: =SUM(L18:N18) -> 0 | T18: =SUM(Q18:S18) -> 0 | V18: =L18+Q18 -> 0 | W18: =M18+R18 -> 0 | X18: =N18+S18 -> 0 | Y18: =SUM(V18:X18) -> 0 | Z18: =P18+U18 -> 0 | AE18: =IF(Y18-Z18=0,"",(AD18-Y18+Z18)/(Y18-Z18)*100) | BK18: =BI18+BF18+BE18 -> 0 | BM18: =IFERROR((BK18-Y18+Z18)/(Y18-Z18)*100,"")
A19: =IF(B19="","",ROW()-7) | O19: =SUM(L19:N19) -> 0 | T19: =SUM(Q19:S19) -> 0 | V19: =L19+Q19 -> 0 | W19: =M19+R19 -> 0 | X19: =N19+S19 -> 0 | Y19: =SUM(V19:X19) -> 0 | Z19: =P19+U19 -> 0 | AE19: =IF(Y19-Z19=0,"",(AD19-Y19+Z19)/(Y19-Z19)*100) | BK19: =BI19+BF19+BE19 -> 0 | BM19: =IFERROR((BK19-Y19+Z19)/(Y19-Z19)*100,"")
... A27: =IF(B27="","",ROW()-7) | O27: =SUM(L27:N27) -> 0 | T27: =SUM(Q27:S27) -> 0 | V27: =L27+Q27 -> 0 | W27: =M27+R27 -> 0 | X27: =N27+S27 -> 0 | Y27: =SUM(V27:X27) -> 0 | Z27: =P27+U27 -> 0 | AE27: =IF(Y27-Z27=0,"",(AD27-Y27+Z27)/(Y27-Z27)*100) | BK27: =BI27+BF27+BE27 -> 0 | BM27: =IFERROR((BK27-Y27+Z27)/(Y27-Z27)*100,"")
A28: 在建工程－设备在建工程合计 | O28: =SUM(O8:O27) -> 0 | P28: =SUM(P8:P27) -> 0 | T28: =SUM(T8:T27) -> 0 | U28: =SUM(U8:U27) -> 0 | Y28: =SUM(Y8:Y27) -> 0 | Z28: =SUM(Z8:Z27) -> 0 | AD28: =SUM(AD8:AD27) -> 0 | BK28: =BI28+BF28+BE28 -> 0 | BM28: =IFERROR((BK28-Y28+Z28)/(Y28-Z28)*100,"")
A29: 减：在建设备安装工程减值准备 | O29: =P28 -> 0 | T29: =U28 -> 0 | Y29: =Z28 -> 0 | BK29: =BI29+BF29+BE29 -> 0 | BM29: =IFERROR((BK29-Y29+Z29)/(Y29-Z29)*100,"")
A30: 在建工程－设备在建工程净额 | O30: =O28-O29 -> 0 | T30: =T28-T29 -> 0 | Y30: =Y28-Y29 -> 0 | AD30: =AD28 -> 0 | AE30: =IF(Y30=0,"",(AD30-Y30)/Y30*100) | BK30: =BI30+BF30+BE30 -> 0 | BM30: =IFERROR((BK30-Y30+Z30)/(Y30-Z30)*100,"")
A31: =基本信息输入表!$K$6&"填表人："&基本信息输入表!$M$58 -> 产权持有单位填表人：王若初 | AD31: ="评估人员："&基本信息输入表!$Q$58 -> 评估人员：王秀红
A32: ="填表日期："&YEAR(基本信息输入表!$O$58)&"年"&MONTH(基本信息输入表!$O$58)&"月"&DAY(基本信息输入表!$O$58)&"日" -> 填表日期：2021年11月29日
AG33: 打印边界

Sheet 4-8工程物资
A1: 返回索引目录
A2: 工程物资评估明细表
A3: ="评估基准日："&TEXT(基本信息输入表!M7,"yyyy年mm月dd日") -> 评估基准日：2023年01月31日
T4: 表4-8
A5: =基本信息输入表!K6&"："&基本信息输入表!M6 -> 产权持有单位：山东烟草投资管理有限公司 | U5: 金额单位：人民币元 | W5: 1、企业资料 | AD5: 2、现场调查 | AP5: 3、评定估算 | AY5: 4、结果分析
A6: 序号 | B6: 名称 | C6: 工程项目 | D6: 计量 单位 | E6: 审计前账面价值 | H6: 审计前计提减值准备金额 | I6: 审计调整 | L6: 审计调整计提减值准备金额 | M6: 账面价值 | P6: 计提减值准备金额 | Q6: 评估价值 | T6: 增值率 % | U6: 备注 | W6: 账册 | X6: 合同 协议 | Y6: 发票 | Z6: 单据 凭证 | AA6: 情况 说明 | AB6: 其他资料 | AD6: 调查程序 | AJ6: 账实核实情况 | AL6: 权属核实情况 | AN6: 其他特殊事项说明 | AP6: 评估方法 | AQ6: 评估依据 | AS6: 估算过程 及参数选取（可以根据资产实际情况调整测算过程） | AW6: 评估价值 | AY6: 增减值率％ | AZ6: 增减值原因 | BA6: 特别事项说明
E7: 数量 | F7: 单价 | G7: 金额 | I7: 数量 | J7: 单价 | K7: 金额 | M7: 数量 | N7: 单价 | O7: 金额 | Q7: 实际数量 | R7: 单价 | S7: 金额 | AD7: 访谈 | AE7: 核实 | AF7: 盘点 | AG7: 权属核对 | AH7: 受限处理 | AI7: 其他 | AJ7: 核实结果 | AK7: 账实说明 | AL7: 核实结果 | AM7: 权属说明 | AQ7: 取价依据 | AR7: 依据补充说明 | AS7: 购置价（不含税） | AT7: 运杂费率
A8: =IF(B8="","",ROW()-7) | M8: =E8+I8 -> 0 | N8: =IFERROR(O8/M8,"") | O8: =G8+K8 -> 0 | P8: =H8+L8 -> 0 | S8: =Q8*R8 -> 0 | T8: =IF(O8-P8=0,"",(S8-O8+P8)/(O8-P8)*100) | AY8: =IFERROR((AW8-O8+P8)/(O8-P8)*100,"")
A9: =IF(B9="","",ROW()-7) | M9: =E9+I9 -> 0 | N9: =IFERROR(O9/M9,"") | O9: =G9+K9 -> 0 | P9: =H9+L9 -> 0 | S9: =Q9*R9 -> 0 | T9: =IF(O9-P9=0,"",(S9-O9+P9)/(O9-P9)*100) | AY9: =IFERROR((AW9-O8+P8)/(O8-P8)*100,"")
A10: =IF(B10="","",ROW()-7) | M10: =E10+I10 -> 0 | N10: =IFERROR(O10/M10,"") | O10: =G10+K10 -> 0 | P10: =H10+L10 -> 0 | S10: =Q10*R10 -> 0 | T10: =IF(O10-P10=0,"",(S10-O10+P10)/(O10-P10)*100) | AY10: =IFERROR((AW10-O9+P9)/(O9-P9)*100,"")
A11: =IF(B11="","",ROW()-7) | M11: =E11+I11 -> 0 | N11: =IFERROR(O11/M11,"") | O11: =G11+K11 -> 0 | P11: =H11+L11 -> 0 | S11: =Q11*R11 -> 0 | T11: =IF(O11-P11=0,"",(S11-O11+P11)/(O11-P11)*100) | AY11: =IFERROR((AW11-O10+P10)/(O10-P10)*100,"")
A12: =IF(B12="","",ROW()-7) | M12: =E12+I12 -> 0 | N12: =IFERROR(O12/M12,"") | O12: =G12+K12 -> 0 | P12: =H12+L12 -> 0 | S12: =Q12*R12 -> 0 | T12: =IF(O12-P12=0,"",(S12-O12+P12)/(O12-P12)*100) | AY12: =IFERROR((AW12-O11+P11)/(O11-P11)*100,"")
A13: =IF(B13="","",ROW()-7) | M13: =E13+I13 -> 0 | N13: =IFERROR(O13/M13,"") | O13: =G13+K13 -> 0 | P13: =H13+L13 -> 0 | S13: =Q13*R13 -> 0 | T13: =IF(O13-P13=0,"",(S13-O13+P13)/(O13-P13)*100) | AY13: =IFERROR((AW13-O12+P12)/(O12-P12)*100,"")
A14: =IF(B14="","",ROW()-7) | M14: =E14+I14 -> 0 | N14: =IFERROR(O14/M14,"") | O14: =G14+K14 -> 0 | P14: =H14+L14 -> 0 | S14: =Q14*R14 -> 0 | T14: =IF(O14-P14=0,"",(S14-O14+P14)/(O14-P14)*100) | AY14: =IFERROR((AW14-O13+P13)/(O13-P13)*100,"")
A15: =IF(B15="","",ROW()-7) | M15: =E15+I15 -> 0 | N15: =IFERROR(O15/M15,"") | O15: =G15+K15 -> 0 | P15: =H15+L15 -> 0 | S15: =Q15*R15 -> 0 | T15: =IF(O15-P15=0,"",(S15-O15+P15)/(O15-P15)*100) | AY15: =IFERROR((AW15-O14+P14)/(O14-P14)*100,"")
A16: =IF(B16="","",ROW()-7) | M16: =E16+I16 -> 0 | N16: =IFERROR(O16/M16,"") | O16: =G16+K16 -> 0 | P16: =H16+L16 -> 0 | S16: =Q16*R16 -> 0 | T16: =IF(O16-P16=0,"",(S16-O16+P16)/(O16-P16)*100) | AY16: =IFERROR((AW16-O15+P15)/(O15-P15)*100,"")
A17: =IF(B17="","",ROW()-7) | M17: =E17+I17 -> 0 | N17: =IFERROR(O17/M17,"") | O17: =G17+K17 -> 0 | P17: =H17+L17 -> 0 | S17: =Q17*R17 -> 0 | T17: =IF(O17-P17=0,"",(S17-O17+P17)/(O17-P17)*100) | AY17: =IFERROR((AW17-O16+P16)/(O16-P16)*100,"")
A18: =IF(B18="","",ROW()-7) | M18: =E18+I18 -> 0 | N18: =IFERROR(O18/M18,"") | O18: =G18+K18 -> 0 | P18: =H18+L18 -> 0 | S18: =Q18*R18 -> 0 | T18: =IF(O18-P18=0,"",(S18-O18+P18)/(O18-P18)*100) | AY18: =IFERROR((AW18-O17+P17)/(O17-P17)*100,"")
A19: =IF(B19="","",ROW()-7) | M19: =E19+I19 -> 0 | N19: =IFERROR(O19/M19,"") | O19: =G19+K19 -> 0 | P19: =H19+L19 -> 0 | S19: =Q19*R19 -> 0 | T19: =IF(O19-P19=0,"",(S19-O19+P19)/(O19-P19)*100) | AY19: =IFERROR((AW19-O18+P18)/(O18-P18)*100,"")
A20: =IF(B20="","",ROW()-7) | M20: =E20+I20 -> 0 | N20: =IFERROR(O20/M20,"") | O20: =G20+K20 -> 0 | P20: =H20+L20 -> 0 | S20: =Q20*R20 -> 0 | T20: =IF(O20-P20=0,"",(S20-O20+P20)/(O20-P20)*100) | AY20: =IFERROR((AW20-O19+P19)/(O19-P19)*100,"")
... A27: =IF(B27="","",ROW()-7) | M27: =E27+I27 -> 0 | N27: =IFERROR(O27/M27,"") | O27: =G27+K27 -> 0 | P27: =H27+L27 -> 0 | S27: =Q27*R27 -> 0 | T27: =IF(O27-P27=0,"",(S27-O27+P27)/(O27-P27)*100) | AY27: =IFERROR((AW27-O26+P26)/(O26-P26)*100,"")
A28: 工程物资合计 | E28: =SUM(E8:E27) -> 0 | G28: =SUM(G8:G27) -> 0 | H28: =SUM(H8:H27) -> 0 | I28: =SUM(I8:I27) -> 0 | K28: =SUM(K8:K27) -> 0 | L28: =SUM(L8:L27) -> 0 | M28: =SUM(M8:M27) -> 0 | O28: =SUM(O8:O27) -> 0 | P28: =SUM(P8:P27) -> 0 | S28: =SUM(S8:S26) -> 0 | T28: =IF(O28-P28=0,"",(S28-O28+P28)/(O28-P28)*100) | AY28: =IFERROR((AW28-O27+P27)/(O27-P27)*100,"")
A29: 减：工程物资减值准备 | G29: =H28 -> 0 | K29: =L28 -> 0 | O29: =P28 -> 0 | AY29: =IFERROR((AW29-O28+P28)/(O28-P28)*100,"")
A30: 工程物资净额 | G30: =G28-G29 -> 0 | K30: =K28-K29 -> 0 | O30: =O28-O29 -> 0 | S30: =S28 -> 0 | T30: =IF(O30=0,"",(S30-O30)/O30*100) | AY30: =IFERROR((AW30-O29+P29)/(O29-P29)*100,"")
A31: =基本信息输入表!$K$6&"填表人："&基本信息输入表!$M$59 -> 产权持有单位填表人：王若初 | S31: ="评估人员："&基本信息输入表!$Q$59 -> 评估人员：王秀红
A32: ="填表日期："&YEAR(基本信息输入表!$O$59)&"年"&MONTH(基本信息输入表!$O$59)&"月"&DAY(基本信息输入表!$O$59)&"日" -> 填表日期：2021年11月29日
V33: 打印边界
